Workbook

Sheet PLAN DE NECESIDADES
B2: CLASIFICADOR POR OBJETO DEL GASTO | F2: NOMBRE CUENTA
B3: A-02-02-01-002-007 | F3: ARTÍCULOS TEXTILES (EXCEPTO PRENDAS DE VESTIR)
B4: ÍTEM | C4: CÓDIGO DANE | D4: DESCRIPCIÓN DEL BIEN Y/O SERVICIO | E4: UNIDAD MEDIDA | F4: EXISTENCIAS (STOCK - INVENTARIOS) | G4: NECESIDAD | H4: UNSPSC (CCE) | I4: CÓDIGO MATERIAL SAP | J4: CÓDIGO OTAN - NOC
B5: 1 | C5: 2791301 | D5: PARCHE DE IDENTIFICACIÓN PERSONAL: ESPECIFICACIONES TÉCNICAS DE ACUERDO NORMA TÉCNICA KIT DE DOTACIÓN NO. NTMD-0356 - A2 | E5: UNIDAD | F5: 0 | G5: 1 | H5: 11161701 | I5: 1047066 | J5: SIN CREAR
B6: 2 | C6: 2791301 | D6: PARCHE DE EJÉRCITO: ESPECIFICACIONES TÉCNICAS DE ACUERDO A LA NORMA TÉCNICA KIT DE DOTACIÓN. NO. NTMD-0356 - A2. | E6: UNIDAD | F6: 0 | G6: 1 | H6: 11161701 | I6: 1898472 | J6: SIN CREAR
B7: 3 | C7: 2791301 | D7: PARCHES DE LA UNIDAD SUPERIOR Y SUBALTERNA: ESPECIFICACIONES TÉCNICAS DE ACUERDO A LA NORMA TÉCNICA KIT DE DOTACIÓN N°. NTMD-0356 - A2. | E7: UNIDAD | F7: 0 | G7: 1 | H7: 11161701 | I7: 1343999 | J7: SIN CREAR
B8: 4 | C8: 2791301 | D8: BANDERA DE IDENTIFICACIÓN COLOMBIA: PARA UNIFORME DE COMBATE CAMUFLADO TIPO SELVA "CAMALEÓN" ESPECIFICACIONES TÉCNICAS DE ACUERDO AL BOLETÍN N°.001 ESTANDARIZACIÓN DE LA BANDERA DE IDENTIFICACIÓN EMPLEADA EN EL UNIFORME Nº4 Y 4A DEL PATRÓN DE CAMUFLAJE TERRESTRE "CAMALEÓN". | E8: UNIDAD | F8: 0 | G8: 1 | H8: 11161701 | I8: 1347326 | J8: SIN CREAR
B9: 5 | C9: 2791301 | D9: PARCHE PARA IDENTIFICACIÓN GRUPO SANGUÍNEO: ESPECIFICACIONES TÉCNICAS DE ACUERDO A LA NORMA TÉCNICA KIT DE DOTACIÓN N°. NTMD-0356 - A2. | E9: UNIDAD | F9: 0 | G9: 1 | H9: 11161701 | I9: 1143174 | J9: SIN CREAR
B10: 6 | C10: 2791301 | D10: INSIGNIA DEL GRADO SOLDADO: ESPECIFICACIONES TÉCNICAS DE ACUERDO A LA NORMA TÉCNICA KIT DE DOTACIÓN N°. NTMD-0356 - A2. | E10: JUEGO | F10: 0 | G10: 1 | H10: 11161701 | I10: 1047424 | J10: SIN CREAR
B11: 7 | C11: 2791301 | D11: BRAZALETES TÁCTICOS X JUEGO DE 4: ESPECIFICACIONES TÉCNICAS DE ACUERDO A LA NORMA TÉCNICA KIT DE DOTACIÓN N°. NTMD-0356 - A2. | E11: JUEGO | F11: 0 | G11: 1 | H11: 11161701 | I11: 1248964 | J11: 8455-80-0011302
B12: 8 | C12: 2791301 | D12: OJOS DE GATO: ESPECIFICACIONES TÉCNICAS DE ACUERDO A LA NORMA TÉCNICA KIT DE DOTACIÓN N°. NTMD-0356 - A2. | E12: UNIDAD | F12: 0 | G12: 1 | H12: 11161701 | I12: 1082391 | J12: SIN CREAR
B13: 9 | C13: 2792201 | D13: LIGAS PARA BOTA MANGA PANTALÓN CAMUFLADO: ESPECIFICACIONES TÉCNICAS DE ACUERDO A LA NORMA TÉCNICA KIT DE DOTACIÓN N°. NTMD-0356 - A2. | E13: PAR | F13: 0 | G13: 1 | H13: 53102509 | I13: 1127360 | J13: 8440-80-0011394
B14: 10 | C14: 2712007 | D14: PAÑUELO: ESPECIFICACIONES TÉCNICAS DE ACUERDO A LA NORMA TÉCNICA KIT DE DOTACIÓN N°. NTMD-0356 - A2. | E14: UNIDAD | F14: 0 | G14: 1 | H14: 53102512 | I14: 1316012 | J14: 8440-80-0011303
B15: 11 | C15: 2799701 | D15: BOLSO PARA ÚTILES DE ASEO: ESPECIFICACIONES TÉCNICAS DE ACUERDO A LA NORMA TÉCNICA KIT DE DOTACIÓN N°. NTMD-0356 - A2. | E15: UNIDAD | F15: 0 | G15: 1 | H15: 53121503 | I15: 1082376 | J15: SIN CREAR
B16: 12 | C16: 2732099 | D16: MALLA PARA CABELLO COLOR NEGRO DE ACUERDO A ESPECIFICACIONES TÉCNICAS JEMPP-CEDE4-DIETE-ET-04937/INT-0 | E16: UNIDAD | F16: 0 | G16: 1 | H16: 53102513 | I16: 1893958 | J16: SIN CREAR
B18: CLASIFICADOR POR OBJETO DEL GASTO | F18: NOMBRE CUENTA
B19: A-02-02-01-002-008 | F19: DOTACIÓN (PRENDAS DE VESTIR Y CALZADO)
B20: ÍTEM | C20: CÓDIGO DANE | D20: DESCRIPCIÓN DEL BIEN Y/O SERVICIO | E20: UNIDAD MEDIDA | F20: EXISTENCIAS (STOCK - INVENTARIOS) | G20: NECESIDAD | H20: UNSPSC (CCE) | I20: CÓDIGO MATERIAL SAP | J20: CÓDIGO OTAN - NOC
B21: 13 | C21: 2821001 | D21: CALCETÍN COLOR BLANCO PARA DEPORTES: EL CALCETÍN DEBE SER ELABORADO EN POLIAMIDA CON TEJIDO ACANALADO 3X1 PARA LA PARTE DE LA CAÑA Y PARA EL PIE, CON UN TEJIDO TIPO TERRY EN EL INTERIOR Y PUEDE SER EN FIBRA ANTIBACTERIAL DESDE LA PARTE ALTA DEL TALÓN, LA PLANTA DEL PIE, LA PUNTERA Y SU ANILLO. EL CALCETÍN LLEVA UNA BANDA ELÁSTICA TEJIDA EN EL CONTORNO DEL ARCO DE LA PLANTA Y EMPEINE PARA EVITAR QUE EL CALCETÍN SE DESLICE, ESPECIFICACIONES SEGÚN NORMA TÉCNICA NO. NTMD-0356 A2 DE ACUERDO A ÍTEM 3.1.2.7 | E21: PAR | F21: 0 | G21: 1 | H21: 53102402 | I21: 1495276 | J21: SIN CREAR
B22: 14 | C22: 2823601 | D22: UNIFORME DE DEPORTES COMPLETO (CAMISETA Y PANTALONETA): DE ACUERDO A NORMA TÉCNICA NO. NTMD-0356 A2 DE ACUERDO A ÍTEM 3.1.2.7 FIGURA ILUSTRATIVA 37 | E22: UNIDAD | F22: 0 | G22: 1 | H22: 53102700 | I22: 1329412 | J22: SIN CREAR
B23: 15 | C23: 2819003 | D23: CHANCLAS PARA BAÑO: PUEDEN ESTAR FABRICADAS EN CAUCHO, PVC (POLÍMERO DE CLORURO DE VINILO) O EN EVA (ETILENVINILACETATO), EN UNA SOLO PIEZA POR PROCESO DE INYECCIÓN CON MATERIALES NO RECICLADOS Y QUE NO GENEREN ALERGIAS O CUALQUIER OTRO TIPO DE ENFERMEDAD AL USUARIO POR SU USO NORMAL, SEGÚN NORMA TÉCNICA NO. NTMD-0356 A2 ÍTEM 3.1.1.20 | E23: PAR | F23: 0 | G23: 1 | H23: 53111800 | I23: 1296725 | J23: SIN CREAR
B24: 16 | C24: 2823603 | D24: BICICLETERO NEGRO CORTO: DE ACUERDO A ESPECIFICACIONES TÉCNICAS ESPECIFICACIONES TÉCNICAS NO JEMPP-CEDE4-DIETE-ET05595/INT-0 | E24: UNIDAD | F24: 0 | G24: 1 | H24: 53101500 | I24: 1893955 | J24: SIN CREAR
B25: 17 | C25: 2822401 | D25: JUEGO DE ROPA INTERIOR (TOP-CACHETERO) DE ACUERDO A ESPECIFICACIONES TÉCNICAS N° JEMPP-CEDE4-DIETE-ET05573/INT-01 | E25: UNIDAD | F25: 0 | G25: 1 | H25: 53102300 | I25: 1702099 | J25: SIN CREAR
B27: CLASIFICADOR POR OBJETO DEL GASTO | F27: NOMBRE CUENTA
B28: A-02-02-01-003-002 | F28: PASTA O PULPA, PAPEL Y PRODUCTOS DE PAPEL; IMPRESOS Y ARTÍCULOS SIMILARES
B29: ÍTEM | C29: CÓDIGO DANE | D29: DESCRIPCIÓN DEL BIEN Y/O SERVICIO | E29: UNIDAD MEDIDA | F29: EXISTENCIAS (STOCK - INVENTARIOS) | G29: NECESIDAD | H29: UNSPSC (CCE) | I29: CÓDIGO MATERIAL SAP | J29: CÓDIGO OTAN - NOC
B30: 18 | C30: 3270109 | D30: CUADERNO PARA ESCRITURA: DEBE SER COSIDO, GRAPADO O ARGOLLADO CON PASTA PLASTIFICADA DURA O BLANDA DE MÍNIMO 100 HOJAS DE COLOR BLANCO, ESPECIFICACIONES SEGÚN NORMA TÉCNICA N°. NTMD-0356 A2 ÍTEM 3.1.1.18 | E30: UNIDAD | F30: 0 | G30: 1 | H30: 14111514 | I30: 1277866 | J30: 7530-80-0011305
B31: 19 | C31: 3219302 | D31: PAPEL HIGIÉNICO TRIPLE HOJA: PRESENTACIÓN DE ROLLO TRIPLE HOJA CON UNA LONGITUD MÍNIMA DE 35 METROS, COLOR BLANCO, ABSORBENTE, RESISTENTE, SUAVE Y EMPACADO INDIVIDUALMENTE DE TAL MANERA QUE SUS CONDICIONES NO SE AFECTEN HASTA LLEGAR AL USUARIO FINA ESPECIFICACIONES SEGÚN NORMA TÉCNICA NO. NTMD-0356 A2 ÍTEM 3.1.1.10 | E31: UNIDAD | F31: 0 | G31: 1 | H31: 14111704 | I31: 1632379 | J31: 8540-80-0011398
B32: 20 | C32: 3219308 | D32: TOALLAS HIGIÉNICAS MUJER CON ALAS: ESPECIFICACIONES DE ACUERDO A NTC-3604 | E32: PAQUETE | F32: 0 | G32: 1 | H32: 52121700 | I32: 1476323 | J32: SIN CREAR
B34: CLASIFICADOR POR OBJETO DEL GASTO | F34: NOMBRE CUENTA
B35: A-02-02-01-003-005 | F35: OTROS PRODUCTOS QUÍMICOS; FIBRAS ARTIFICIALES (O FIBRAS INDUSTRIALES HECHAS POR EL HOMBRE)
B36: ÍTEM | C36: CÓDIGO DANE | D36: DESCRIPCIÓN DEL BIEN Y/O SERVICIO | E36: UNIDAD MEDIDA | F36: EXISTENCIAS (STOCK - INVENTARIOS) | G36: NECESIDAD | H36: UNSPSC (CCE) | I36: CÓDIGO MATERIAL SAP | J36: CÓDIGO OTAN - NOC
B37: 21 | C37: 3533301 | D37: BETÚN: NEGRO 125 GRAMOS ESPECIFICACIONES SEGÚN NORMA TÉCNICA NO. NTMD-0356 A2 ÍTEM 3.1.1.14 | E37: UNIDAD | F37: 0 | G37: 1 | H37: 47131809 | I37: 1048274 | J37: SIN CREAR
B38: 22 | C38: 3532315 | D38: TALCOS PARA PIES : DE 85 GRAMOS ESPECIFICACIONES SEGÚN NORMA TÉCNICA NO. NTMD-0356 A2 ÍTEM 3.1.1.6 | E38: UNIDAD | F38: 0 | G38: 1 | H38: 53131614 | I38: 1291103 | J38: 8510-80-0011397
B39: 23 | C39: 3532308 | D39: CREMA DENTAL: DE 100 ML ESPECIFICACIONES SEGÚN NORMA TÉCNICA NO. NTMD-0356 A2 ÍTEM 3.1.1.3 | E39: UNIDAD | F39: 0 | G39: 1 | H39: 53131502 | I39: 1013968 | J39: 8520-80-0011399
B40: 24 | C40: 3532324 | D40: DESODORANTE ANTITRASPIRANTE: ESPECIFICACIONES TÉCNICAS DE ACUERDO A LA NORMA TÉCNICA KIT DE DOTACIÓN NO. NTMD-0356 A2 ÍTEM 3.1.1.7 | E40: UNIDAD | F40: 0 | G40: 1 | H40: 53131606 | I40: 1013944 | J40: 8510-80-0011400
B41: 25 | C41: 3532324 | D41: DESODORANTE ANTITRANSPIRANTE PARA MUJER: DE 80 GRAMOS, ESPECIFICACIONES SEGÚN NORMA TÉCNICA NO. NTMD-0356 A2 ÍTEM 3.1.1.7 | E41: UNIDAD | F41: 0 | G41: 1 | H41: 53131606 | I41: 1476318 | J41: 8510-80-0011400
B42: 26 | C42: 3532105 | D42: JABÓN DE BAÑO ANTIBACTERIAL 130 GRAMOS: ESPECIFICACIONES SEGÚN NORMA TÉCNICA NO. NTMD-0356 A2 ÍTEM 3.1.1.8 | E42: UNIDAD | F42: 0 | G42: 1 | H42: 53131608 | I42: 1013955 | J42: 8520-80-0011401
B43: 27 | C43: 3532101 | D43: JABÓN PARA LAVAR ROPA: DE 300 GRAMOS, ESPECIFICACIONES SEGÚN NORMA TÉCNICA NO. NTMD-0356 A2 ÍTEM 3.1.1.13 | E43: UNIDAD | F43: 0 | G43: 1 | H43: 47131811 | I43: 1298675 | J43: 7930-80-0011405
B45: CLASIFICADOR POR OBJETO DEL GASTO | F45: NOMBRE CUENTA
B46: A-02-02-01-003-006 | F46: PRODUCTOS DE CAUCHO Y PLÁSTICO
B47: ÍTEM | C47: CÓDIGO DANE | D47: DESCRIPCIÓN DEL BIEN Y/O SERVICIO | E47: UNIDAD MEDIDA | F47: EXISTENCIAS (STOCK - INVENTARIOS) | G47: NECESIDAD | H47: UNSPSC (CCE) | I47: CÓDIGO MATERIAL SAP | J47: CÓDIGO OTAN - NOC
B48: 28 | C48: 3699056 | D48: PROTECTORES AUDITIVOS: DEBEN SER PRES MOLDEADOS DE TIPO TAPÓN, SE DEBEN AJUSTAR AL CANAL AUDITIVO DE CASI TODAS LAS PERSONAS. DEBEN LLEVAR TRIPLE REBORDE CON DISEÑO DE FÁCIL INSERCIÓN: ESPECIFICACIONES SEGÚN NORMA TÉCNICA NO. NTMD-0356 A2 ÍTEM 3.1.1.1 | E48: UNIDAD | F48: 0 | G48: 1 | H48: 46181902 | I48: 1447319 | J48: 6515-80-0011408
B49: 29 | C49: 3694006 | D49: JABONERA: PLÁSTICA CAPACIDAD JABÓN 130 GRAMOS ESPECIFICACIONES SEGÚN NORMA TÉCNICA NO. NTMD-0356 A2 ÍTEM 3.1.1.9 | E49: UNIDAD | F49: 0 | G49: 1 | H49: 30181601 | I49: 1082381 | J49: 8530-80-0011402
B50: 30 | C50: 3649006 | D50: PORTA CEPILLO DE DIENTES: ELABORADO EN PLÁSTICO ESPECIFICACIONES SEGÚN NORMA TÉCNICA NO. NTMD-0356 A2 ÍTEM 3.1.1.11 | E50: UNIDAD | F50: 0 | G50: 1 | H50: 53121800 | I50: 1330024 | J50: 4510-80-0011407
B52: CLASIFICADOR POR OBJETO DEL GASTO | F52: NOMBRE CUENTA
B53: A-02-02-01-003-008 | F53: OTROS BIENES TRANSPORTABLES N.C.P.
B54: ÍTEM | C54: CÓDIGO DANE | D54: DESCRIPCIÓN DEL BIEN Y/O SERVICIO | E54: UNIDAD MEDIDA | F54: EXISTENCIAS (STOCK - INVENTARIOS) | G54: NECESIDAD | H54: UNSPSC (CCE) | I54: CÓDIGO MATERIAL SAP | J54: CÓDIGO OTAN - NOC
B55: 31 | C55: 3899307 | D55: CEPILLO DENTAL (DUREZA CERDAS MEDIA O SUAVE): DEBE ESTAR CONFORMADO POR UNA CABEZA QUE CONTENGA CONJUNTOS DE PENACHOS COMPUESTOS POR CERDAS UNIDAS FUERTEMENTE Y UN MANGO PARA SER OPERADO MANUALMENTE. SUS SUPERFICIES DEBEN TENER APARIENCIA UNIFORME ESPECIFICACIONES SEGÚN NORMA TÉCNICA N°. NTMD-0356 A2 ÍTEM 3.1.1.2 | E55: UNIDAD | F55: 0 | G55: 1 | H55: 53131503 | I55: 1349993 | J55: 8530-80-0011406
B56: 32 | C56: 3899402 | D56: PEINILLA: (LARGO: 120 MM ± 5 MM; ALTO: 28 MM ± 5 MM), ESPECIFICACIONES SEGÚN NORMA TÉCNICA NO. NTMD-0356 A2 ÍTEM 3.1.1.12 | E56: UNIDAD | F56: 0 | G56: 1 | H56: 53131604 | I56: 1082385 | J56: 8530-80-0011404
B57: 33 | C57: 3899306 | D57: CEPILLOS GRANDE Y PEQUEÑO PARA BRILLAR CALZADO: DEBE ESTAR CONFORMADO POR UN MANGO Y UNA BASE, SOBRE LA CUAL SE FIJAN LAS CERDAS, APTOS PARA LIMPIAR, LAVAR, BRILLAR O BARRER, ESPECIFICACIONES SEGÚN NORMA TÉCNICA NO. NTMD-0356 A2 ÍTEM 3.1.1.16 | E57: UNIDAD | F57: 0 | G57: 1 | H57: 27113000 | I57: 1017232 | J57: 7920-80-0011395
B58: 34 | C58: 3891103 | D58: LAPICERO: (14 CM DE LONGITUD Y 7 MM DE DIÁMETRO), ESPECIFICACIONES SEGÚN NORMA TÉCNICA NO. NTMD-0356 A2 ÍTEM 3.1.1.19 | E58: UNIDAD | F58: 0 | G58: 1 | H58: 44121701 | I58: 1749319 | J58: SIN CREAR
B60: CLASIFICADOR POR OBJETO DEL GASTO | F60: NOMBRE CUENTA
B61: A-02-02-01-004-002 | F61: PRODUCTOS METÁLICOS ELABORADOS (EXCEPTO MAQUINARIA Y EQUIPO)
B62: ÍTEM | C62: CÓDIGO DANE | D62: DESCRIPCIÓN DEL BIEN Y/O SERVICIO | E62: UNIDAD MEDIDA | F62: EXISTENCIAS (STOCK - INVENTARIOS) | G62: NECESIDAD | H62: UNSPSC (CCE) | I62: CÓDIGO MATERIAL SAP | J62: CÓDIGO OTAN - NOC
B63: 35 | C63: 4291403 | D63: MAQUINA PARA AFEITAR: DESECHABLE, MÍNIMO TRIPLE HOJA, DEBE TENER BANDA LUBRICANTE ESPECIFICACIONES SEGÚN NORMA TÉCNICA NO. NTMD-0356 A2 ÍTEM 3.1.1.4 | E63: UNIDAD | F63: 0 | G63: 1 | H63: 53131603 | I63: 1266905 | J63: SIN CREAR
B64: 36 | C64: 4299206 | D64: CANDADO: AALTO 60 MM ± 5 MM ANCHO 35 MM ± 5 MM, ESPECIFICACIONES SEGÚN NORMA TÉCNICA NO. NTMD-0356 A2 ÍTEM 3.1.1.15 | E64: UNIDAD | F64: 0 | G64: 1 | H64: 46171501 | I64: 1448704 | J64: 5340-80-0011396
B65: 37 | C65: 4291502 | D65: CORTA UÑAS: 80 MM DE LONGITUD ESPECIFICACIONES SEGÚN NORMA TÉCNICA NO. NTMD-0356 A2 ÍTEM 3.1.1.17 | E65: UNIDAD | F65: 0 | G65: 1 | H65: 53131621 | I65: 1315903 | J65: 8530-80-0011403
B66: 38 | C66: 4299904 | D66: PLACAS DE IDENTIFICACIÓN: DEBE CONTAR CON UN ESPESOR DE 1 MM. LOS EXTREMOS SERÁN EN SEMICÍRCULO Y UNO DE ELLOS TENDRÁ UNA PERFORACIÓN DE 4 MM ±0.5 MMDE DIÁMETRO PARA LAS CADENAS. LA CADENA LARGA TENDRÁ UNA LONGITUD DE 630MM ± 10MM, Y LA CORTA, 100 MM ± 5 MM., ESPECIFICACIONES SEGÚN NORMA TÉCNICA NO. NTMD-0356 A2 ÍTEMS 3.1.2.3 | E66: JUEGO | F66: 0 | G66: 1 | H66: 60101717 | I66: 1108870 | J66: 8465-80-0011304

Sheet PRESUPUESTO CONSOLIDADO
B2: ARTICULO PRESUPUESTAL (SIIF NACIÓN) | C2: RECURSO | D2: DESCRIPCIÓN DEL RUBRO | E2: VALOR APROXIMADO DE LA NECESIDAD | F2: PRESUPUESTO A UTILIZAR | G2: SALDO
B3: =PRESUPUESTO!B51 -> A-02-02-01-002-007 | C3: =PRESUPUESTO!C51 -> 10 | D3: =PRESUPUESTO!D51 -> ARTÍCULOS TEXTILES (EXCEPTO PRENDAS DE VESTIR) | E3: =PRESUPUESTO!G66 -> 1.4926446e+08 | F3: =PRESUPUESTO!H66 -> 0 | G3: =PRESUPUESTO!I66 -> 0
B4: =PRESUPUESTO!B69 -> A-02-02-01-002-008 | C4: =PRESUPUESTO!C69 -> 10 | D4: =PRESUPUESTO!D69 -> DOTACIÓN (PRENDAS DE VESTIR Y CALZADO) | E4: =PRESUPUESTO!G84 -> 1.1017241e+08 | F4: =PRESUPUESTO!H84 -> 0 | G4: =PRESUPUESTO!I84 -> 0
B5: =PRESUPUESTO!B87 -> A-02-02-01-003-002 | C5: =PRESUPUESTO!C87 -> 10 | D5: =PRESUPUESTO!D87 -> PASTA O PULPA, PAPEL Y PRODUCTOS DE PAPEL; IMPRESOS Y ARTÍCULOS SIMILARES | E5: =PRESUPUESTO!G102 -> 17181908 | F5: =PRESUPUESTO!H102 -> 0 | G5: =PRESUPUESTO!I102 -> 0
B6: =PRESUPUESTO!B105 -> A-02-02-01-003-005 | C6: =PRESUPUESTO!C105 -> 10 | D6: =PRESUPUESTO!D105 -> OTROS PRODUCTOS QUÍMICOS; FIBRAS ARTIFICIALES (O FIBRAS INDUSTRIALES HECHAS POR EL HOMBRE) | E6: =PRESUPUESTO!G120 -> 76633232 | F6: =PRESUPUESTO!H120 -> 0 | G6: =PRESUPUESTO!I120 -> 0
B7: =PRESUPUESTO!B123 -> A-02-02-01-003-006 | C7: =PRESUPUESTO!C123 -> 10 | D7: =PRESUPUESTO!D123 -> PRODUCTOS DE CAUCHO Y PLÁSTICO | E7: =PRESUPUESTO!G138 -> 10678304 | F7: =PRESUPUESTO!H138 -> 0 | G7: =PRESUPUESTO!I138 -> 0
B8: =PRESUPUESTO!B141 -> A-02-02-01-003-008 | C8: =PRESUPUESTO!C141 -> 10 | D8: =PRESUPUESTO!D141 -> OTROS BIENES TRANSPORTABLES N.C.P. | E8: =PRESUPUESTO!G156 -> 21384272 | F8: =PRESUPUESTO!H156 -> 0 | G8: =PRESUPUESTO!I156 -> 0
B9: =PRESUPUESTO!B159 -> A-02-02-01-004-002 | C9: =PRESUPUESTO!C159 -> 10 | D9: =PRESUPUESTO!D159 -> PRODUCTOS METÁLICOS ELABORADOS (EXCEPTO MAQUINARIA Y EQUIPO) | E9: =PRESUPUESTO!G174 -> 51156664 | F9: =PRESUPUESTO!H174 -> 0 | G9: =PRESUPUESTO!I174 -> 0
B10: TOTAL | E10: =SUM(E3:E9) -> 4.3647124e+08 | F10: =SUM(F3:F9) -> 0 | G10: =SUM(G3:G9) -> 0
O57: =SUMIFS(PRESUPUESTO!$G$87:$G$101,PRESUPUESTO!$E$87:$E$101,'CANTIDADES ADJUDICACIÓN'!AD3) -> 451638.72 | S57: =SUMIFS(PRESUPUESTO!$G$87:$G$101,PRESUPUESTO!$E$87:$E$101,'CANTIDADES ADJUDICACIÓN'!AH3) -> 1420371.1 | W57: =SUMIFS(PRESUPUESTO!$G$87:$G$101,PRESUPUESTO!$E$87:$E$101,'CANTIDADES ADJUDICACIÓN'!AL3) -> 1826191.4 | AA57: =SUMIFS(PRESUPUESTO!$G$87:$G$101,PRESUPUESTO!$E$87:$E$101,'CANTIDADES ADJUDICACIÓN'!AP3) -> 1420371.1 | AB57: =SUMIFS(PRESUPUESTO!$G$87:$G$101,PRESUPUESTO!$E$87:$E$101,'CANTIDADES ADJUDICACIÓN'!AQ3) -> 0 | AC57: =SUMIFS(PRESUPUESTO!$G$87:$G$101,PRESUPUESTO!$E$87:$E$101,'CANTIDADES ADJUDICACIÓN'!AR3) -> 0 | AD57: =SUMIFS(PRESUPUESTO!$G$87:$G$101,PRESUPUESTO!$E$87:$E$101,'CANTIDADES ADJUDICACIÓN'!AS3) -> 0 | AE57: =SUMIFS(PRESUPUESTO!$G$87:$G$101,PRESUPUESTO!$E$87:$E$101,'CANTIDADES ADJUDICACIÓN'!AT3) -> 1623281.2 | AI57: =SUMIFS(PRESUPUESTO!$G$87:$G$101,PRESUPUESTO!$E$87:$E$101,'CANTIDADES ADJUDICACIÓN'!AX3) -> 1623281.2 | AJ57: =SUMIFS(PRESUPUESTO!$G$87:$G$101,PRESUPUESTO!$E$87:$E$101,'CANTIDADES ADJUDICACIÓN'!AY3) -> 0 | AK57: =SUMIFS(PRESUPUESTO!$G$87:$G$101,PRESUPUESTO!$E$87:$E$101,'CANTIDADES ADJUDICACIÓN'!AZ3) -> 0 | AL57: =SUMIFS(PRESUPUESTO!$G$87:$G$101,PRESUPUESTO!$E$87:$E$101,'CANTIDADES ADJUDICACIÓN'!BA3) -> 0 | AM57: =SUMIFS(PRESUPUESTO!$G$87:$G$101,PRESUPUESTO!$E$87:$E$101,'CANTIDADES ADJUDICACIÓN'!BB3) -> 1826191.4 | AN57: =SUMIFS(PRESUPUESTO!$G$87:$G$101,PRESUPUESTO!$E$87:$E$101,'CANTIDADES ADJUDICACIÓN'!BC3) -> 0 | AO57: =SUMIFS(PRESUPUESTO!$G$87:$G$101,PRESUPUESTO!$E$87:$E$101,'CANTIDADES ADJUDICACIÓN'!BD3) -> 0 | AP57: =SUMIFS(PRESUPUESTO!$G$87:$G$101,PRESUPUESTO!$E$87:$E$101,'CANTIDADES ADJUDICACIÓN'!BE3) -> 0 | ... BV57: =SUMIFS(PRESUPUESTO!$G$87:$G$101,PRESUPUESTO!$E$87:$E$101,'CANTIDADES ADJUDICACIÓN'!CK3) -> 0 | BW57: =SUMIFS(PRESUPUESTO!$G:$G,PRESUPUESTO!$E:$E,'CANTIDADES ADJUDICACIÓN'!#REF!,PRESUPUESTO!$A:$A,1) -> 0 | BX57: =SUMIFS(PRESUPUESTO!$G$87:$G$101,PRESUPUESTO!$E$87:$E$101,'CANTIDADES ADJUDICACIÓN'!#REF!) -> 0 | BY57: =SUMIFS(PRESUPUESTO!$G$87:$G$101,PRESUPUESTO!$E$87:$E$101,'CANTIDADES ADJUDICACIÓN'!#REF!) -> 0 | BZ57: =SUMIFS(PRESUPUESTO!$G$87:$G$101,PRESUPUESTO!$E$87:$E$101,'CANTIDADES ADJUDICACIÓN'!#REF!) -> 0 | CA57: =SUMIFS(PRESUPUESTO!$G$87:$G$101,PRESUPUESTO!$E$87:$E$101,'CANTIDADES ADJUDICACIÓN'!#REF!) -> 0 | CB57: =SUMIFS(PRESUPUESTO!$G$87:$G$101,PRESUPUESTO!$E$87:$E$101,'CANTIDADES ADJUDICACIÓN'!#REF!) -> 0 | CC57: =SUMIFS(PRESUPUESTO!$G$87:$G$101,PRESUPUESTO!$E$87:$E$101,'CANTIDADES ADJUDICACIÓN'!#REF!) -> 0 | CD57: =SUMIFS(PRESUPUESTO!$G$87:$G$101,PRESUPUESTO!$E$87:$E$101,'CANTIDADES ADJUDICACIÓN'!#REF!) -> 0 | CE57: =SUMIFS(PRESUPUESTO!$G$87:$G$101,PRESUPUESTO!$E$87:$E$101,'CANTIDADES ADJUDICACIÓN'!#REF!) -> 0 | ... DV57: =SUMIFS(PRESUPUESTO!$G$87:$G$101,PRESUPUESTO!$E$87:$E$101,'CANTIDADES ADJUDICACIÓN'!#REF!) -> 0
A65: 1
A66: 1
A67: 1
A68: 1
A69: 1
A70: 1
A71: 1
A72: 1
A73: 1
A74: 1
A75: 1
A76: 1
... A92: 1

Sheet PRESUPUESTO
B2: UNIDAD | C2: 2° Contingente | D2: 3° Contingente | E2: 4° Contingente | F2: TOTAL | H2: UNIDAD | I2: KIT FEMENINO | J2: KIT MASCULINO | K2: TOTAL
B3: BAABS3 | C3: 31 | D3: 20 | E3: 18 | F3: =SUM(C3:E3) -> 69 | H3: BAABS3 | I3: 0 | J3: 69 | K3: =SUM(I3+J3) -> 69
B4: BAACA10 | C4: 93 | D4: 62 | E4: 62 | F4: =SUM(C4:E4) -> 217 | H4: BAACA10 | I4: 0 | J4: 217 | K4: =SUM(I4+J4) -> 217
B5: BAACA2 | C5: 93 | D5: 62 | E5: 124 | F5: =SUM(C5:E5) -> 279 | H5: BAACA2 | I5: 0 | J5: 279 | K5: =SUM(I5+J5) -> 279
B6: BAADA1 | C6: 93 | D6: 62 | E6: 62 | F6: =SUM(C6:E6) -> 217 | H6: BAADA1 | I6: 0 | J6: 217 | K6: =SUM(I6+J6) -> 217
B7: BAEEV2 | C7: 62 | D7: 62 | E7: 124 | F7: =SUM(C7:E7) -> 248 | H7: BAEEV2 | I7: 0 | J7: 248 | K7: =SUM(I7+J7) -> 248
B8: BAEEV3 | C8: 93 | D8: 93 | E8: 62 | F8: =SUM(C8:E8) -> 248 | H8: BAEEV3 | I8: 0 | J8: 248 | K8: =SUM(I8+J8) -> 248
B9: BAMMA7 | C9: 93 | D9: 124 | E9: 62 | F9: =SUM(C9:E9) -> 279 | H9: BAMMA7 | I9: 0 | J9: 279 | K9: =SUM(I9+J9) -> 279
B10: BASPC10 | C10: 0 | D10: 62 | E10: 63 | F10: =SUM(C10:E10) -> 125 | H10: BASPC10 | I10: 62 | J10: 63 | K10: =SUM(I10+J10) -> 125
B11: BASAC | C11: 0 | D11: 62 | E11: 0 | F11: =SUM(C11:E11) -> 62 | H11: BASAC | I11: 0 | J11: 62 | K11: =SUM(I11+J11) -> 62
B12: BICAR | C12: 93 | D12: 93 | E12: 93 | F12: =SUM(C12:E12) -> 279 | H12: BICAR | I12: 0 | J12: 279 | K12: =SUM(I12+J12) -> 279
B13: BIMOC70 | C13: 62 | D13: 62 | E13: 62 | F13: =SUM(C13:E13) -> 186 | H13: BIMOC70 | I13: 0 | J13: 186 | K13: =SUM(I13+J13) -> 186
B14: BITER10 | C14: 0 | D14: 16 | E14: 16 | F14: =SUM(C14:E14) -> 32 | H14: BITER10 | I14: 0 | J14: 32 | K14: =SUM(I14+J14) -> 32
... B17: GMRON | C17: 62 | D17: 62 | E17: 62 | F17: =SUM(C17:E17) -> 186 | H17: GMRON | I17: 0 | J17: 186 | K17: =SUM(I17+J17) -> 186
B18: TOTAL | C18: =SUM(C3:C17) -> 841 | D18: =SUM(D3:D17) -> 908 | E18: =SUM(E3:E17) -> 876 | F18: =SUM(C18:E18) -> 2625 | H18: TOTAL | I18: =SUM(I3:I17) -> 62 | J18: =SUM(J3:J17) -> 2563 | K18: =SUM(I18+J18) -> 2625
B20: KIT DE DOTACIÓN PARA SOLDADOS
B21: ARTICULO PRESUPUESTAL (SIIF NACIÓN) | C21: RECURSO | D21: DESCRIPCIÓN DEL RUBRO | E21: UNIDAD BENEFICIADA | F21: PORCENTAJE | G21: VALOR POR ARTÍCULO PRESUPUESTAL
B22: A-02-02-01-002-007 | C22: 10 | D22: ARTÍCULOS TEXTILES (EXCEPTO PRENDAS DE VESTIR) | E22: BR10 - FUTAM -BRLOG3 | F22: =G22*100%/#REF! -> #REF! | G22: =+K75 -> 0
B23: A-02-02-01-002-008 | D23: DOTACIÓN (PRENDAS DE VESTIR Y CALZADO) | E23: BR10 - FUTAM -BRLOG3 | F23: =G23*100%/#REF! -> #REF! | G23: =+#REF! -> #REF!
B24: A-02-02-01-003-002 | D24: PASTA O PULPA, PAPEL Y PRODUCTOS DE PAPEL; IMPRESOS Y ARTÍCULOS SIMILARES | E24: BR10 - FUTAM -BRLOG3 | F24: =G24*100%/#REF! -> #REF! | G24: =+K98 -> 0
B25: A-02-02-01-003-005 | D25: OTROS PRODUCTOS QUÍMICOS; FIBRAS ARTIFICIALES (O FIBRAS INDUSTRIALES HECHAS POR EL HOMBRE) | E25: BR10 - FUTAM -BRLOG3 | F25: =G25*100%/#REF! -> #REF! | G25: =+K103 -> 0
B26: A-02-02-01-003-006 | D26: PRODUCTOS DE CAUCHO Y PLÁSTICO | E26: BR10 - FUTAM -BRLOG3 | F26: =G26*100%/#REF! -> #REF! | G26: =+#REF! -> #REF!
B27: A-02-02-01-003-008 | D27: OTROS BIENES TRANSPORTABLES N.C.P. | E27: BR10 - FUTAM -BRLOG3 | F27: =G27*100%/#REF! -> #REF! | G27: =K126 -> 0
B28: A-02-02-01-004-002 | D28: PRODUCTOS METÁLICOS ELABORADOS (EXCEPTO MAQUINARIA Y EQUIPO) | E28: BR10 - FUTAM -BRLOG3 | F28: =G28*100%/#REF! -> #REF! | G28: =#REF! -> #REF!
B29: VALOR TOTAL DE LA PARTIDA | F29: =SUM(F22:F28) -> #REF! | G29: =SUM(G22:L28) -> #REF!
B31: VALOR POR UNIDAD
B32: ARTICULO PRESUPUESTAL (SIIF NACIÓN) | C32: RECURSO | D32: DESCRIPCIÓN DEL RUBRO | E32: UNIDAD BENEFICIADA | F32: PORCENTAJE | G32: VALOR POR ARTÍCULO PRESUPUESTAL
B33: A-02-02-01-002-007 A-02-02-01-002-008 A-02-02-01-003-002 A-02-02-01-003-005 A-02-02-01-003-006 A-02-02-01-003-008 A-02-02-01-004-002 | C33: 10 | D33: VALOR TOTAL PARTIDA ESPECIAL POR UNIDAD | E33: BAABS3 | F33: =G33/$G$48 -> 0.026285714 | G33: =SUM(G51,G69,G87,G105,G123,G141,G159) -> 11472958
E34: BAACA10 | F34: =G34/$G$48 -> 0.082666667 | G34: =SUM(G52,G70,G88,G106,G124,G142,G160) -> 36081623
E35: BAACA2 | F35: =G35/$G$48 -> 0.10628571 | G35: =SUM(G53,G71,G89,G107,G125,G143,G161) -> 46390658
E36: BAADA1 | F36: =G36/$G$48 -> 0.082666667 | G36: =SUM(G54,G72,G90,G108,G126,G144,G162) -> 36081623
E37: BAEEV2 | F37: =G37/$G$48 -> 0.09447619 | G37: =SUM(G55,G73,G91,G109,G127,G145,G163) -> 41236140
E38: BAEEV3 | F38: =G38/$G$48 -> 0.09447619 | G38: =SUM(G56,G74,G92,G110,G128,G146,G164) -> 41236140
E39: BAMMA7 | F39: =G39/$G$48 -> 0.10628571 | G39: =SUM(G57,G75,G93,G111,G129,G147,G165) -> 46390658
E40: BASPC10 | F40: =G40/$G$48 -> 0.047619048 | G40: =SUM(G58,G76,G94,G112,G130,G148,G166) -> 20784345
E41: BASAC | F41: =G41/$G$48 -> 0.023619048 | G41: =SUM(G59,G77,G95,G113,G131,G149,G167) -> 10309035
E42: BICAR | F42: =G42/$G$48 -> 0.10628571 | G42: =SUM(G60,G78,G96,G114,G132,G150,G168) -> 46390658
E43: BIMOC70 | F43: =G43/$G$48 -> 0.070857143 | G43: =SUM(G61,G79,G97,G115,G133,G151,G169) -> 30927105
E44: BITER10 | F44: =G44/$G$48 -> 0.012190476 | G44: =SUM(G62,G80,G98,G116,G134,G152,G170) -> 5320792.3
E45: DIM15 | F45: =G45/$G$48 -> 0.0045714286 | G45: =SUM(G63,G81,G99,G117,G135,G153,G171) -> 1995297.1
... E47: GMRON | F47: =G47/$G$48 -> 0.070857143 | G47: =SUM(G65,G83,G101,G119,G137,G155,G173) -> 30927105
B48: TOTAL PARTIDA | F48: =SUM(F33:F47) -> 1 | G48: =SUM(G33:G47) -> 4.3647124e+08
B50: ARTICULO PRESUPUESTAL (SIIF NACIÓN) | C50: RECURSO | D50: DESCRIPCIÓN DEL RUBRO | E50: UNIDAD BENEFICIADA | F50: PORCENTAJE | G50: VALOR APROXIMADO DE LA NECESIDAD | H50: PRESUPUESTO A UTILIZAR | I50: SALDO
B51: A-02-02-01-002-007 | C51: 10 | D51: ARTÍCULOS TEXTILES (EXCEPTO PRENDAS DE VESTIR) | E51: BAABS3 | F51: =(G51*100%)/$G$66 -> 0.026285714 | G51: 3923522.9
E52: BAACA10 | F52: =(G52*100%)/$G$66 -> 0.082666667 | G52: 12339195
E53: BAACA2 | F53: =(G53*100%)/$G$66 -> 0.10628571 | G53: 15864680
E54: BAADA1 | F54: =(G54*100%)/$G$66 -> 0.082666667 | G54: 12339195
E55: BAEEV2 | F55: =(G55*100%)/$G$66 -> 0.09447619 | G55: 14101937
E56: BAEEV3 | F56: =(G56*100%)/$G$66 -> 0.09447619 | G56: 14101937
E57: BAMMA7 | F57: =(G57*100%)/$G$66 -> 0.10628571 | G57: 15864680
E58: BASPC10 | F58: =(G58*100%)/$G$66 -> 0.047619048 | G58: 7107831.3
E59: BASAC | F59: =(G59*100%)/$G$66 -> 0.023619048 | G59: 3525484.3
E60: BICAR | F60: =(G60*100%)/$G$66 -> 0.10628571 | G60: 15864680
E61: BIMOC70 | F61: =(G61*100%)/$G$66 -> 0.070857143 | G61: 10576453
E62: BITER10 | F62: =(G62*100%)/$G$66 -> 0.012190476 | G62: 1819604.8
E63: DIM15 | F63: =(G63*100%)/$G$66 -> 0.0045714286 | G63: 682351.81
... E65: GMRON | F65: =(G65*100%)/$G$66 -> 0.070857143 | G65: 10576453
B66: SUBTOTAL A-02-02-01-002-007 | F66: =SUM(F51:F65) -> 1 | G66: =SUM(G51:G65) -> 1.4926446e+08 | H66: =SUM(H51:H65) -> 0 | I66: =SUM(I51:I65) -> 0
B68: ARTICULO PRESUPUESTAL (SIIF NACIÓN) | C68: RECURSO | D68: DESCRIPCIÓN DEL RUBRO | E68: UNIDAD BENEFICIADA | F68: PORCENTAJE | G68: VALOR APROXIMADO DE LA NECESIDAD | H68: PRESUPUESTO A UTILIZAR | I68: SALDO
B69: A-02-02-01-002-008 | C69: 10 | D69: DOTACIÓN (PRENDAS DE VESTIR Y CALZADO) | E69: BAABS3 | F69: =(G69*100%)/$G$84 -> 0.026285714 | G69: 2895960.4
E70: BAACA10 | F70: =(G70*100%)/$G$84 -> 0.082666667 | G70: 9107585.6
E71: BAACA2 | F71: =(G71*100%)/$G$84 -> 0.10628571 | G71: 11709753
E72: BAADA1 | F72: =(G72*100%)/$G$84 -> 0.082666667 | G72: 9107585.6
E73: BAEEV2 | F73: =(G73*100%)/$G$84 -> 0.09447619 | G73: 10408669
E74: BAEEV3 | F74: =(G74*100%)/$G$84 -> 0.09447619 | G74: 10408669
E75: BAMMA7 | F75: =(G75*100%)/$G$84 -> 0.10628571 | G75: 11709753
E76: BASPC10 | F76: =(G76*100%)/$G$84 -> 0.047619048 | G76: 5246305
E77: BASAC | F77: =(G77*100%)/$G$84 -> 0.023619048 | G77: 2602167.3
E78: BICAR | F78: =(G78*100%)/$G$84 -> 0.10628571 | G78: 11709753
E79: BIMOC70 | F79: =(G79*100%)/$G$84 -> 0.070857143 | G79: 7806501.9
E80: BITER10 | F80: =(G80*100%)/$G$84 -> 0.012190476 | G80: 1343054.1
E81: DIM15 | F81: =(G81*100%)/$G$84 -> 0.0045714286 | G81: 503645.28
... E83: GMRON | F83: =(G83*100%)/$G$84 -> 0.070857143 | G83: 7806501.9
B84: SUBTOTAL A-02-02-01-002-008 | F84: =SUM(F69:F83) -> 1 | G84: =SUM(G69:G83) -> 1.1017241e+08 | H84: =SUM(H69:H83) -> 0 | I84: =SUM(I69:I83) -> 0
B86: ARTICULO PRESUPUESTAL (SIIF NACIÓN) | C86: RECURSO | D86: DESCRIPCIÓN DEL RUBRO | E86: UNIDAD BENEFICIADA | F86: PORCENTAJE | G86: VALOR APROXIMADO DE LA NECESIDAD | H86: PRESUPUESTO A UTILIZAR | I86: SALDO
B87: A-02-02-01-003-002 | C87: 10 | D87: PASTA O PULPA, PAPEL Y PRODUCTOS DE PAPEL; IMPRESOS Y ARTÍCULOS SIMILARES | E87: BAABS3 | F87: =(G87*100%)/$G$102 -> 0.026285714 | G87: 451638.72
E88: BAACA10 | F88: =(G88*100%)/$G$102 -> 0.082666667 | G88: 1420371.1
E89: BAACA2 | F89: =(G89*100%)/$G$102 -> 0.10628571 | G89: 1826191.4
E90: BAADA1 | F90: =(G90*100%)/$G$102 -> 0.082666667 | G90: 1420371.1
E91: BAEEV2 | F91: =(G91*100%)/$G$102 -> 0.09447619 | G91: 1623281.2
E92: BAEEV3 | F92: =(G92*100%)/$G$102 -> 0.09447619 | G92: 1623281.2
E93: BAMMA7 | F93: =(G93*100%)/$G$102 -> 0.10628571 | G93: 1826191.4
E94: BASPC10 | F94: =(G94*100%)/$G$102 -> 0.047619048 | G94: 818186.1
E95: BASAC | F95: =(G95*100%)/$G$102 -> 0.023619048 | G95: 405820.3
E96: BICAR | F96: =(G96*100%)/$G$102 -> 0.10628571 | G96: 1826191.4
E97: BIMOC70 | F97: =(G97*100%)/$G$102 -> 0.070857143 | G97: 1217460.9
E98: BITER10 | F98: =(G98*100%)/$G$102 -> 0.012190476 | G98: 209455.64
E99: DIM15 | F99: =(G99*100%)/$G$102 -> 0.0045714286 | G99: 78545.865
... E101: GMRON | F101: =(G101*100%)/$G$102 -> 0.070857143 | G101: 1217460.9
B102: SUBTOTAL A-02-02-01-003-002 | F102: =SUM(F87:F101) -> 1 | G102: =SUM(G87:G101) -> 17181908 | H102: =SUM(H87:H101) -> 0 | I102: =SUM(I87:I101) -> 0
B104: ARTICULO PRESUPUESTAL (SIIF NACIÓN) | C104: RECURSO | D104: DESCRIPCIÓN DEL RUBRO | E104: UNIDAD BENEFICIADA | F104: PORCENTAJE | G104: VALOR APROXIMADO DE LA NECESIDAD | H104: PRESUPUESTO A UTILIZAR | I104: SALDO
B105: A-02-02-01-003-005 | C105: 10 | D105: OTROS PRODUCTOS QUÍMICOS; FIBRAS ARTIFICIALES (O FIBRAS INDUSTRIALES HECHAS POR EL HOMBRE) | E105: BAABS3 | F105: =(G105*100%)/$G$120 -> 0.026285714 | G105: 2014359.2
E106: BAACA10 | F106: =(G106*100%)/$G$120 -> 0.082666667 | G106: 6335013.8
E107: BAACA2 | F107: =(G107*100%)/$G$120 -> 0.10628571 | G107: 8145017.8
E108: BAADA1 | F108: =(G108*100%)/$G$120 -> 0.082666667 | G108: 6335013.8
E109: BAEEV2 | F109: =(G109*100%)/$G$120 -> 0.09447619 | G109: 7240015.8
E110: BAEEV3 | F110: =(G110*100%)/$G$120 -> 0.09447619 | G110: 7240015.8
E111: BAMMA7 | F111: =(G111*100%)/$G$120 -> 0.10628571 | G111: 8145017.8
E112: BASPC10 | F112: =(G112*100%)/$G$120 -> 0.047619048 | G112: 3649201.5
E113: BASAC | F113: =(G113*100%)/$G$120 -> 0.023619048 | G113: 1810004
...

Sheet OFICIO
B2: SUBUNIDAD EJECUTORA | C2: RUBRO | D2: VALOR POR HOMBRE | E2: VALOR POR MUJER | F2: DIFERENCIA
B3: ='CANTIDADES ADJUDICACIÓN'!K3 -> BAABS3 | C3: ='CANTIDADES ADJUDICACIÓN'!B2 -> A-02-02-01-002-007 ARTÍCULOS TEXTILES (EXCEPTO PRENDAS DE VESTIR)
C4: ='CANTIDADES ADJUDICACIÓN'!B21 -> A-02-02-01-002-008 DOTACIÓN (PRENDAS DE VESTIR Y CALZADO)
C5: ='CANTIDADES ADJUDICACIÓN'!B33 -> A-02-02-01-003-002 PASTA O PULPA, PAPEL Y PRODUCTOS DE PAPEL; IMPRESOS Y ARTÍCULOS SIMILARES
C6: ='CANTIDADES ADJUDICACIÓN'!B43 -> A-02-02-01-003-005 OTROS PRODUCTOS QUÍMICOS; FIBRAS ARTIFICIALES (O FIBRAS INDUSTRIALES HECHAS POR EL HOMBRE)
C7: ='CANTIDADES ADJUDICACIÓN'!B57 -> A-02-02-01-003-006 PRODUCTOS DE CAUCHO Y PLÁSTICO
C8: ='CANTIDADES ADJUDICACIÓN'!B67 -> A-02-02-01-003-008 OTROS BIENES TRANSPORTABLES N.C.P.
C9: ='CANTIDADES ADJUDICACIÓN'!B78 -> A-02-02-01-004-002 PRODUCTOS METÁLICOS ELABORADOS (EXCEPTO MAQUINARIA Y EQUIPO)
B10: ='CANTIDADES ADJUDICACIÓN'!L3 -> BAACA10 | C10: A-02-02-01-002-007 ARTÍCULOS TEXTILES (EXCEPTO PRENDAS DE VESTIR)
C11: A-02-02-01-002-008 DOTACIÓN (PRENDAS DE VESTIR Y CALZADO)
C12: A-02-02-01-003-002 PASTA O PULPA, PAPEL Y PRODUCTOS DE PAPEL; IMPRESOS Y ARTÍCULOS SIMILARES
C13: A-02-02-01-003-005 OTROS PRODUCTOS QUÍMICOS; FIBRAS ARTIFICIALES (O FIBRAS INDUSTRIALES HECHAS POR EL HOMBRE)
C14: A-02-02-01-003-006 PRODUCTOS DE CAUCHO Y PLÁSTICO
C15: A-02-02-01-003-008 OTROS BIENES TRANSPORTABLES N.C.P.
C16: A-02-02-01-004-002 PRODUCTOS METÁLICOS ELABORADOS (EXCEPTO MAQUINARIA Y EQUIPO)
B17: ='CANTIDADES ADJUDICACIÓN'!M3 -> BAACA2 | C17: A-02-02-01-002-007 ARTÍCULOS TEXTILES (EXCEPTO PRENDAS DE VESTIR)
C18: A-02-02-01-002-008 DOTACIÓN (PRENDAS DE VESTIR Y CALZADO)
C19: A-02-02-01-003-002 PASTA O PULPA, PAPEL Y PRODUCTOS DE PAPEL; IMPRESOS Y ARTÍCULOS SIMILARES
C20: A-02-02-01-003-005 OTROS PRODUCTOS QUÍMICOS; FIBRAS ARTIFICIALES (O FIBRAS INDUSTRIALES HECHAS POR EL HOMBRE)
C21: A-02-02-01-003-006 PRODUCTOS DE CAUCHO Y PLÁSTICO
C22: A-02-02-01-003-008 OTROS BIENES TRANSPORTABLES N.C.P.
C23: A-02-02-01-004-002 PRODUCTOS METÁLICOS ELABORADOS (EXCEPTO MAQUINARIA Y EQUIPO)
B24: ='CANTIDADES ADJUDICACIÓN'!N3 -> BAADA1 | C24: A-02-02-01-002-007 ARTÍCULOS TEXTILES (EXCEPTO PRENDAS DE VESTIR)
C25: A-02-02-01-002-008 DOTACIÓN (PRENDAS DE VESTIR Y CALZADO)
C26: A-02-02-01-003-002 PASTA O PULPA, PAPEL Y PRODUCTOS DE PAPEL; IMPRESOS Y ARTÍCULOS SIMILARES
C27: A-02-02-01-003-005 OTROS PRODUCTOS QUÍMICOS; FIBRAS ARTIFICIALES (O FIBRAS INDUSTRIALES HECHAS POR EL HOMBRE)
C28: A-02-02-01-003-006 PRODUCTOS DE CAUCHO Y PLÁSTICO
C29: A-02-02-01-003-008 OTROS BIENES TRANSPORTABLES N.C.P.
C30: A-02-02-01-004-002 PRODUCTOS METÁLICOS ELABORADOS (EXCEPTO MAQUINARIA Y EQUIPO)
B31: ='CANTIDADES ADJUDICACIÓN'!O3 -> BAEEV2 | C31: A-02-02-01-002-007 ARTÍCULOS TEXTILES (EXCEPTO PRENDAS DE VESTIR)
C32: A-02-02-01-002-008 DOTACIÓN (PRENDAS DE VESTIR Y CALZADO)
C33: A-02-02-01-003-002 PASTA O PULPA, PAPEL Y PRODUCTOS DE PAPEL; IMPRESOS Y ARTÍCULOS SIMILARES
C34: A-02-02-01-003-005 OTROS PRODUCTOS QUÍMICOS; FIBRAS ARTIFICIALES (O FIBRAS INDUSTRIALES HECHAS POR EL HOMBRE)
C35: A-02-02-01-003-006 PRODUCTOS DE CAUCHO Y PLÁSTICO
C36: A-02-02-01-003-008 OTROS BIENES TRANSPORTABLES N.C.P.
C37: A-02-02-01-004-002 PRODUCTOS METÁLICOS ELABORADOS (EXCEPTO MAQUINARIA Y EQUIPO)
B38: ='CANTIDADES ADJUDICACIÓN'!P3 -> BAEEV3 | C38: A-02-02-01-002-007 ARTÍCULOS TEXTILES (EXCEPTO PRENDAS DE VESTIR)
C39: A-02-02-01-002-008 DOTACIÓN (PRENDAS DE VESTIR Y CALZADO)
C40: A-02-02-01-003-002 PASTA O PULPA, PAPEL Y PRODUCTOS DE PAPEL; IMPRESOS Y ARTÍCULOS SIMILARES
C41: A-02-02-01-003-005 OTROS PRODUCTOS QUÍMICOS; FIBRAS ARTIFICIALES (O FIBRAS INDUSTRIALES HECHAS POR EL HOMBRE)
C42: A-02-02-01-003-006 PRODUCTOS DE CAUCHO Y PLÁSTICO
C43: A-02-02-01-003-008 OTROS BIENES TRANSPORTABLES N.C.P.
C44: A-02-02-01-004-002 PRODUCTOS METÁLICOS ELABORADOS (EXCEPTO MAQUINARIA Y EQUIPO)
B45: ='CANTIDADES ADJUDICACIÓN'!Q3 -> BAMMA7 | C45: A-02-02-01-002-007 ARTÍCULOS TEXTILES (EXCEPTO PRENDAS DE VESTIR)
C46: A-02-02-01-002-008 DOTACIÓN (PRENDAS DE VESTIR Y CALZADO)
C47: A-02-02-01-003-002 PASTA O PULPA, PAPEL Y PRODUCTOS DE PAPEL; IMPRESOS Y ARTÍCULOS SIMILARES
C48: A-02-02-01-003-005 OTROS PRODUCTOS QUÍMICOS; FIBRAS ARTIFICIALES (O FIBRAS INDUSTRIALES HECHAS POR EL HOMBRE)
C49: A-02-02-01-003-006 PRODUCTOS DE CAUCHO Y PLÁSTICO
C50: A-02-02-01-003-008 OTROS BIENES TRANSPORTABLES N.C.P.
C51: A-02-02-01-004-002 PRODUCTOS METÁLICOS ELABORADOS (EXCEPTO MAQUINARIA Y EQUIPO)
B52: ='CANTIDADES ADJUDICACIÓN'!R3 -> BASPC10 | C52: A-02-02-01-002-007 ARTÍCULOS TEXTILES (EXCEPTO PRENDAS DE VESTIR)
C53: A-02-02-01-002-008 DOTACIÓN (PRENDAS DE VESTIR Y CALZADO)
C54: A-02-02-01-003-002 PASTA O PULPA, PAPEL Y PRODUCTOS DE PAPEL; IMPRESOS Y ARTÍCULOS SIMILARES
C55: A-02-02-01-003-005 OTROS PRODUCTOS QUÍMICOS; FIBRAS ARTIFICIALES (O FIBRAS INDUSTRIALES HECHAS POR EL HOMBRE)
C56: A-02-02-01-003-006 PRODUCTOS DE CAUCHO Y PLÁSTICO
C57: A-02-02-01-003-008 OTROS BIENES TRANSPORTABLES N.C.P.
C58: A-02-02-01-004-002 PRODUCTOS METÁLICOS ELABORADOS (EXCEPTO MAQUINARIA Y EQUIPO)
B59: ='CANTIDADES ADJUDICACIÓN'!S3 -> BASAC | C59: A-02-02-01-002-007 ARTÍCULOS TEXTILES (EXCEPTO PRENDAS DE VESTIR)
C60: A-02-02-01-002-008 DOTACIÓN (PRENDAS DE VESTIR Y CALZADO)
C61: A-02-02-01-003-002 PASTA O PULPA, PAPEL Y PRODUCTOS DE PAPEL; IMPRESOS Y ARTÍCULOS SIMILARES
C62: A-02-02-01-003-005 OTROS PRODUCTOS QUÍMICOS; FIBRAS ARTIFICIALES (O FIBRAS INDUSTRIALES HECHAS POR EL HOMBRE)
C63: A-02-02-01-003-006 PRODUCTOS DE CAUCHO Y PLÁSTICO
C64: A-02-02-01-003-008 OTROS BIENES TRANSPORTABLES N.C.P.
C65: A-02-02-01-004-002 PRODUCTOS METÁLICOS ELABORADOS (EXCEPTO MAQUINARIA Y EQUIPO)
B66: ='CANTIDADES ADJUDICACIÓN'!T3 -> BICAR | C66: A-02-02-01-002-007 ARTÍCULOS TEXTILES (EXCEPTO PRENDAS DE VESTIR)
C67: A-02-02-01-002-008 DOTACIÓN (PRENDAS DE VESTIR Y CALZADO)
C68: A-02-02-01-003-002 PASTA O PULPA, PAPEL Y PRODUCTOS DE PAPEL; IMPRESOS Y ARTÍCULOS SIMILARES
C69: A-02-02-01-003-005 OTROS PRODUCTOS QUÍMICOS; FIBRAS ARTIFICIALES (O FIBRAS INDUSTRIALES HECHAS POR EL HOMBRE)
C70: A-02-02-01-003-006 PRODUCTOS DE CAUCHO Y PLÁSTICO
C71: A-02-02-01-003-008 OTROS BIENES TRANSPORTABLES N.C.P.
C72: A-02-02-01-004-002 PRODUCTOS METÁLICOS ELABORADOS (EXCEPTO MAQUINARIA Y EQUIPO)
B73: ='CANTIDADES ADJUDICACIÓN'!U3 -> BIMOC70 | C73: A-02-02-01-002-007 ARTÍCULOS TEXTILES (EXCEPTO PRENDAS DE VESTIR)
C74: A-02-02-01-002-008 DOTACIÓN (PRENDAS DE VESTIR Y CALZADO)
C75: A-02-02-01-003-002 PASTA O PULPA, PAPEL Y PRODUCTOS DE PAPEL; IMPRESOS Y ARTÍCULOS SIMILARES
C76: A-02-02-01-003-005 OTROS PRODUCTOS QUÍMICOS; FIBRAS ARTIFICIALES (O FIBRAS INDUSTRIALES HECHAS POR EL HOMBRE)
C77: A-02-02-01-003-006 PRODUCTOS DE CAUCHO Y PLÁSTICO
C78: A-02-02-01-003-008 OTROS BIENES TRANSPORTABLES N.C.P.
C79: A-02-02-01-004-002 PRODUCTOS METÁLICOS ELABORADOS (EXCEPTO MAQUINARIA Y EQUIPO)
B80: ='CANTIDADES ADJUDICACIÓN'!V3 -> BITER10 | C80: A-02-02-01-002-007 ARTÍCULOS TEXTILES (EXCEPTO PRENDAS DE VESTIR)
C81: A-02-02-01-002-008 DOTACIÓN (PRENDAS DE VESTIR Y CALZADO)
C82: A-02-02-01-003-002 PASTA O PULPA, PAPEL Y PRODUCTOS DE PAPEL; IMPRESOS Y ARTÍCULOS SIMILARES
C83: A-02-02-01-003-005 OTROS PRODUCTOS QUÍMICOS; FIBRAS ARTIFICIALES (O FIBRAS INDUSTRIALES HECHAS POR EL HOMBRE)
C84: A-02-02-01-003-006 PRODUCTOS DE CAUCHO Y PLÁSTICO
C85: A-02-02-01-003-008 OTROS BIENES TRANSPORTABLES N.C.P.
C86: A-02-02-01-004-002 PRODUCTOS METÁLICOS ELABORADOS (EXCEPTO MAQUINARIA Y EQUIPO)
B87: ='CANTIDADES ADJUDICACIÓN'!W3 -> DIM15 | C87: A-02-02-01-002-007 ARTÍCULOS TEXTILES (EXCEPTO PRENDAS DE VESTIR)
C88: A-02-02-01-002-008 DOTACIÓN (PRENDAS DE VESTIR Y CALZADO)
C89: A-02-02-01-003-002 PASTA O PULPA, PAPEL Y PRODUCTOS DE PAPEL; IMPRESOS Y ARTÍCULOS SIMILARES
C90: A-02-02-01-003-005 OTROS PRODUCTOS QUÍMICOS; FIBRAS ARTIFICIALES (O FIBRAS INDUSTRIALES HECHAS POR EL HOMBRE)
C91: A-02-02-01-003-006 PRODUCTOS DE CAUCHO Y PLÁSTICO
C92: A-02-02-01-003-008 OTROS BIENES TRANSPORTABLES N.C.P.
C93: A-02-02-01-004-002 PRODUCTOS METÁLICOS ELABORADOS (EXCEPTO MAQUINARIA Y EQUIPO)
B94: ='CANTIDADES ADJUDICACIÓN'!X3 -> GMMAT | C94: A-02-02-01-002-007 ARTÍCULOS TEXTILES (EXCEPTO PRENDAS DE VESTIR)
C95: A-02-02-01-002-008 DOTACIÓN (PRENDAS DE VESTIR Y CALZADO)
C96: A-02-02-01-003-002 PASTA O PULPA, PAPEL Y PRODUCTOS DE PAPEL; IMPRESOS Y ARTÍCULOS SIMILARES
C97: A-02-02-01-003-005 OTROS PRODUCTOS QUÍMICOS; FIBRAS ARTIFICIALES (O FIBRAS INDUSTRIALES HECHAS POR EL HOMBRE)
C98: A-02-02-01-003-006 PRODUCTOS DE CAUCHO Y PLÁSTICO
C99: A-02-02-01-003-008 OTROS BIENES TRANSPORTABLES N.C.P.
C100: A-02-02-01-004-002 PRODUCTOS METÁLICOS ELABORADOS (EXCEPTO MAQUINARIA Y EQUIPO)
B101: ='CANTIDADES ADJUDICACIÓN'!Y3 -> GMRON | C101: A-02-02-01-002-007 ARTÍCULOS TEXTILES (EXCEPTO PRENDAS DE VESTIR)
...

Sheet DÉFICIT POR CONTINGENTE
B2: UNIDAD | C2: 2° Contingente | D2: 3° Contingente | E2: 4° Contingente | F2: TOTAL | H2: UNIDAD | I2: KIT FEMENINO | J2: KIT MASCULINO | K2: TOTAL
B3: BAABS3 | C3: 31 | D3: 20 | E3: 18 | F3: =SUM(C3:E3) -> 69 | H3: BAABS3 | I3: 0 | J3: 69 | K3: =SUM(I3+J3) -> 69
B4: BAACA10 | C4: 93 | D4: 62 | E4: 62 | F4: =SUM(C4:E4) -> 217 | H4: BAACA10 | I4: 0 | J4: 217 | K4: =SUM(I4+J4) -> 217
B5: BAACA2 | C5: 93 | D5: 62 | E5: 124 | F5: =SUM(C5:E5) -> 279 | H5: BAACA2 | I5: 0 | J5: 279 | K5: =SUM(I5+J5) -> 279
B6: BAADA1 | C6: 93 | D6: 62 | E6: 62 | F6: =SUM(C6:E6) -> 217 | H6: BAADA1 | I6: 0 | J6: 217 | K6: =SUM(I6+J6) -> 217
B7: BAEEV2 | C7: 62 | D7: 62 | E7: 124 | F7: =SUM(C7:E7) -> 248 | H7: BAEEV2 | I7: 0 | J7: 248 | K7: =SUM(I7+J7) -> 248
B8: BAEEV3 | C8: 93 | D8: 93 | E8: 62 | F8: =SUM(C8:E8) -> 248 | H8: BAEEV3 | I8: 0 | J8: 248 | K8: =SUM(I8+J8) -> 248
B9: BAMMA7 | C9: 93 | D9: 124 | E9: 62 | F9: =SUM(C9:E9) -> 279 | H9: BAMMA7 | I9: 0 | J9: 279 | K9: =SUM(I9+J9) -> 279
B10: BASPC10 | C10: 0 | D10: 62 | E10: 63 | F10: =SUM(C10:E10) -> 125 | H10: BASPC10 | I10: 62 | J10: 63 | K10: =SUM(I10+J10) -> 125
B11: BASAC | C11: 0 | D11: 62 | E11: 0 | F11: =SUM(C11:E11) -> 62 | H11: BASAC | I11: 0 | J11: 62 | K11: =SUM(I11+J11) -> 62
B12: BICAR | C12: 93 | D12: 93 | E12: 93 | F12: =SUM(C12:E12) -> 279 | H12: BICAR | I12: 0 | J12: 279 | K12: =SUM(I12+J12) -> 279
B13: BIMOC70 | C13: 62 | D13: 62 | E13: 62 | F13: =SUM(C13:E13) -> 186 | H13: BIMOC70 | I13: 0 | J13: 186 | K13: =SUM(I13+J13) -> 186
B14: BITER10 | C14: 0 | D14: 16 | E14: 16 | F14: =SUM(C14:E14) -> 32 | H14: BITER10 | I14: 0 | J14: 32 | K14: =SUM(I14+J14) -> 32
... B17: GMRON | C17: 62 | D17: 62 | E17: 62 | F17: =SUM(C17:E17) -> 186 | H17: GMRON | I17: 0 | J17: 186 | K17: =SUM(I17+J17) -> 186
B18: TOTAL | C18: =SUM(C3:C17) -> 841 | D18: =SUM(D3:D17) -> 908 | E18: =SUM(E3:E17) -> 876 | F18: =SUM(C18:E18) -> 2625 | H18: TOTAL | I18: =SUM(I3:I17) -> 62 | J18: =SUM(J3:J17) -> 2563 | K18: =SUM(I18+J18) -> 2625

Sheet MÍNIMAS (2)
B2: A-02-02-01-002-007 ARTÍCULOS TEXTILES (EXCEPTO PRENDAS DE VESTIR)
B3: ='PLAN DE NECESIDADES'!B4 -> ÍTEM | C3: ='PLAN DE NECESIDADES'!C4 -> CÓDIGO DANE | D3: ='PLAN DE NECESIDADES'!D4 -> DESCRIPCIÓN DEL BIEN Y/O SERVICIO | E3: ='PLAN DE NECESIDADES'!E4 -> UNIDAD MEDIDA | F3: ='PLAN DE NECESIDADES'!F4 -> EXISTENCIAS (STOCK - INVENTARIOS) | G3: ='PLAN DE NECESIDADES'!H4 -> UNSPSC (CCE) | H3: ='PLAN DE NECESIDADES'!I4 -> CÓDIGO MATERIAL SAP | I3: ='PLAN DE NECESIDADES'!J4 -> CÓDIGO OTAN - NOC | J3: CANTIDAD POR ELEMENTO | K3: =AD3 -> BAABS3 | L3: =AQ3 -> BAACA10 | M3: =BD3 -> BAACA2 | N3: =BQ3 -> BAADA1 | O3: =CD3 -> BAEEV2 | P3: =CQ3 -> BAEEV3 | Q3: =DD3 -> BAMMA7 | R3: =DQ3 -> BASPC10 | S3: =ED3 -> BASAC | T3: =EQ3 -> BICAR | U3: =FD3 -> BIMOC70 | V3: =FQ3 -> BITER10 | W3: =GD3 -> DIM15 | X3: =GQ3 -> GMMAT | Y3: =HD3 -> GMRON | Z3: NECESIDAD TOTAL | AA3: MÍNIMAS | AB3: LIMITACIONES | AC3: PRECIO DE REFERENCIA | AD3: =PRESUPUESTO!E33 -> BAABS3 | AQ3: BAACA10 | BD3: BAACA2 | BQ3: BAADA1 | CD3: BAEEV2 | CQ3: BAEEV3 | DD3: BAMMA7 | DQ3: BASPC10 | ED3: BASAC | EQ3: BICAR | FD3: BIMOC70 | FQ3: BITER10 | GD3: DIM15 | GQ3: GMMAT | HD3: GMRON
AD4: NT | AE4: M | AF4: L | AG4: VT | AH4: CANTIDADES ADJUDICADAS | AI4: SEGUNDO CONTINGENTE | AJ4: DÉFICIT | AK4: TERCER CONTINGENTE | AL4: DÉFICIT | AM4: CUARTO CONTINGENTE | AN4: DÉFICIT | AO4: TOTAL | AQ4: NT | AR4: M | AS4: L | AT4: VT | AU4: CANTIDADES ADJUDICADAS | AV4: SEGUNDO CONTINGENTE | AW4: DÉFICIT | AX4: TERCER CONTINGENTE | AY4: DÉFICIT | AZ4: CUARTO CONTINGENTE | BA4: DÉFICIT | BB4: TOTAL | BD4: NT | BE4: M | BF4: L | BG4: VT | BH4: CANTIDADES ADJUDICADAS | BI4: SEGUNDO CONTINGENTE | BJ4: DÉFICIT | BK4: TERCER CONTINGENTE | BL4: DÉFICIT | BM4: CUARTO CONTINGENTE | BN4: DÉFICIT | BO4: TOTAL | BQ4: NT | BR4: M | BS4: L | BT4: VT | BU4: CANTIDADES ADJUDICADAS | BV4: SEGUNDO CONTINGENTE | BW4: DÉFICIT | BX4: TERCER CONTINGENTE | BY4: DÉFICIT | BZ4: CUARTO CONTINGENTE | CA4: DÉFICIT | CB4: TOTAL | CD4: NT | CE4: M | CF4: L | CG4: VT | CH4: CANTIDADES ADJUDICADAS | CI4: SEGUNDO CONTINGENTE | CJ4: DÉFICIT | CK4: TERCER CONTINGENTE | CL4: DÉFICIT | CM4: CUARTO CONTINGENTE | CN4: DÉFICIT | CO4: TOTAL | CQ4: NT | CR4: M | CS4: L | CT4: VT | CU4: CANTIDADES ADJUDICADAS | CV4: SEGUNDO CONTINGENTE | CW4: DÉFICIT | CX4: TERCER CONTINGENTE | CY4: DÉFICIT | CZ4: CUARTO CONTINGENTE | DA4: DÉFICIT | DB4: TOTAL | DD4: NT | DE4: M | DF4: L | DG4: VT | DH4: CANTIDADES ADJUDICADAS | DI4: SEGUNDO CONTINGENTE | DJ4: DÉFICIT | DK4: TERCER CONTINGENTE | DL4: DÉFICIT | DM4: CUARTO CONTINGENTE | DN4: DÉFICIT | DO4: TOTAL | DQ4: NT | DR4: M | DS4: L | DT4: VT | DU4: CANTIDADES ADJUDICADAS | DV4: SEGUNDO CONTINGENTE | DW4: DÉFICIT | DX4: TERCER CONTINGENTE | DY4: DÉFICIT | DZ4: CUARTO CONTINGENTE | EA4: DÉFICIT | EB4: TOTAL | ED4: NT | EE4: M | EF4: L | EG4: VT | EH4: CANTIDADES ADJUDICADAS | EI4: SEGUNDO CONTINGENTE | EJ4: DÉFICIT | EK4: TERCER CONTINGENTE | EL4: DÉFICIT | EM4: CUARTO CONTINGENTE | EN4: DÉFICIT | EO4: TOTAL | EQ4: NT | ER4: M | ES4: L | ET4: VT | EU4: CANTIDADES ADJUDICADAS | EV4: SEGUNDO CONTINGENTE | EW4: DÉFICIT | EX4: TERCER CONTINGENTE | EY4: DÉFICIT | EZ4: CUARTO CONTINGENTE | FA4: DÉFICIT | FB4: TOTAL | FD4: NT | FE4: M | FF4: L | FG4: VT | FH4: CANTIDADES ADJUDICADAS | FI4: SEGUNDO CONTINGENTE | FJ4: DÉFICIT | FK4: TERCER CONTINGENTE | FL4: DÉFICIT | FM4: CUARTO CONTINGENTE | FN4: DÉFICIT | FO4: TOTAL | FQ4: NT | FR4: M | FS4: L | FT4: VT | FU4: CANTIDADES ADJUDICADAS | FV4: SEGUNDO CONTINGENTE | FW4: DÉFICIT | FX4: TERCER CONTINGENTE | FY4: DÉFICIT | FZ4: CUARTO CONTINGENTE | GA4: DÉFICIT | GB4: TOTAL | GD4: NT | GE4: M | GF4: L | GG4: VT | GH4: CANTIDADES ADJUDICADAS | GI4: SEGUNDO CONTINGENTE | GJ4: DÉFICIT | GK4: TERCER CONTINGENTE | GL4: DÉFICIT | GM4: CUARTO CONTINGENTE | GN4: DÉFICIT | GO4: TOTAL | GQ4: NT | GR4: M | GS4: L | GT4: VT | GU4: CANTIDADES ADJUDICADAS | GV4: SEGUNDO CONTINGENTE | GW4: DÉFICIT | GX4: TERCER CONTINGENTE | GY4: DÉFICIT | GZ4: CUARTO CONTINGENTE | HA4: DÉFICIT | HB4: TOTAL | HD4: NT | HE4: M | HF4: L | HG4: VT | HH4: CANTIDADES ADJUDICADAS | HI4: SEGUNDO CONTINGENTE | HJ4: DÉFICIT | HK4: TERCER CONTINGENTE | HL4: DÉFICIT | HM4: CUARTO CONTINGENTE | HN4: DÉFICIT | HO4: TOTAL
B5: ='PLAN DE NECESIDADES'!B5 -> 1 | C5: ='PLAN DE NECESIDADES'!C5 -> 2791301 | D5: ='PLAN DE NECESIDADES'!D5 -> PARCHE DE IDENTIFICACIÓN PERSONAL: ESPECIFICACIONES TÉCNICAS DE ACUERDO NORMA TÉCNICA KIT DE DOTACIÓN NO. NTMD-0356 - A2 | E5: ='PLAN DE NECESIDADES'!E5 -> UNIDAD | F5: ='PLAN DE NECESIDADES'!F5 -> 0 | G5: ='PLAN DE NECESIDADES'!H5 -> 11161701 | H5: ='PLAN DE NECESIDADES'!I5 -> 1047066 | I5: ='PLAN DE NECESIDADES'!J5 -> SIN CREAR | J5: 4 | K5: 69 | L5: 217 | M5: 279 | N5: 217 | O5: 248 | P5: 248 | Q5: 279 | R5: 125 | S5: 62 | T5: 279 | U5: 186 | V5: 32 | W5: 12 | X5: 186 | Y5: 186 | Z5: =SUM(AD5,AQ5,BD5,BQ5,CD5,CQ5,DD5,DQ5,ED5,EQ5,FD5,FQ5,GD5,GQ5,HD5) -> 10624 | AA5: =SUM(AE5,AR5,BE5,BR5,CE5,CR5,DE5,DR5,EE5,ER5,FE5,FR5,GE5,GR5,HE5) -> 5080 | AB5: =SUM(AF5,AS5,BF5,BS5,CF5,CS5,DF5,DS5,EF5,ES5,FF5,FS5,GF5,GS5,HF5) -> 5544 | AC5: 3100 | AD5: =K5*J5 -> 276 | AE5: =J5*34 -> 136 | AF5: =AD5-AE5 -> 140 | AG5: =AC5*AE5 -> 421600 | AH5: =AE5/J5 -> 34 | AI5: 31 | AK5: 20 | AL5: 17 | AM5: 18 | AN5: 18 | AO5: =AL5+AN5 -> 35 | AP5: =AH5+AJ5+AL5+AN5 -> 69 | AQ5: =L5*J5 -> 868 | AR5: =J5*105 -> 420 | AS5: =AQ5-AR5 -> 448 | AT5: =AC5*AR5 -> 1302000 | AU5: =AR5/J5 -> 105 | AV5: 93 | AX5: 62 | AY5: 50 | AZ5: 62 | BA5: 62 | BB5: =AW5+AY5+BA5 -> 112 | BC5: =AU5+AW5+AY5+BA5 -> 217 | BD5: =M5*J5 -> 1116 | BE5: =J5*135 -> 540 | BF5: =BD5-BE5 -> 576 | BG5: =AC5*BE5 -> 1674000 | BH5: =BE5/J5 -> 135 | BI5: 93 | BK5: 62 | BL5: 20 | BM5: 124 | BN5: 124 | BO5: =BJ5+BL5+BN5 -> 144 | BP5: =BH5+BJ5+BL5+BN5 -> 279 | BQ5: =N5*J5 -> 868 | BR5: =J5*105 -> 420 | BS5: =BQ5-BR5 -> 448 | BT5: =AC5*BR5 -> 1302000 | BU5: =BR5/J5 -> 105 | BV5: 93 | BX5: 62 | BY5: 50 | BZ5: 62 | CA5: 62 | CB5: =BW5+BY5+CA5 -> 112 | CC5: =BU5+BW5+BY5+CA5 -> 217 | CD5: =M5*J5 -> 1116 | CE5: =J5*120 -> 480 | CF5: =CD5-CE5 -> 636 | CG5: =CE5*AC5 -> 1488000 | CH5: =CE5/J5 -> 120 | CI5: 62 | CK5: 62 | CL5: 4 | CM5: 124 | CN5: 124 | CO5: =CJ5+CL5+CN5 -> 128 | CP5: =CH5+CJ5+CL5+CN5 -> 248 | CQ5: =P5*J5 -> 992 | CR5: =J5*120 -> 480 | CS5: =CQ5-CR5 -> 512 | CT5: =AC5*CR5 -> 1488000 | CU5: =CR5/J5 -> 120 | CV5: 93 | CX5: 93 | CY5: 66 | CZ5: 62 | DA5: 62 | DB5: =CW5+CY5+DA5 -> 128 | DC5: =CU5+CW5+CY5+DA5 -> 248 | DD5: =Q5*J5 -> 1116 | DE5: =J5*135 -> 540 | DF5: =DD5-DE5 -> 576 | DG5: =DE5*AC5 -> 1674000 | DH5: =DE5/J5 -> 135 | DI5: 93 | DK5: 124 | DL5: 82 | DM5: 62 | DN5: 62 | DO5: =DJ5+DL5+DN5 -> 144 | DP5: =DH5+DJ5+DL5+DN5 -> 279 | DQ5: =R5*J5 -> 500 | DR5: =J5*59 -> 236 | DS5: =DQ5-DR5 -> 264 | DT5: =DR5*AC5 -> 731600 | DU5: =DR5/J5 -> 59 | DV5: 0 | DX5: 62 | DY5: 3 | DZ5: 63 | EA5: 63 | EB5: =DW5+DY5+EA5 -> 66 | EC5: =DU5+DW5+DY5+EA5 -> 125 | ED5: =S5*J5 -> 248 | EE5: =J5*30 -> 120 | EF5: =ED5-EE5 -> 128 | EG5: =EE5*AC5 -> 372000 | EH5: =EE5/J5 -> 30 | EI5: 0 | EK5: 62 | EL5: =EK5-EH5 -> 32 | EM5: 0 | EO5: =EJ5+EL5+EN5 -> 32 | EP5: =EH5+EJ5+EL5+EN5 -> 62 | EQ5: =T5*J5 -> 1116 | ER5: =J5*135 -> 540 | ES5: =EQ5-ER5 -> 576 | ET5: =ER5*AC5 -> 1674000 | EU5: =ER5/J5 -> 135 | EV5: 93 | EX5: 93 | EY5: 51 | EZ5: 93 | FA5: 93 | FB5: =EW5+EY5+FA5 -> 144 | FC5: =EU5+EW5+EY5+FA5 -> 279 | FD5: =U5*J5 -> 744 | FE5: =J5*90 -> 360 | FF5: =FD5-FE5 -> 384 | FG5: =FE5*AC5 -> 1116000 | FH5: =FE5/J5 -> 90 | FI5: 62 | FK5: 62 | FL5: 34 | FM5: 62 | FN5: 62 | FO5: =FJ5+FL5+FN5 -> 96 | FP5: =FH5+FJ5+FL5+FN5 -> 186 | FQ5: =V5*J5 -> 128 | FR5: =J5*16 -> 64 | FS5: =FQ5-FR5 -> 64 | FT5: =FR5*AC5 -> 198400 | FU5: =FR5/J5 -> 16 | FV5: 0 | FX5: 16 | FY5: 0 | FZ5: 16 | GA5: 16 | GB5: =FW5+FY5+GA5 -> 16 | GC5: =FU5+FW5+FY5+GA5 -> 32 | GD5: =W5*J5 -> 48 | GE5: =J5*6 -> 24 | GF5: =GD5-GE5 -> 24 | GG5: =GE5*AC5 -> 74400 | GH5: =GE5/J5 -> 6 | GI5: 4 | GK5: 4 | GL5: 2 | GM5: 4 | GN5: 4 | GO5: =GJ5+GL5+GN5 -> 6 | GP5: =GH5+GJ5+GL5+GN5 -> 12 | GQ5: =X5*J5 -> 744 | GR5: =J5*90 -> 360 | GS5: =GQ5-GR5 -> 384 | GT5: =GR5*AC5 -> 1116000 | GU5: =GR5/J5 -> 90 | GV5: 62 | GX5: 62 | GY5: 34 | GZ5: 62 | HA5: 62 | HB5: =GW5+GY5+HA5 -> 96 | HC5: =GU5+GW5+GY5+HA5 -> 186 | HD5: =Y5*J5 -> 744 | HE5: =J5*90 -> 360 | HF5: =HD5-HE5 -> 384 | HG5: =HE5*AC5 -> 1116000 | HH5: =HE5/J5 -> 90 | HI5: 62 | HK5: 62 | HL5: 34 | HM5: 62 | HN5: 62 | HO5: =HJ5+HL5+HN5 -> 96 | HP5: =HH5+HJ5+HL5+HN5 -> 186
B6: ='PLAN DE NECESIDADES'!B6 -> 2 | C6: ='PLAN DE NECESIDADES'!C6 -> 2791301 | D6: ='PLAN DE NECESIDADES'!D6 -> PARCHE DE EJÉRCITO: ESPECIFICACIONES TÉCNICAS DE ACUERDO A LA NORMA TÉCNICA KIT DE DOTACIÓN. NO. NTMD-0356 - A2. | E6: ='PLAN DE NECESIDADES'!E6 -> UNIDAD | F6: ='PLAN DE NECESIDADES'!F6 -> 0 | G6: ='PLAN DE NECESIDADES'!H6 -> 11161701 | H6: ='PLAN DE NECESIDADES'!I6 -> 1898472 | I6: ='PLAN DE NECESIDADES'!J6 -> SIN CREAR | J6: 2 | K6: 69 | L6: 217 | M6: 279 | N6: 217 | O6: 248 | P6: 248 | Q6: 279 | R6: 125 | S6: 62 | T6: 279 | U6: 186 | V6: 32 | W6: 12 | X6: 186 | Y6: 186 | Z6: =SUM(AD6,AQ6,BD6,BQ6,CD6,CQ6,DD6,DQ6,ED6,EQ6,FD6,FQ6,GD6,GQ6,HD6) -> 5312 | AA6: =SUM(AE6,AR6,BE6,BR6,CE6,CR6,DE6,DR6,EE6,ER6,FE6,FR6,GE6,GR6,HE6) -> 2538 | AB6: =SUM(AF6,AS6,BF6,BS6,CF6,CS6,DF6,DS6,EF6,ES6,FF6,FS6,GF6,GS6,HF6) -> 2774 | AC6: 3900 | AD6: =K6*J6 -> 138 | AE6: =J6*34 -> 68 | AF6: =AD6-AE6 -> 70 | AG6: =AC6*AE6 -> 265200 | AH6: =AE6/J6 -> 34 | AI6: 31 | AK6: 20 | AL6: 17 | AM6: 18 | AN6: 18 | AO6: =AL6+AN6 -> 35 | AP6: =AH6+AJ6+AL6+AN6 -> 69 | AQ6: =L6*J6 -> 434 | AR6: =J6*105 -> 210 | AS6: =AQ6-AR6 -> 224 | AT6: =AC6*AR6 -> 819000 | AU6: =AR6/J6 -> 105 | AV6: 93 | AX6: 62 | AY6: 50 | AZ6: 62 | BA6: 62 | BB6: =AW6+AY6+BA6 -> 112 | BC6: =AU6+AW6+AY6+BA6 -> 217 | BD6: =M6*J6 -> 558 | BE6: =J6*135 -> 270 | BF6: =BD6-BE6 -> 288 | BG6: =AC6*BE6 -> 1053000 | BH6: =BE6/J6 -> 135 | BI6: 93 | BK6: 62 | BL6: 20 | BM6: 124 | BN6: 124 | BO6: =BJ6+BL6+BN6 -> 144 | BP6: =BH6+BJ6+BL6+BN6 -> 279 | BQ6: =N6*J6 -> 434 | BR6: =J6*105 -> 210 | BS6: =BQ6-BR6 -> 224 | BT6: =AC6*BR6 -> 819000 | BU6: =BR6/J6 -> 105 | BV6: 93 | BX6: 62 | BY6: 50 | BZ6: 62 | CA6: 62 | CB6: =BW6+BY6+CA6 -> 112 | CC6: =BU6+BW6+BY6+CA6 -> 217 | CD6: =M6*J6 -> 558 | CE6: =J6*120 -> 240 | CF6: =CD6-CE6 -> 318 | CG6: =CE6*AC6 -> 936000 | CH6: =CE6/J6 -> 120 | CI6: 62 | CK6: 62 | CL6: 4 | CM6: 124 | CN6: 124 | CO6: =CJ6+CL6+CN6 -> 128 | CP6: =CH6+CJ6+CL6+CN6 -> 248 | CQ6: =P6*J6 -> 496 | CR6: =J6*120 -> 240 | CS6: =CQ6-CR6 -> 256 | CT6: =AC6*CR6 -> 936000 | CU6: =CR6/J6 -> 120 | CV6: 93 | CX6: 93 | CY6: 66 | CZ6: 62 | DA6: 62 | DB6: =CW6+CY6+DA6 -> 128 | DC6: =CU6+CW6+CY6+DA6 -> 248 | DD6: =Q6*J6 -> 558 | DE6: =J6*135 -> 270 | DF6: =DD6-DE6 -> 288 | DG6: =DE6*AC6 -> 1053000 | DH6: =DE6/J6 -> 135 | DI6: 93 | DK6: 124 | DL6: 82 | DM6: 62 | DN6: 62 | DO6: =DJ6+DL6+DN6 -> 144 | DP6: =DH6+DJ6+DL6+DN6 -> 279 | DQ6: =R6*J6 -> 250 | DR6: =J6*58 -> 116 | DS6: =DQ6-DR6 -> 134 | DT6: =DR6*AC6 -> 452400 | DU6: =DR6/J6 -> 58 | DV6: 0 | DX6: 62 | DY6: 4 | DZ6: 63 | EA6: 63 | EB6: =DW6+DY6+EA6 -> 67 | EC6: =DU6+DW6+DY6+EA6 -> 125 | ED6: =S6*J6 -> 124 | EE6: =J6*30 -> 60 | EF6: =ED6-EE6 -> 64 | EG6: =EE6*AC6 -> 234000 | EH6: =EE6/J6 -> 30 | EI6: 0 | EK6: 62 | EL6: =EK6-EH6 -> 32 | EM6: 0 | EO6: =EJ6+EL6+EN6 -> 32 | EP6: =EH6+EJ6+EL6+EN6 -> 62 | EQ6: =T6*J6 -> 558 | ER6: =J6*135 -> 270 | ES6: =EQ6-ER6 -> 288 | ET6: =ER6*AC6 -> 1053000 | EU6: =ER6/J6 -> 135 | EV6: 93 | EX6: 93 | EY6: 51 | EZ6: 93 | FA6: 93 | FB6: =EW6+EY6+FA6 -> 144 | FC6: =EU6+EW6+EY6+FA6 -> 279 | FD6: =U6*J6 -> 372 | FE6: =J6*90 -> 180 | FF6: =FD6-FE6 -> 192 | FG6: =FE6*AC6 -> 702000 | FH6: =FE6/J6 -> 90 | FI6: 62 | FK6: 62 | FL6: 34 | FM6: 62 | FN6: 62 | FO6: =FJ6+FL6+FN6 -> 96 | FP6: =FH6+FJ6+FL6+FN6 -> 186 | FQ6: =V6*J6 -> 64 | FR6: =J6*16 -> 32 | FS6: =FQ6-FR6 -> 32 | FT6: =FR6*AC6 -> 124800 | FU6: =FR6/J6 -> 16 | FV6: 0 | FX6: 16 | FY6: 0 | FZ6: 16 | GA6: 16 | GB6: =FW6+FY6+GA6 -> 16 | GC6: =FU6+FW6+FY6+GA6 -> 32 | GD6: =W6*J6 -> 24 | GE6: =J6*6 -> 12 | GF6: =GD6-GE6 -> 12 | GG6: =GE6*AC6 -> 46800 | GH6: =GE6/J6 -> 6 | GI6: 4 | GK6: 4 | GL6: 2 | GM6: 4 | GN6: 4 | GO6: =GJ6+GL6+GN6 -> 6 | GP6: =GH6+GJ6+GL6+GN6 -> 12 | GQ6: =X6*J6 -> 372 | GR6: =J6*90 -> 180 | GS6: =GQ6-GR6 -> 192 | GT6: =GR6*AC6 -> 702000 | GU6: =GR6/J6 -> 90 | GV6: 62 | GX6: 62 | GY6: 34 | GZ6: 62 | HA6: 62 | HB6: =GW6+GY6+HA6 -> 96 | HC6: =GU6+GW6+GY6+HA6 -> 186 | HD6: =Y6*J6 -> 372 | HE6: =J6*90 -> 180 | HF6: =HD6-HE6 -> 192 | HG6: =HE6*AC6 -> 702000 | HH6: =HE6/J6 -> 90 | HI6: 62 | HK6: 62 | HL6: 34 | HM6: 62 | HN6: 62 | HO6: =HJ6+HL6+HN6 -> 96 | HP6: =HH6+HJ6+HL6+HN6 -> 186
B7: ='PLAN DE NECESIDADES'!B7 -> 3 | C7: ='PLAN DE NECESIDADES'!C7 -> 2791301 | D7: ='PLAN DE NECESIDADES'!D7 -> PARCHES DE LA UNIDAD SUPERIOR Y SUBALTERNA: ESPECIFICACIONES TÉCNICAS DE ACUERDO A LA NORMA TÉCNICA KIT DE DOTACIÓN N°. NTMD-0356 - A2. | E7: ='PLAN DE NECESIDADES'!E7 -> UNIDAD | F7: ='PLAN DE NECESIDADES'!F7 -> 0 | G7: ='PLAN DE NECESIDADES'!H7 -> 11161701 | H7: ='PLAN DE NECESIDADES'!I7 -> 1343999 | I7: ='PLAN DE NECESIDADES'!J7 -> SIN CREAR | J7: 4 | K7: 69 | L7: 217 | M7: 279 | N7: 217 | O7: 248 | P7: 248 | Q7: 279 | R7: 125 | S7: 62 | T7: 279 | U7: 186 | V7: 32 | W7: 12 | X7: 186 | Y7: 186 | Z7: =SUM(AD7,AQ7,BD7,BQ7,CD7,CQ7,DD7,DQ7,ED7,EQ7,FD7,FQ7,GD7,GQ7,HD7) -> 10624 | AA7: =SUM(AE7,AR7,BE7,BR7,CE7,CR7,DE7,DR7,EE7,ER7,FE7,FR7,GE7,GR7,HE7) -> 5076 | AB7: =SUM(AF7,AS7,BF7,BS7,CF7,CS7,DF7,DS7,EF7,ES7,FF7,FS7,GF7,GS7,HF7) -> 5548 | AC7: 4100 | AD7: =K7*J7 -> 276 | AE7: =J7*34 -> 136 | AF7: =AD7-AE7 -> 140 | AG7: =AC7*AE7 -> 557600 | AH7: =AE7/J7 -> 34 | AI7: 31 | AK7: 20 | AL7: 17 | AM7: 18 | AN7: 18 | AO7: =AL7+AN7 -> 35 | AP7: =AH7+AJ7+AL7+AN7 -> 69 | AQ7: =L7*J7 -> 868 | AR7: =J7*105 -> 420 | AS7: =AQ7-AR7 -> 448 | AT7: =AC7*AR7 -> 1722000 | AU7: =AR7/J7 -> 105 | AV7: 93 | AX7: 62 | AY7: 50 | AZ7: 62 | BA7: 62 | BB7: =AW7+AY7+BA7 -> 112 | BC7: =AU7+AW7+AY7+BA7 -> 217 | BD7: =M7*J7 -> 1116 | BE7: =J7*135 -> 540 | BF7: =BD7-BE7 -> 576 | BG7: =AC7*BE7 -> 2214000 | BH7: =BE7/J7 -> 135 | BI7: 93 | BK7: 62 | BL7: 20 | BM7: 124 | BN7: 124 | BO7: =BJ7+BL7+BN7 -> 144 | BP7: =BH7+BJ7+BL7+BN7 -> 279 | BQ7: =N7*J7 -> 868 | BR7: =J7*105 -> 420 | BS7: =BQ7-BR7 -> 448 | BT7: =AC7*BR7 -> 1722000 | BU7: =BR7/J7 -> 105 | BV7: 93 | BX7: 62 | BY7: 50 | BZ7: 62 | CA7: 62 | CB7: =BW7+BY7+CA7 -> 112 | CC7: =BU7+BW7+BY7+CA7 -> 217 | CD7: =M7*J7 -> 1116 | CE7: =J7*120 -> 480 | CF7: =CD7-CE7 -> 636 | CG7: =CE7*AC7 -> 1968000 | CH7: =CE7/J7 -> 120 | CI7: 62 | CK7: 62 | CL7: 4 | CM7: 124 | CN7: 124 | CO7: =CJ7+CL7+CN7 -> 128 | CP7: =CH7+CJ7+CL7+CN7 -> 248 | CQ7: =P7*J7 -> 992 | CR7: =J7*120 -> 480 | CS7: =CQ7-CR7 -> 512 | CT7: =AC7*CR7 -> 1968000 | CU7: =CR7/J7 -> 120 | CV7: 93 | CX7: 93 | CY7: 66 | CZ7: 62 | DA7: 62 | DB7: =CW7+CY7+DA7 -> 128 | DC7: =CU7+CW7+CY7+DA7 -> 248 | DD7: =Q7*J7 -> 1116 | DE7: =J7*135 -> 540 | DF7: =DD7-DE7 -> 576 | DG7: =DE7*AC7 -> 2214000 | DH7: =DE7/J7 -> 135 | DI7: 93 | DK7: 124 | DL7: 82 | DM7: 62 | DN7: 62 | DO7: =DJ7+DL7+DN7 -> 144 | DP7: =DH7+DJ7+DL7+DN7 -> 279 | DQ7: =R7*J7 -> 500 | DR7: =J7*58 -> 232 | DS7: =DQ7-DR7 -> 268 | DT7: =DR7*AC7 -> 951200 | DU7: =DR7/J7 -> 58 | DV7: 0 | DX7: 62 | DY7: 4 | DZ7: 63 | EA7: 63 | EB7: =DW7+DY7+EA7 -> 67 | EC7: =DU7+DW7+DY7+EA7 -> 125 | ED7: =S7*J7 -> 248 | EE7: =J7*30 -> 120 | EF7: =ED7-EE7 -> 128 | EG7: =EE7*AC7 -> 492000 | EH7: =EE7/J7 -> 30 | EI7: 0 | EK7: 62 | EL7: =EK7-EH7 -> 32 | EM7: 0 | EO7: =EJ7+EL7+EN7 -> 32 | EP7: =EH7+EJ7+EL7+EN7 -> 62 | EQ7: =T7*J7 -> 1116 | ER7: =J7*135 -> 540 | ES7: =EQ7-ER7 -> 576 | ET7: =ER7*AC7 -> 2214000 | EU7: =ER7/J7 -> 135 | EV7: 93 | EX7: 93 | EY7: 51 | EZ7: 93 | FA7: 93 | FB7: =EW7+EY7+FA7 -> 144 | FC7: =EU7+EW7+EY7+FA7 -> 279 | FD7: =U7*J7 -> 744 | FE7: =J7*90 -> 360 | FF7: =FD7-FE7 -> 384 | FG7: =FE7*AC7 -> 1476000 | FH7: =FE7/J7 -> 90 | FI7: 62 | FK7: 62 | FL7: 34 | FM7: 62 | FN7: 62 | FO7: =FJ7+FL7+FN7 -> 96 | FP7: =FH7+FJ7+FL7+FN7 -> 186 | FQ7: =V7*J7 -> 128 | FR7: =J7*16 -> 64 | FS7: =FQ7-FR7 -> 64 | FT7: =FR7*AC7 -> 262400 | FU7: =FR7/J7 -> 16 | FV7: 0 | FX7: 16 | FY7: 0 | FZ7: 16 | GA7: 16 | GB7: =FW7+FY7+GA7 -> 16 | GC7: =FU7+FW7+FY7+GA7 -> 32 | GD7: =W7*J7 -> 48 | GE7: =J7*6 -> 24 | GF7: =GD7-GE7 -> 24 | GG7: =GE7*AC7 -> 98400 | GH7: =GE7/J7 -> 6 | GI7: 4 | GK7: 4 | GL7: 2 | GM7: 4 | GN7: 4 | GO7: =GJ7+GL7+GN7 -> 6 | GP7: =GH7+GJ7+GL7+GN7 -> 12 | GQ7: =X7*J7 -> 744 | GR7: =J7*90 -> 360 | GS7: =GQ7-GR7 -> 384 | GT7: =GR7*AC7 -> 1476000 | GU7: =GR7/J7 -> 90 | GV7: 62 | GX7: 62 | GY7: 34 | GZ7: 62 | HA7: 62 | HB7: =GW7+GY7+HA7 -> 96 | HC7: =GU7+GW7+GY7+HA7 -> 186 | HD7: =Y7*J7 -> 744 | HE7: =J7*90 -> 360 | HF7: =HD7-HE7 -> 384 | HG7: =HE7*AC7 -> 1476000 | HH7: =HE7/J7 -> 90 | HI7: 62 | HK7: 62 | HL7: 34 | HM7: 62 | HN7: 62 | HO7: =HJ7+HL7+HN7 -> 96 | HP7: =HH7+HJ7+HL7+HN7 -> 186
B8: ='PLAN DE NECESIDADES'!B8 -> 4 | C8: ='PLAN DE NECESIDADES'!C8 -> 2791301 | D8: ='PLAN DE NECESIDADES'!D8 -> BANDERA DE IDENTIFICACIÓN COLOMBIA: PARA UNIFORME DE COMBATE CAMUFLADO TIPO SELVA "CAMALEÓN" ESPECIFICACIONES TÉCNICAS DE ACUERDO AL BOLETÍN N°.001 ESTANDARIZACIÓN DE LA BANDERA DE IDENTIFICACIÓN EMPLEADA EN EL UNIFORME Nº4 Y 4A DEL PATRÓN DE CAMUFLAJE TERRESTRE "CAMALEÓN". | E8: ='PLAN DE NECESIDADES'!E8 -> UNIDAD | F8: ='PLAN DE NECESIDADES'!F8 -> 0 | G8: ='PLAN DE NECESIDADES'!H8 -> 11161701 | H8: ='PLAN DE NECESIDADES'!I8 -> 1347326 | I8: ='PLAN DE NECESIDADES'!J8 -> SIN CREAR | J8: 2 | K8: 69 | L8: 217 | M8: 279 | N8: 217 | O8: 248 | P8: 248 | Q8: 279 | R8: 125 | S8: 62 | T8: 279 | U8: 186 | V8: 32 | W8: 12 | X8: 186 | Y8: 186 | Z8: =SUM(AD8,AQ8,BD8,BQ8,CD8,CQ8,DD8,DQ8,ED8,EQ8,FD8,FQ8,GD8,GQ8,HD8) -> 5312 | AA8: =SUM(AE8,AR8,BE8,BR8,CE8,CR8,DE8,DR8,EE8,ER8,FE8,FR8,GE8,GR8,HE8) -> 2536 | AB8: =SUM(AF8,AS8,BF8,BS8,CF8,CS8,DF8,DS8,EF8,ES8,FF8,FS8,GF8,GS8,HF8) -> 2776 | AC8: 5300 | AD8: =K8*J8 -> 138 | AE8: =J8*33 -> 66 | AF8: =AD8-AE8 -> 72 | AG8: =AC8*AE8 -> 349800 | AH8: =AE8/J8 -> 33 | AI8: 31 | AK8: 20 | AL8: 18 | AM8: 18 | AN8: 18 | AO8: =AL8+AN8 -> 36 | AP8: =AH8+AJ8+AL8+AN8 -> 69 | AQ8: =L8*J8 -> 434 | AR8: =J8*105 -> 210 | AS8: =AQ8-AR8 -> 224 | AT8: =AC8*AR8 -> 1113000 | AU8: =AR8/J8 -> 105 | AV8: 93 | AX8: 62 | AY8: 50 | AZ8: 62 | BA8: 62 | BB8: =AW8+AY8+BA8 -> 112 | BC8: =AU8+AW8+AY8+BA8 -> 217 | BD8: =M8*J8 -> 558 | BE8: =J8*135 -> 270 | BF8: =BD8-BE8 -> 288 | BG8: =AC8*BE8 -> 1431000 | BH8: =BE8/J8 -> 135 | BI8: 93 | BK8: 62 | BL8: 20 | BM8: 124 | BN8: 124 | BO8: =BJ8+BL8+BN8 -> 144 | BP8: =BH8+BJ8+BL8+BN8 -> 279 | BQ8: =N8*J8 -> 434 | BR8: =J8*105 -> 210 | BS8: =BQ8-BR8 -> 224 | BT8: =AC8*BR8 -> 1113000 | BU8: =BR8/J8 -> 105 | BV8: 93 | BX8: 62 | BY8: 50 | BZ8: 62 | CA8: 62 | CB8: =BW8+BY8+CA8 -> 112 | CC8: =BU8+BW8+BY8+CA8 -> 217 | CD8: =M8*J8 -> 558 | CE8: =J8*120 -> 240 | CF8: =CD8-CE8 -> 318 | CG8: =CE8*AC8 -> 1272000 | CH8: =CE8/J8 -> 120 | CI8: 62 | CK8: 62 | CL8: 4 | CM8: 124 | CN8: 124 | CO8: =CJ8+CL8+CN8 -> 128 | CP8: =CH8+CJ8+CL8+CN8 -> 248 | CQ8: =P8*J8 -> 496 | CR8: =J8*120 -> 240 | CS8: =CQ8-CR8 -> 256 | CT8: =AC8*CR8 -> 1272000 | CU8: =CR8/J8 -> 120 | CV8: 93 | CX8: 93 | CY8: 66 | CZ8: 62 | DA8: 62 | DB8: =CW8+CY8+DA8 -> 128 | DC8: =CU8+CW8+CY8+DA8 -> 248 | DD8: =Q8*J8 -> 558 | DE8: =J8*135 -> 270 | DF8: =DD8-DE8 -> 288 | DG8: =DE8*AC8 -> 1431000 | DH8: =DE8/J8 -> 135 | DI8: 93 | DK8: 124 | DL8: 82 | DM8: 62 | DN8: 62 | DO8: =DJ8+DL8+DN8 -> 144 | DP8: =DH8+DJ8+DL8+DN8 -> 279 | DQ8: =R8*J8 -> 250 | DR8: =J8*58 -> 116 | DS8: =DQ8-DR8 -> 134 | DT8: =DR8*AC8 -> 614800 | DU8: =DR8/J8 -> 58 | DV8: 0 | DX8: 62 | DY8: 4 | DZ8: 63 | EA8: 63 | EB8: =DW8+DY8+EA8 -> 67 | EC8: =DU8+DW8+DY8+EA8 -> 125 | ED8: =S8*J8 -> 124 | EE8: =J8*30 -> 60 | EF8: =ED8-EE8 -> 64 | EG8: =EE8*AC8 -> 318000 | EH8: =EE8/J8 -> 30 | EI8: 0 | EK8: 62 | EL8: =EK8-EH8 -> 32 | EM8: 0 | EO8: =EJ8+EL8+EN8 -> 32 | EP8: =EH8+EJ8+EL8+EN8 -> 62 | EQ8: =T8*J8 -> 558 | ER8: =J8*135 -> 270 | ES8: =EQ8-ER8 -> 288 | ET8: =ER8*AC8 -> 1431000 | EU8: =ER8/J8 -> 135 | EV8: 93 | EX8: 93 | EY8: 51 | EZ8: 93 | FA8: 93 | FB8: =EW8+EY8+FA8 -> 144 | FC8: =EU8+EW8+EY8+FA8 -> 279 | FD8: =U8*J8 -> 372 | FE8: =J8*90 -> 180 | FF8: =FD8-FE8 -> 192 | FG8: =FE8*AC8 -> 954000 | FH8: =FE8/J8 -> 90 | FI8: 62 | FK8: 62 | FL8: 34 | FM8: 62 | FN8: 62 | FO8: =FJ8+FL8+FN8 -> 96 | FP8: =FH8+FJ8+FL8+FN8 -> 186 | FQ8: =V8*J8 -> 64 | FR8: =J8*16 -> 32 | FS8: =FQ8-FR8 -> 32 | FT8: =FR8*AC8 -> 169600 | FU8: =FR8/J8 -> 16 | FV8: 0 | FX8: 16 | FY8: 0 | FZ8: 16 | GA8: 16 | GB8: =FW8+FY8+GA8 -> 16 | GC8: =FU8+FW8+FY8+GA8 -> 32 | GD8: =W8*J8 -> 24 | GE8: =J8*6 -> 12 | GF8: =GD8-GE8 -> 12 | GG8: =GE8*AC8 -> 63600 | GH8: =GE8/J8 -> 6 | GI8: 4 | GK8: 4 | GL8: 2 | GM8: 4 | GN8: 4 | GO8: =GJ8+GL8+GN8 -> 6 | GP8: =GH8+GJ8+GL8+GN8 -> 12 | GQ8: =X8*J8 -> 372 | GR8: =J8*90 -> 180 | GS8: =GQ8-GR8 -> 192 | GT8: =GR8*AC8 -> 954000 | GU8: =GR8/J8 -> 90 | GV8: 62 | GX8: 62 | GY8: 34 | GZ8: 62 | HA8: 62 | HB8: =GW8+GY8+HA8 -> 96 | HC8: =GU8+GW8+GY8+HA8 -> 186 | HD8: =Y8*J8 -> 372 | HE8: =J8*90 -> 180 | HF8: =HD8-HE8 -> 192 | HG8: =HE8*AC8 -> 954000 | HH8: =HE8/J8 -> 90 | HI8: 62 | HK8: 62 | HL8: 34 | HM8: 62 | HN8: 62 | HO8: =HJ8+HL8+HN8 -> 96 | HP8: =HH8+HJ8+HL8+HN8 -> 186
B9: ='PLAN DE NECESIDADES'!B9 -> 5 | C9: ='PLAN DE NECESIDADES'!C9 -> 2791301 | D9: ='PLAN DE NECESIDADES'!D9 -> PARCHE PARA IDENTIFICACIÓN GRUPO SANGUÍNEO: ESPECIFICACIONES TÉCNICAS DE ACUERDO A LA NORMA TÉCNICA KIT DE DOTACIÓN N°. NTMD-0356 - A2. | E9: ='PLAN DE NECESIDADES'!E9 -> UNIDAD | F9: ='PLAN DE NECESIDADES'!F9 -> 0 | G9: ='PLAN DE NECESIDADES'!H9 -> 11161701 | H9: ='PLAN DE NECESIDADES'!I9 -> 1143174 | I9: ='PLAN DE NECESIDADES'!J9 -> SIN CREAR | J9: 2 | K9: 69 | L9: 217 | M9: 279 | N9: 217 | O9: 248 | P9: 248 | Q9: 279 | R9: 125 | S9: 62 | T9: 279 | U9: 186 | V9: 32 | W9: 12 | X9: 186 | Y9: 186 | Z9: =SUM(AD9,AQ9,BD9,BQ9,CD9,CQ9,DD9,DQ9,ED9,EQ9,FD9,FQ9,GD9,GQ9,HD9) -> 5312 | AA9: =SUM(AE9,AR9,BE9,BR9,CE9,CR9,DE9,DR9,EE9,ER9,FE9,FR9,GE9,GR9,HE9) -> 2534 | AB9: =SUM(AF9,AS9,BF9,BS9,CF9,CS9,DF9,DS9,EF9,ES9,FF9,FS9,GF9,GS9,HF9) -> 2778 | AC9: 3700 | AD9: =K9*J9 -> 138 | AE9: =J9*33 -> 66 | AF9: =AD9-AE9 -> 72 | AG9: =AC9*AE9 -> 244200 | AH9: =AE9/J9 -> 33 | AI9: 31 | AK9: 20 | AL9: 18 | AM9: 18 | AN9: 18 | AO9: =AL9+AN9 -> 36 | AP9: =AH9+AJ9+AL9+AN9 -> 69 | AQ9: =L9*J9 -> 434 | AR9: =J9*104 -> 208 | AS9: =AQ9-AR9 -> 226 | AT9: =AC9*AR9 -> 769600 | AU9: =AR9/J9 -> 104 | AV9: 93 | AX9: 62 | AY9: 51 | AZ9: 62 | BA9: 62 | BB9: =AW9+AY9+BA9 -> 113 | BC9: =AU9+AW9+AY9+BA9 -> 217 | BD9: =M9*J9 -> 558 | BE9: =J9*135 -> 270 | BF9: =BD9-BE9 -> 288 | BG9: =AC9*BE9 -> 999000 | BH9: =BE9/J9 -> 135 | BI9: 93 | BK9: 62 | BL9: 20 | BM9: 124 | BN9: 124 | BO9: =BJ9+BL9+BN9 -> 144 | BP9: =BH9+BJ9+BL9+BN9 -> 279 | BQ9: =N9*J9 -> 434 | BR9: =J9*105 -> 210 | BS9: =BQ9-BR9 -> 224 | BT9: =AC9*BR9 -> 777000 | BU9: =BR9/J9 -> 105 | BV9: 93 | BX9: 62 | BY9: 50 | BZ9: 62 | CA9: 62 | CB9: =BW9+BY9+CA9 -> 112 | CC9: =BU9+BW9+BY9+CA9 -> 217 | CD9: =M9*J9 -> 558 | CE9: =J9*120 -> 240 | CF9: =CD9-CE9 -> 318 | CG9: =CE9*AC9 -> 888000 | CH9: =CE9/J9 -> 120 | CI9: 62 | CK9: 62 | CL9: 4 | CM9: 124 | CN9: 124 | CO9: =CJ9+CL9+CN9 -> 128 | CP9: =CH9+CJ9+CL9+CN9 -> 248 | CQ9: =P9*J9 -> 496 | CR9: =J9*120 -> 240 | CS9: =CQ9-CR9 -> 256 | CT9: =AC9*CR9 -> 888000 | CU9: =CR9/J9 -> 120 | CV9: 93 | CX9: 93 | CY9: 66 | CZ9: 62 | DA9: 62 | DB9: =CW9+CY9+DA9 -> 128 | DC9: =CU9+CW9+CY9+DA9 -> 248 | DD9: =Q9*J9 -> 558 | DE9: =J9*135 -> 270 | DF9: =DD9-DE9 -> 288 | DG9: =DE9*AC9 -> 999000 | DH9: =DE9/J9 -> 135 | DI9: 93 | DK9: 124 | DL9: 82 | DM9: 62 | DN9: 62 | DO9: =DJ9+DL9+DN9 -> 144 | DP9: =DH9+DJ9+DL9+DN9 -> 279 | DQ9: =R9*J9 -> 250 | DR9: =J9*58 -> 116 | DS9: =DQ9-DR9 -> 134 | DT9: =DR9*AC9 -> 429200 | DU9: =DR9/J9 -> 58 | DV9: 0 | DX9: 62 | DY9: 4 | DZ9: 63 | EA9: 63 | EB9: =DW9+DY9+EA9 -> 67 | EC9: =DU9+DW9+DY9+EA9 -> 125 | ED9: =S9*J9 -> 124 | EE9: =J9*30 -> 60 | EF9: =ED9-EE9 -> 64 | EG9: =EE9*AC9 -> 222000 | EH9: =EE9/J9 -> 30 | EI9: 0 | EK9: 62 | EL9: =EK9-EH9 -> 32 | EM9: 0 | EO9: =EJ9+EL9+EN9 -> 32 | EP9: =EH9+EJ9+EL9+EN9 -> 62 | EQ9: =T9*J9 -> 558 | ER9: =J9*135 -> 270 | ES9: =EQ9-ER9 -> 288 | ET9: =ER9*AC9 -> 999000 | EU9: =ER9/J9 -> 135 | EV9: 93 | EX9: 93 | EY9: 51 | EZ9: 93 | FA9: 93 | FB9: =EW9+EY9+FA9 -> 144 | FC9: =EU9+EW9+EY9+FA9 -> 279 | FD9: =U9*J9 -> 372 | FE9: =J9*90 -> 180 | FF9: =FD9-FE9 -> 192 | FG9: =FE9*AC9 -> 666000 | FH9: =FE9/J9 -> 90 | FI9: 62 | FK9: 62 | FL9: 34 | FM9: 62 | FN9: 62 | FO9: =FJ9+FL9+FN9 -> 96 | FP9: =FH9+FJ9+FL9+FN9 -> 186 | FQ9: =V9*J9 -> 64 | FR9: =J9*16 -> 32 | FS9: =FQ9-FR9 -> 32 | FT9: =FR9*AC9 -> 118400 | FU9: =FR9/J9 -> 16 | FV9: 0 | FX9: 16 | FY9: 0 | FZ9: 16 | GA9: 16 | GB9: =FW9+FY9+GA9 -> 16 | GC9: =FU9+FW9+FY9+GA9 -> 32 | GD9: =W9*J9 -> 24 | GE9: =J9*6 -> 12 | GF9: =GD9-GE9 -> 12 | GG9: =GE9*AC9 -> 44400 | GH9: =GE9/J9 -> 6 | GI9: 4 | GK9: 4 | GL9: 2 | GM9: 4 | GN9: 4 | GO9: =GJ9+GL9+GN9 -> 6 | GP9: =GH9+GJ9+GL9+GN9 -> 12 | GQ9: =X9*J9 -> 372 | GR9: =J9*90 -> 180 | GS9: =GQ9-GR9 -> 192 | GT9: =GR9*AC9 -> 666000 | GU9: =GR9/J9 -> 90 | GV9: 62 | GX9: 62 | GY9: 34 | GZ9: 62 | HA9: 62 | HB9: =GW9+GY9+HA9 -> 96 | HC9: =GU9+GW9+GY9+HA9 -> 186 | HD9: =Y9*J9 -> 372 | HE9: =J9*90 -> 180 | HF9: =HD9-HE9 -> 192 | HG9: =HE9*AC9 -> 666000 | HH9: =HE9/J9 -> 90 | HI9: 62 | HK9: 62 | HL9: 34 | HM9: 62 | HN9: 62 | HO9: =HJ9+HL9+HN9 -> 96 | HP9: =HH9+HJ9+HL9+HN9 -> 186
B10: ='PLAN DE NECESIDADES'!B10 -> 6 | C10: ='PLAN DE NECESIDADES'!C10 -> 2791301 | D10: ='PLAN DE NECESIDADES'!D10 -> INSIGNIA DEL GRADO SOLDADO: ESPECIFICACIONES TÉCNICAS DE ACUERDO A LA NORMA TÉCNICA KIT DE DOTACIÓN N°. NTMD-0356 - A2. | E10: ='PLAN DE NECESIDADES'!E10 -> JUEGO | F10: ='PLAN DE NECESIDADES'!F10 -> 0 | G10: ='PLAN DE NECESIDADES'!H10 -> 11161701 | H10: ='PLAN DE NECESIDADES'!I10 -> 1047424 | I10: ='PLAN DE NECESIDADES'!J10 -> SIN CREAR | J10: 2 | K10: 69 | L10: 217 | M10: 279 | N10: 217 | O10: 248 | P10: 248 | Q10: 279 | R10: 125 | S10: 62 | T10: 279 | U10: 186 | V10: 32 | W10: 12 | X10: 186 | Y10: 186 | Z10: =SUM(AD10,AQ10,BD10,BQ10,CD10,CQ10,DD10,DQ10,ED10,EQ10,FD10,FQ10,GD10,GQ10,HD10) -> 5312 | AA10: =SUM(AE10,AR10,BE10,BR10,CE10,CR10,DE10,DR10,EE10,ER10,FE10,FR10,GE10,GR10,HE10) -> 2534 | AB10: =SUM(AF10,AS10,BF10,BS10,CF10,CS10,DF10,DS10,EF10,ES10,FF10,FS10,GF10,GS10,HF10) -> 2778 | AC10: 14900 | AD10: =K10*J10 -> 138 | AE10: =J10*33 -> 66 | AF10: =AD10-AE10 -> 72 | AG10: =AC10*AE10 -> 983400 | AH10: =AE10/J10 -> 33 | AI10: 31 | AK10: 20 | AL10: 18 | AM10: 18 | AN10: 18 | AO10: =AL10+AN10 -> 36 | AP10: =AH10+AJ10+AL10+AN10 -> 69 | AQ10: =L10*J10 -> 434 | AR10: =J10*105 -> 210 | AS10: =AQ10-AR10 -> 224 | AT10: =AC10*AR10 -> 3129000 | AU10: =AR10/J10 -> 105 | AV10: 93 | AX10: 62 | AY10: 50 | AZ10: 62 | BA10: 62 | BB10: =AW10+AY10+BA10 -> 112 | BC10: =AU10+AW10+AY10+BA10 -> 217 | BD10: =M10*J10 -> 558 | BE10: =J10*135 -> 270 | BF10: =BD10-BE10 -> 288 | BG10: =AC10*BE10 -> 4023000 | BH10: =BE10/J10 -> 135 | BI10: 93 | BK10: 62 | BL10: 20 | BM10: 124 | BN10: 124 | BO10: =BJ10+BL10+BN10 -> 144 | BP10: =BH10+BJ10+BL10+BN10 -> 279 | BQ10: =N10*J10 -> 434 | BR10: =J10*105 -> 210 | BS10: =BQ10-BR10 -> 224 | BT10: =AC10*BR10 -> 3129000 | BU10: =BR10/J10 -> 105 | BV10: 93 | BX10: 62 | BY10: 50 | BZ10: 62 | CA10: 62 | CB10: =BW10+BY10+CA10 -> 112 | CC10: =BU10+BW10+BY10+CA10 -> 217 | CD10: =M10*J10 -> 558 | CE10: =J10*120 -> 240 | CF10: =CD10-CE10 -> 318 | CG10: =CE10*AC10 -> 3576000 | CH10: =CE10/J10 -> 120 | CI10: 62 | CK10: 62 | CL10: 4 | CM10: 124 | CN10: 124 | CO10: =CJ10+CL10+CN10 -> 128 | CP10: =CH10+CJ10+CL10+CN10 -> 248 | CQ10: =P10*J10 -> 496 | CR10: =J10*120 -> 240 | CS10: =CQ10-CR10 -> 256 | CT10: =AC10*CR10 -> 3576000 | CU10: =CR10/J10 -> 120 | CV10: 93 | CX10: 93 | CY10: 66 | CZ10: 62 | DA10: 62 | DB10: =CW10+CY10+DA10 -> 128 | DC10: =CU10+CW10+CY10+DA10 -> 248 | DD10: =Q10*J10 -> 558 | DE10: =J10*135 -> 270 | DF10: =DD10-DE10 -> 288 | DG10: =DE10*AC10 -> 4023000 | DH10: =DE10/J10 -> 135 | DI10: 93 | DK10: 124 | DL10: 82 | DM10: 62 | DN10: 62 | DO10: =DJ10+DL10+DN10 -> 144 | DP10: =DH10+DJ10+DL10+DN10 -> 279 | DQ10: =R10*J10 -> 250 | DR10: =J10*58 -> 116 | DS10: =DQ10-DR10 -> 134 | DT10: =DR10*AC10 -> 1728400 | DU10: =DR10/J10 -> 58 | DV10: 0 | DX10: 62 | DY10: 4 | DZ10: 63 | EA10: 63 | EB10: =DW10+DY10+EA10 -> 67 | EC10: =DU10+DW10+DY10+EA10 -> 125 | ED10: =S10*J10 -> 124 | EE10: =J10*30 -> 60 | EF10: =ED10-EE10 -> 64 | EG10: =EE10*AC10 -> 894000 | EH10: =EE10/J10 -> 30 | EI10: 0 | EK10: 62 | EL10: =EK10-EH10 -> 32 | EM10: 0 | EO10: =EJ10+EL10+EN10 -> 32 | EP10: =EH10+EJ10+EL10+EN10 -> 62 | EQ10: =T10*J10 -> 558 | ER10: =J10*135 -> 270 | ES10: =EQ10-ER10 -> 288 | ET10: =ER10*AC10 -> 4023000 | EU10: =ER10/J10 -> 135 | EV10: 93 | EX10: 93 | EY10: 51 | EZ10: 93 | FA10: 93 | FB10: =EW10+EY10+FA10 -> 144 | FC10: =EU10+EW10+EY10+FA10 -> 279 | FD10: =U10*J10 -> 372 | FE10: =J10*90 -> 180 | FF10: =FD10-FE10 -> 192 | FG10: =FE10*AC10 -> 2682000 | FH10: =FE10/J10 -> 90 | FI10: 62 | FK10: 62 | FL10: 34 | FM10: 62 | FN10: 62 | FO10: =FJ10+FL10+FN10 -> 96 | FP10: =FH10+FJ10+FL10+FN10 -> 186 | FQ10: =V10*J10 -> 64 | FR10: =J10*15 -> 30 | FS10: =FQ10-FR10 -> 34 | FT10: =FR10*AC10 -> 447000 | FU10: =FR10/J10 -> 15 | FV10: 0 | FX10: 16 | FY10: 1 | FZ10: 16 | GA10: 16 | GB10: =FW10+FY10+GA10 -> 17 | GC10: =FU10+FW10+FY10+GA10 -> 32 | GD10: =W10*J10 -> 24 | GE10: =J10*6 -> 12 | GF10: =GD10-GE10 -> 12 | GG10: =GE10*AC10 -> 178800 | GH10: =GE10/J10 -> 6 | GI10: 4 | GK10: 4 | GL10: 2 | GM10: 4 | GN10: 4 | GO10: =GJ10+GL10+GN10 -> 6 | GP10: =GH10+GJ10+GL10+GN10 -> 12 | GQ10: =X10*J10 -> 372 | GR10: =J10*90 -> 180 | GS10: =GQ10-GR10 -> 192 | GT10: =GR10*AC10 -> 2682000 | GU10: =GR10/J10 -> 90 | GV10: 62 | GX10: 62 | GY10: 34 | GZ10: 62 | HA10: 62 | HB10: =GW10+GY10+HA10 -> 96 | HC10: =GU10+GW10+GY10+HA10 -> 186 | HD10: =Y10*J10 -> 372 | HE10: =J10*90 -> 180 | HF10: =HD10-HE10 -> 192 | HG10: =HE10*AC10 -> 2682000 | HH10: =HE10/J10 -> 90 | HI10: 62 | HK10: 62 | HL10: 34 | HM10: 62 | HN10: 62 | HO10: =HJ10+HL10+HN10 -> 96 | HP10: =HH10+HJ10+HL10+HN10 -> 186
B11: ='PLAN DE NECESIDADES'!B11 -> 7 | C11: ='PLAN DE NECESIDADES'!C11 -> 2791301 | D11: ='PLAN DE NECESIDADES'!D11 -> BRAZALETES TÁCTICOS X JUEGO DE 4: ESPECIFICACIONES TÉCNICAS DE ACUERDO A LA NORMA TÉCNICA KIT DE DOTACIÓN N°. NTMD-0356 - A2. | E11: ='PLAN DE NECESIDADES'!E11 -> JUEGO | F11: ='PLAN DE NECESIDADES'!F11 -> 0 | G11: ='PLAN DE NECESIDADES'!H11 -> 11161701 | H11: ='PLAN DE NECESIDADES'!I11 -> 1248964 | I11: ='PLAN DE NECESIDADES'!J11 -> 8455-80-0011302 | J11: 1 | K11: 69 | L11: 217 | M11: 279 | N11: 217 | O11: 248 | P11: 248 | Q11: 279 | R11: 125 | S11: 62 | T11: 279 | U11: 186 | V11: 32 | W11: 12 | X11: 186 | Y11: 186 | Z11: =SUM(AD11,AQ11,BD11,BQ11,CD11,CQ11,DD11,DQ11,ED11,EQ11,FD11,FQ11,GD11,GQ11,HD11) -> 2656 | AA11: =SUM(AE11,AR11,BE11,BR11,CE11,CR11,DE11,DR11,EE11,ER11,FE11,FR11,GE11,GR11,HE11) -> 1260 | AB11: =SUM(AF11,AS11,BF11,BS11,CF11,CS11,DF11,DS11,EF11,ES11,FF11,FS11,GF11,GS11,HF11) -> 1396 | AC11: 8200 | AD11: =K11*J11 -> 69 | AE11: =J11*33 -> 33 | AF11: =AD11-AE11 -> 36 | AG11: =AC11*AE11 -> 270600 | AH11: =AE11/J11 -> 33 | AI11: 31 | AK11: 20 | AL11: 18 | AM11: 18 | AN11: 18 | AO11: =AL11+AN11 -> 36 | AP11: =AH11+AJ11+AL11+AN11 -> 69 | AQ11: =L11*J11 -> 217 | AR11: =J11*105 -> 105 | AS11: =AQ11-AR11 -> 112 | AT11: =AC11*AR11 -> 861000 | AU11: =AR11/J11 -> 105 | AV11: 93 | AX11: 62 | AY11: 50 | AZ11: 62 | BA11: 62 | BB11: =AW11+AY11+BA11 -> 112 | BC11: =AU11+AW11+AY11+BA11 -> 217 | BD11: =M11*J11 -> 279 | BE11: =J11*134 -> 134 | BF11: =BD11-BE11 -> 145 | BG11: =AC11*BE11 -> 1098800 | BH11: =BE11/J11 -> 134 | BI11: 93 | BK11: 62 | BL11: 21 | BM11: 124 | BN11: 124 | BO11: =BJ11+BL11+BN11 -> 145 | BP11: =BH11+BJ11+BL11+BN11 -> 279 | BQ11: =N11*J11 -> 217 | BR11: =J11*105 -> 105 | BS11: =BQ11-BR11 -> 112 | BT11: =AC11*BR11 -> 861000 | BU11: =BR11/J11 -> 105 | BV11: 93 | BX11: 62 | BY11: 50 | BZ11: 62 | CA11: 62 | CB11: =BW11+BY11+CA11 -> 112 | CC11: =BU11+BW11+BY11+CA11 -> 217 | CD11: =M11*J11 -> 279 | CE11: =J11*120 -> 120 | CF11: =CD11-CE11 -> 159 | CG11: =CE11*AC11 -> 984000 | CH11: =CE11/J11 -> 120 | CI11: 62 | CK11: 62 | CL11: 4 | CM11: 124 | CN11: 124 | CO11: =CJ11+CL11+CN11 -> 128 | CP11: =CH11+CJ11+CL11+CN11 -> 248 | CQ11: =P11*J11 -> 248 | CR11: =J11*119 -> 119 | CS11: =CQ11-CR11 -> 129 | CT11: =AC11*CR11 -> 975800 | CU11: =CR11/J11 -> 119 | CV11: 93 | CX11: 93 | CY11: 67 | CZ11: 62 | DA11: 62 | DB11: =CW11+CY11+DA11 -> 129 | DC11: =CU11+CW11+CY11+DA11 -> 248 | DD11: =Q11*J11 -> 279 | DE11: =J11*134 -> 134 | DF11: =DD11-DE11 -> 145 | DG11: =DE11*AC11 -> 1098800 | DH11: =DE11/J11 -> 134 | DI11: 93 | DK11: 124 | DL11: 83 | DM11: 62 | DN11: 62 | DO11: =DJ11+DL11+DN11 -> 145 | DP11: =DH11+DJ11+DL11+DN11 -> 279 | DQ11: =R11*J11 -> 125 | DR11: =J11*58 -> 58 | DS11: =DQ11-DR11 -> 67 | DT11: =DR11*AC11 -> 475600 | DU11: =DR11/J11 -> 58 | DV11: 0 | DX11: 62 | DY11: 4 | DZ11: 63 | EA11: 63 | EB11: =DW11+DY11+EA11 -> 67 | EC11: =DU11+DW11+DY11+EA11 -> 125 | ED11: =S11*J11 -> 62 | EE11: =J11*30 -> 30 | EF11: =ED11-EE11 -> 32 | EG11: =EE11*AC11 -> 246000 | EH11: =EE11/J11 -> 30 | EI11: 0 | EK11: 62 | EL11: =EK11-EH11 -> 32 | EM11: 0 | EO11: =EJ11+EL11+EN11 -> 32 | EP11: =EH11+EJ11+EL11+EN11 -> 62 | EQ11: =T11*J11 -> 279 | ER11: =J11*135 -> 135 | ES11: =EQ11-ER11 -> 144 | ET11: =ER11*AC11 -> 1107000 | EU11: =ER11/J11 -> 135 | EV11: 93 | EX11: 93 | EY11: 51 | EZ11: 93 | FA11: 93 | FB11: =EW11+EY11+FA11 -> 144 | FC11: =EU11+EW11+EY11+FA11 -> 279 | FD11: =U11*J11 -> 186 | FE11: =J11*89 -> 89 | FF11: =FD11-FE11 -> 97 | FG11: =FE11*AC11 -> 729800 | FH11: =FE11/J11 -> 89 | FI11: 62 | FK11: 62 | FL11: 35 | FM11: 62 | FN11: 62 | FO11: =FJ11+FL11+FN11 -> 97 | FP11: =FH11+FJ11+FL11+FN11 -> 186 | FQ11: =V11*J11 -> 32 | FR11: =J11*15 -> 15 | FS11: =FQ11-FR11 -> 17 | FT11: =FR11*AC11 -> 123000 | FU11: =FR11/J11 -> 15 | FV11: 0 | FX11: 16 | FY11: 1 | FZ11: 16 | GA11: 16 | GB11: =FW11+FY11+GA11 -> 17 | GC11: =FU11+FW11+FY11+GA11 -> 32 | GD11: =W11*J11 -> 12 | GE11: =J11*5 -> 5 | GF11: =GD11-GE11 -> 7 | GG11: =GE11*AC11 -> 41000 | GH11: =GE11/J11 -> 5 | GI11: 4 | GK11: 4 | GL11: 3 | GM11: 4 | GN11: 4 | GO11: =GJ11+GL11+GN11 -> 7 | GP11: =GH11+GJ11+GL11+GN11 -> 12 | GQ11: =X11*J11 -> 186 | GR11: =J11*89 -> 89 | GS11: =GQ11-GR11 -> 97 | GT11: =GR11*AC11 -> 729800 | GU11: =GR11/J11 -> 89 | GV11: 62 | GX11: 62 | GY11: 35 | GZ11: 62 | HA11: 62 | HB11: =GW11+GY11+HA11 -> 97 | HC11: =GU11+GW11+GY11+HA11 -> 186 | HD11: =Y11*J11 -> 186 | HE11: =J11*89 -> 89 | HF11: =HD11-HE11 -> 97 | HG11: =HE11*AC11 -> 729800 | HH11: =HE11/J11 -> 89 | HI11: 62 | HK11: 62 | HL11: 35 | HM11: 62 | HN11: 62 | HO11: =HJ11+HL11+HN11 -> 97 | HP11: =HH11+HJ11+HL11+HN11 -> 186
B12: ='PLAN DE NECESIDADES'!B12 -> 8 | C12: ='PLAN DE NECESIDADES'!C12 -> 2791301 | D12: ='PLAN DE NECESIDADES'!D12 -> OJOS DE GATO: ESPECIFICACIONES TÉCNICAS DE ACUERDO A LA NORMA TÉCNICA KIT DE DOTACIÓN N°. NTMD-0356 - A2. | E12: ='PLAN DE NECESIDADES'!E12 -> UNIDAD | F12: ='PLAN DE NECESIDADES'!F12 -> 0 | G12: ='PLAN DE NECESIDADES'!H12 -> 11161701 | H12: ='PLAN DE NECESIDADES'!I12 -> 1082391 | I12: ='PLAN DE NECESIDADES'!J12 -> SIN CREAR | J12: 2 | K12: 69 | L12: 217 | M12: 279 | N12: 217 | O12: 248 | P12: 248 | Q12: 279 | R12: 125 | S12: 62 | T12: 279 | U12: 186 | V12: 32 | W12: 12 | X12: 186 | Y12: 186 | Z12: =SUM(AD12,AQ12,BD12,BQ12,CD12,CQ12,DD12,DQ12,ED12,EQ12,FD12,FQ12,GD12,GQ12,HD12) -> 5312 | AA12: =SUM(AE12,AR12,BE12,BR12,CE12,CR12,DE12,DR12,EE12,ER12,FE12,FR12,GE12,GR12,HE12) -> 2534 | AB12: =SUM(AF12,AS12,BF12,BS12,CF12,CS12,DF12,DS12,EF12,ES12,FF12,FS12,GF12,GS12,HF12) -> 2778 | AC12: 4100 | AD12: =K12*J12 -> 138 | AE12: =J12*33 -> 66 | AF12: =AD12-AE12 -> 72 | AG12: =AC12*AE12 -> 270600 | AH12: =AE12/J12 -> 33 | AI12: 31 | AK12: 20 | AL12: 18 | AM12: 18 | AN12: 18 | AO12: =AL12+AN12 -> 36 | AP12: =AH12+AJ12+AL12+AN12 -> 69 | AQ12: =L12*J12 -> 434 | AR12: =J12*105 -> 210 | AS12: =AQ12-AR12 -> 224 | AT12: =AC12*AR12 -> 861000 | AU12: =AR12/J12 -> 105 | AV12: 93 | AX12: 62 | AY12: 50 | AZ12: 62 | BA12: 62 | BB12: =AW12+AY12+BA12 -> 112 | BC12: =AU12+AW12+AY12+BA12 -> 217 | BD12: =M12*J12 -> 558 | BE12: =J12*135 -> 270 | BF12: =BD12-BE12 -> 288 | BG12: =AC12*BE12 -> 1107000 | BH12: =BE12/J12 -> 135 | BI12: 93 | BK12: 62 | BL12: 20 | BM12: 124 | BN12: 124 | BO12: =BJ12+BL12+BN12 -> 144 | BP12: =BH12+BJ12+BL12+BN12 -> 279 | BQ12: =N12*J12 -> 434 | BR12: =J12*105 -> 210 | BS12: =BQ12-BR12 -> 224 | BT12: =AC12*BR12 -> 861000 | BU12: =BR12/J12 -> 105 | BV12: 93 | BX12: 62 | BY12: 50 | BZ12: 62 | CA12: 62 | CB12: =BW12+BY12+CA12 -> 112 | CC12: =BU12+BW12+BY12+CA12 -> 217 | CD12: =M12*J12 -> 558 | CE12: =J12*120 -> 240 | CF12: =CD12-CE12 -> 318 | CG12: =CE12*AC12 -> 984000 | CH12: =CE12/J12 -> 120 | CI12: 62 | CK12: 62 | CL12: 4 | CM12: 124 | CN12: 124 | CO12: =CJ12+CL12+CN12 -> 128 | CP12: =CH12+CJ12+CL12+CN12 -> 248 | CQ12: =P12*J12 -> 496 | CR12: =J12*120 -> 240 | CS12: =CQ12-CR12 -> 256 | CT12: =AC12*CR12 -> 984000 | CU12: =CR12/J12 -> 120 | CV12: 93 | CX12: 93 | CY12: 66 | CZ12: 62 | DA12: 62 | DB12: =CW12+CY12+DA12 -> 128 | DC12: =CU12+CW12+CY12+DA12 -> 248 | DD12: =Q12*J12 -> 558 | DE12: =J12*135 -> 270 | DF12: =DD12-DE12 -> 288 | DG12: =DE12*AC12 -> 1107000 | DH12: =DE12/J12 -> 135 | DI12: 93 | DK12: 124 | DL12: 82 | DM12: 62 | DN12: 62 | DO12: =DJ12+DL12+DN12 -> 144 | DP12: =DH12+DJ12+DL12+DN12 -> 279 | DQ12: =R12*J12 -> 250 | DR12: =J12*58 -> 116 | DS12: =DQ12-DR12 -> 134 | DT12: =DR12*AC12 -> 475600 | DU12: =DR12/J12 -> 58 | DV12: 0 | DX12: 62 | DY12: 4 | DZ12: 63 | EA12: 63 | EB12: =DW12+DY12+EA12 -> 67 | EC12: =DU12+DW12+DY12+EA12 -> 125 | ED12: =S12*J12 -> 124 | EE12: =J12*30 -> 60 | EF12: =ED12-EE12 -> 64 | EG12: =EE12*AC12 -> 246000 | EH12: =EE12/J12 -> 30 | EI12: 0 | EK12: 62 | EL12: =EK12-EH12 -> 32 | EM12: 0 | EO12: =EJ12+EL12+EN12 -> 32 | EP12: =EH12+EJ12+EL12+EN12 -> 62 | EQ12: =T12*J12 -> 558 | ER12: =J12*135 -> 270 | ES12: =EQ12-ER12 -> 288 | ET12: =ER12*AC12 -> 1107000 | EU12: =ER12/J12 -> 135 | EV12: 93 | EX12: 93 | EY12: 51 | EZ12: 93 | FA12: 93 | FB12: =EW12+EY12+FA12 -> 144 | FC12: =EU12+EW12+EY12+FA12 -> 279 | FD12: =U12*J12 -> 372 | FE12: =J12*90 -> 180 | FF12: =FD12-FE12 -> 192 | FG12: =FE12*AC12 -> 738000 | FH12: =FE12/J12 -> 90 | FI12: 62 | FK12: 62 | FL12: 34 | FM12: 62 | FN12: 62 | FO12: =FJ12+FL12+FN12 -> 96 | FP12: =FH12+FJ12+FL12+FN12 -> 186 | FQ12: =V12*J12 -> 64 | FR12: =J12*15 -> 30 | FS12: =FQ12-FR12 -> 34 | FT12: =FR12*AC12 -> 123000 | FU12: =FR12/J12 -> 15 | FV12: 0 | FX12: 16 | FY12: 1 | FZ12: 16 | GA12: 16 | GB12: =FW12+FY12+GA12 -> 17 | GC12: =FU12+FW12+FY12+GA12 -> 32 | GD12: =W12*J12 -> 24 | GE12: =J12*6 -> 12 | GF12: =GD12-GE12 -> 12 | GG12: =GE12*AC12 -> 49200 | GH12: =GE12/J12 -> 6 | GI12: 4 | GK12: 4 | GL12: 2 | GM12: 4 | GN12: 4 | GO12: =GJ12+GL12+GN12 -> 6 | GP12: =GH12+GJ12+GL12+GN12 -> 12 | GQ12: =X12*J12 -> 372 | GR12: =J12*90 -> 180 | GS12: =GQ12-GR12 -> 192 | GT12: =GR12*AC12 -> 738000 | GU12: =GR12/J12 -> 90 | GV12: 62 | GX12: 62 | GY12: 34 | GZ12: 62 | HA12: 62 | HB12: =GW12+GY12+HA12 -> 96 | HC12: =GU12+GW12+GY12+HA12 -> 186 | HD12: =Y12*J12 -> 372 | HE12: =J12*90 -> 180 | HF12: =HD12-HE12 -> 192 | HG12: =HE12*AC12 -> 738000 | HH12: =HE12/J12 -> 90 | HI12: 62 | HK12: 62 | HL12: 34 | HM12: 62 | HN12: 62 | HO12: =HJ12+HL12+HN12 -> 96 | HP12: =HH12+HJ12+HL12+HN12 -> 186
B13: ='PLAN DE NECESIDADES'!B13 -> 9 | C13: ='PLAN DE NECESIDADES'!C13 -> 2792201 | D13: ='PLAN DE NECESIDADES'!D13 -> LIGAS PARA BOTA MANGA PANTALÓN CAMUFLADO: ESPECIFICACIONES TÉCNICAS DE ACUERDO A LA NORMA TÉCNICA KIT DE DOTACIÓN N°. NTMD-0356 - A2. | E13: ='PLAN DE NECESIDADES'!E13 -> PAR | F13: ='PLAN DE NECESIDADES'!F13 -> 0 | G13: ='PLAN DE NECESIDADES'!H13 -> 53102509 | H13: ='PLAN DE NECESIDADES'!I13 -> 1127360 | I13: ='PLAN DE NECESIDADES'!J13 -> 8440-80-0011394 | J13: 1 | K13: 69 | L13: 217 | M13: 279 | N13: 217 | O13: 248 | P13: 248 | Q13: 279 | R13: 125 | S13: 62 | T13: 279 | U13: 186 | V13: 32 | W13: 12 | X13: 186 | Y13: 186 | Z13: =SUM(AD13,AQ13,BD13,BQ13,CD13,CQ13,DD13,DQ13,ED13,EQ13,FD13,FQ13,GD13,GQ13,HD13) -> 2656 | AA13: =SUM(AE13,AR13,BE13,BR13,CE13,CR13,DE13,DR13,EE13,ER13,FE13,FR13,GE13,GR13,HE13) -> 1258 | AB13: =SUM(AF13,AS13,BF13,BS13,CF13,CS13,DF13,DS13,EF13,ES13,FF13,FS13,GF13,GS13,HF13) -> 1398 | AC13: 3400 | AD13: =K13*J13 -> 69 | AE13: =J13*34 -> 34 | AF13: =AD13-AE13 -> 35 | AG13: =AC13*AE13 -> 115600 | AH13: =AE13/J13 -> 34 | AI13: 31 | AK13: 20 | AL13: 17 | AM13: 18 | AN13: 18 | AO13: =AL13+AN13 -> 35 | AP13: =AH13+AJ13+AL13+AN13 -> 69 | AQ13: =L13*J13 -> 217 | AR13: =J13*104 -> 104 | AS13: =AQ13-AR13 -> 113 | AT13: =AC13*AR13 -> 353600 | AU13: =AR13/J13 -> 104 | AV13: 93 | AX13: 62 | AY13: 51 | AZ13: 62 | BA13: 62 | BB13: =AW13+AY13+BA13 -> 113 | BC13: =AU13+AW13+AY13+BA13 -> 217 | BD13: =M13*J13 -> 279 | BE13: =J13*134 -> 134 | BF13: =BD13-BE13 -> 145 | BG13: =AC13*BE13 -> 455600 | BH13: =BE13/J13 -> 134 | BI13: 93 | BK13: 62 | BL13: 21 | BM13: 124 | BN13: 124 | BO13: =BJ13+BL13+BN13 -> 145 | BP13: =BH13+BJ13+BL13+BN13 -> 279 | BQ13: =N13*J13 -> 217 | BR13: =J13*106 -> 106 | BS13: =BQ13-BR13 -> 111 | BT13: =AC13*BR13 -> 360400 | BU13: =BR13/J13 -> 106 | BV13: 93 | BX13: 62 | BY13: 49 | BZ13: 62 | CA13: 62 | CB13: =BW13+BY13+CA13 -> 111 | CC13: =BU13+BW13+BY13+CA13 -> 217 | CD13: =M13*J13 -> 279 | CE13: =J13*118 -> 118 | CF13: =CD13-CE13 -> 161 | CG13: =CE13*AC13 -> 401200 | CH13: =CE13/J13 -> 118 | CI13: 62 | CK13: 62 | CL13: 6 | CM13: 124 | CN13: 124 | CO13: =CJ13+CL13+CN13 -> 130 | CP13: =CH13+CJ13+CL13+CN13 -> 248 | CQ13: =P13*J13 -> 248 | CR13: =J13*119 -> 119 | CS13: =CQ13-CR13 -> 129 | CT13: =AC13*CR13 -> 404600 | CU13: =CR13/J13 -> 119 | CV13: 93 | CX13: 93 | CY13: 67 | CZ13: 62 | DA13: 62 | DB13: =CW13+CY13+DA13 -> 129 | DC13: =CU13+CW13+CY13+DA13 -> 248 | DD13: =Q13*J13 -> 279 | DE13: =J13*134 -> 134 | DF13: =DD13-DE13 -> 145 | DG13: =DE13*AC13 -> 455600 | DH13: =DE13/J13 -> 134 | DI13: 93 | DK13: 124 | DL13: 83 | DM13: 62 | DN13: 62 | DO13: =DJ13+DL13+DN13 -> 145 | DP13: =DH13+DJ13+DL13+DN13 -> 279 | DQ13: =R13*J13 -> 125 | DR13: =J13*58 -> 58 | DS13: =DQ13-DR13 -> 67 | DT13: =DR13*AC13 -> 197200 | DU13: =DR13/J13 -> 58 | DV13: 0 | DX13: 62 | DY13: 4 | DZ13: 63 | EA13: 63 | EB13: =DW13+DY13+EA13 -> 67 | EC13: =DU13+DW13+DY13+EA13 -> 125 | ED13: =S13*J13 -> 62 | EE13: =J13*29 -> 29 | EF13: =ED13-EE13 -> 33 | EG13: =EE13*AC13 -> 98600 | EH13: =EE13/J13 -> 29 | EI13: 0 | EK13: 62 | EL13: =EK13-EH13 -> 33 | EM13: 0 | EO13: =EJ13+EL13+EN13 -> 33 | EP13: =EH13+EJ13+EL13+EN13 -> 62 | EQ13: =T13*J13 -> 279 | ER13: =J13*133 -> 133 | ES13: =EQ13-ER13 -> 146 | ET13: =ER13*AC13 -> 452200 | EU13: =ER13/J13 -> 133 | EV13: 93 | EX13: 93 | EY13: 53 | EZ13: 93 | FA13: 93 | FB13: =EW13+EY13+FA13 -> 146 | FC13: =EU13+EW13+EY13+FA13 -> 279 | FD13: =U13*J13 -> 186 | FE13: =J13*90 -> 90 | FF13: =FD13-FE13 -> 96 | FG13: =FE13*AC13 -> 306000 | FH13: =FE13/J13 -> 90 | FI13: 62 | FK13: 62 | FL13: 34 | FM13: 62 | FN13: 62 | FO13: =FJ13+FL13+FN13 -> 96 | FP13: =FH13+FJ13+FL13+FN13 -> 186 | FQ13: =V13*J13 -> 32 | FR13: =J13*15 -> 15 | FS13: =FQ13-FR13 -> 17 | FT13: =FR13*AC13 -> 51000 | FU13: =FR13/J13 -> 15 | FV13: 0 | FX13: 16 | FY13: 1 | FZ13: 16 | GA13: 16 | GB13: =FW13+FY13+GA13 -> 17 | GC13: =FU13+FW13+FY13+GA13 -> 32 | GD13: =W13*J13 -> 12 | GE13: =J13*4 -> 4 | GF13: =GD13-GE13 -> 8 | GG13: =GE13*AC13 -> 13600 | GH13: =GE13/J13 -> 4 | GI13: 4 | GK13: 4 | GL13: 4 | GM13: 4 | GN13: 4 | GO13: =GJ13+GL13+GN13 -> 8 | GP13: =GH13+GJ13+GL13+GN13 -> 12 | GQ13: =X13*J13 -> 186 | GR13: =J13*90 -> 90 | GS13: =GQ13-GR13 -> 96 | GT13: =GR13*AC13 -> 306000 | GU13: =GR13/J13 -> 90 | GV13: 62 | GX13: 62 | GY13: 34 | GZ13: 62 | HA13: 62 | HB13: =GW13+GY13+HA13 -> 96 | HC13: =GU13+GW13+GY13+HA13 -> 186 | HD13: =Y13*J13 -> 186 | HE13: =J13*90 -> 90 | HF13: =HD13-HE13 -> 96 | HG13: =HE13*AC13 -> 306000 | HH13: =HE13/J13 -> 90 | HI13: 62 | HK13: 62 | HL13: 34 | HM13: 62 | HN13: 62 | HO13: =HJ13+HL13+HN13 -> 96 | HP13: =HH13+HJ13+HL13+HN13 -> 186
B14: ='PLAN DE NECESIDADES'!B14 -> 10 | C14: ='PLAN DE NECESIDADES'!C14 -> 2712007 | D14: ='PLAN DE NECESIDADES'!D14 -> PAÑUELO: ESPECIFICACIONES TÉCNICAS DE ACUERDO A LA NORMA TÉCNICA KIT DE DOTACIÓN N°. NTMD-0356 - A2. | E14: ='PLAN DE NECESIDADES'!E14 -> UNIDAD | F14: ='PLAN DE NECESIDADES'!F14 -> 0 | G14: ='PLAN DE NECESIDADES'!H14 -> 53102512 | H14: ='PLAN DE NECESIDADES'!I14 -> 1316012 | I14: ='PLAN DE NECESIDADES'!J14 -> 8440-80-0011303 | J14: 2 | K14: 69 | L14: 217 | M14: 279 | N14: 217 | O14: 248 | P14: 248 | Q14: 279 | R14: 125 | S14: 62 | T14: 279 | U14: 186 | V14: 32 | W14: 12 | X14: 186 | Y14: 186 | Z14: =SUM(AD14,AQ14,BD14,BQ14,CD14,CQ14,DD14,DQ14,ED14,EQ14,FD14,FQ14,GD14,GQ14,HD14) -> 5312 | AA14: =SUM(AE14,AR14,BE14,BR14,CE14,CR14,DE14,DR14,EE14,ER14,FE14,FR14,GE14,GR14,HE14) -> 2532 | AB14: =SUM(AF14,AS14,BF14,BS14,CF14,CS14,DF14,DS14,EF14,ES14,FF14,FS14,GF14,GS14,HF14) -> 2780 | AC14: 4000 | AD14: =K14*J14 -> 138 | AE14: =J14*33 -> 66 | AF14: =AD14-AE14 -> 72 | AG14: =AC14*AE14 -> 264000 | AH14: =AE14/J14 -> 33 | AI14: 31 | AK14: 20 | AL14: 18 | AM14: 18 | AN14: 18 | AO14: =AL14+AN14 -> 36 | AP14: =AH14+AJ14+AL14+AN14 -> 69 | AQ14: =L14*J14 -> 434 | AR14: =J14*105 -> 210 | AS14: =AQ14-AR14 -> 224 | AT14: =AC14*AR14 -> 840000 | AU14: =AR14/J14 -> 105 | AV14: 93 | AX14: 62 | AY14: 50 | AZ14: 62 | BA14: 62 | BB14: =AW14+AY14+BA14 -> 112 | BC14: =AU14+AW14+AY14+BA14 -> 217 | BD14: =M14*J14 -> 558 | BE14: =J14*135 -> 270 | BF14: =BD14-BE14 -> 288 | BG14: =AC14*BE14 -> 1080000 | BH14: =BE14/J14 -> 135 | BI14: 93 | BK14: 62 | BL14: 20 | BM14: 124 | BN14: 124 | BO14: =BJ14+BL14+BN14 -> 144 | BP14: =BH14+BJ14+BL14+BN14 -> 279 | BQ14: =N14*J14 -> 434 | BR14: =J14*104 -> 208 | BS14: =BQ14-BR14 -> 226 | BT14: =AC14*BR14 -> 832000 | BU14: =BR14/J14 -> 104 | BV14: 93 | BX14: 62 | BY14: 51 | BZ14: 62 | CA14: 62 | CB14: =BW14+BY14+CA14 -> 113 | CC14: =BU14+BW14+BY14+CA14 -> 217 | CD14: =M14*J14 -> 558 | CE14: =J14*120 -> 240 | CF14: =CD14-CE14 -> 318 | CG14: =CE14*AC14 -> 960000 | CH14: =CE14/J14 -> 120 | CI14: 62 | CK14: 62 | CL14: 4 | CM14: 124 | CN14: 124 | CO14: =CJ14+CL14+CN14 -> 128 | CP14: =CH14+CJ14+CL14+CN14 -> 248 | CQ14: =P14*J14 -> 496 | CR14: =J14*120 -> 240 | CS14: =CQ14-CR14 -> 256 | CT14: =AC14*CR14 -> 960000 | CU14: =CR14/J14 -> 120 | CV14: 93 | CX14: 93 | CY14: 66 | CZ14: 62 | DA14: 62 | DB14: =CW14+CY14+DA14 -> 128 | DC14: =CU14+CW14+CY14+DA14 -> 248 | DD14: =Q14*J14 -> 558 | DE14: =J14*135 -> 270 | DF14: =DD14-DE14 -> 288 | DG14: =DE14*AC14 -> 1080000 | DH14: =DE14/J14 -> 135 | DI14: 93 | DK14: 124 | DL14: 82 | DM14: 62 | DN14: 62 | DO14: =DJ14+DL14+DN14 -> 144 | DP14: =DH14+DJ14+DL14+DN14 -> 279 | DQ14: =R14*J14 -> 250 | DR14: =J14*58 -> 116 | DS14: =DQ14-DR14 -> 134 | DT14: =DR14*AC14 -> 464000 | DU14: =DR14/J14 -> 58 | DV14: 0 | DX14: 62 | DY14: 4 | DZ14: 63 | EA14: 63 | EB14: =DW14+DY14+EA14 -> 67 | EC14: =DU14+DW14+DY14+EA14 -> 125 | ED14: =S14*J14 -> 124 | EE14: =J14*30 -> 60 | EF14: =ED14-EE14 -> 64 | EG14: =EE14*AC14 -> 240000 | EH14: =EE14/J14 -> 30 | EI14: 0 | EK14: 62 | EL14: =EK14-EH14 -> 32 | EM14: 0 | EO14: =EJ14+EL14+EN14 -> 32 | EP14: =EH14+EJ14+EL14+EN14 -> 62 | EQ14: =T14*J14 -> 558 | ER14: =J14*135 -> 270 | ES14: =EQ14-ER14 -> 288 | ET14: =ER14*AC14 -> 1080000 | EU14: =ER14/J14 -> 135 | EV14: 93 | EX14: 93 | EY14: 51 | EZ14: 93 | FA14: 93 | FB14: =EW14+EY14+FA14 -> 144 | FC14: =EU14+EW14+EY14+FA14 -> 279 | FD14: =U14*J14 -> 372 | FE14: =J14*90 -> 180 | FF14: =FD14-FE14 -> 192 | FG14: =FE14*AC14 -> 720000 | FH14: =FE14/J14 -> 90 | FI14: 62 | FK14: 62 | FL14: 34 | FM14: 62 | FN14: 62 | FO14: =FJ14+FL14+FN14 -> 96 | FP14: =FH14+FJ14+FL14+FN14 -> 186 | FQ14: =V14*J14 -> 64 | FR14: =J14*15 -> 30 | FS14: =FQ14-FR14 -> 34 | FT14: =FR14*AC14 -> 120000 | FU14: =FR14/J14 -> 15 | FV14: 0 | FX14: 16 | FY14: 1 | FZ14: 16 | GA14: 16 | GB14: =FW14+FY14+GA14 -> 17 | GC14: =FU14+FW14+FY14+GA14 -> 32 | GD14: =W14*J14 -> 24 | GE14: =J14*6 -> 12 | GF14: =GD14-GE14 -> 12 | GG14: =GE14*AC14 -> 48000 | GH14: =GE14/J14 -> 6 | GI14: 4 | GK14: 4 | GL14: 2 | GM14: 4 | GN14: 4 | GO14: =GJ14+GL14+GN14 -> 6 | GP14: =GH14+GJ14+GL14+GN14 -> 12 | GQ14: =X14*J14 -> 372 | GR14: =J14*90 -> 180 | GS14: =GQ14-GR14 -> 192 | GT14: =GR14*AC14 -> 720000 | GU14: =GR14/J14 -> 90 | GV14: 62 | GX14: 62 | GY14: 34 | GZ14: 62 | HA14: 62 | HB14: =GW14+GY14+HA14 -> 96 | HC14: =GU14+GW14+GY14+HA14 -> 186 | HD14: =Y14*J14 -> 372 | HE14: =J14*90 -> 180 | HF14: =HD14-HE14 -> 192 | HG14: =HE14*AC14 -> 720000 | HH14: =HE14/J14 -> 90 | HI14: 62 | HK14: 62 | HL14: 34 | HM14: 62 | HN14: 62 | HO14: =HJ14+HL14+HN14 -> 96 | HP14: =HH14+HJ14+HL14+HN14 -> 186
B15: ='PLAN DE NECESIDADES'!B15 -> 11 | C15: ='PLAN DE NECESIDADES'!C15 -> 2799701 | D15: ='PLAN DE NECESIDADES'!D15 -> BOLSO PARA ÚTILES DE ASEO: ESPECIFICACIONES TÉCNICAS DE ACUERDO A LA NORMA TÉCNICA KIT DE DOTACIÓN N°. NTMD-0356 - A2. | E15: ='PLAN DE NECESIDADES'!E15 -> UNIDAD | F15: ='PLAN DE NECESIDADES'!F15 -> 0 | G15: ='PLAN DE NECESIDADES'!H15 -> 53121503 | H15: ='PLAN DE NECESIDADES'!I15 -> 1082376 | I15: ='PLAN DE NECESIDADES'!J15 -> SIN CREAR | J15: 1 | K15: 69 | L15: 217 | M15: 279 | N15: 217 | O15: 248 | P15: 248 | Q15: 279 | R15: 125 | S15: 62 | T15: 279 | U15: 186 | V15: 32 | W15: 12 | X15: 186 | Y15: 186 | Z15: =SUM(AD15,AQ15,BD15,BQ15,CD15,CQ15,DD15,DQ15,ED15,EQ15,FD15,FQ15,GD15,GQ15,HD15) -> 2656 | AA15: =SUM(AE15,AR15,BE15,BR15,CE15,CR15,DE15,DR15,EE15,ER15,FE15,FR15,GE15,GR15,HE15) -> 1262 | AB15: =SUM(AF15,AS15,BF15,BS15,CF15,CS15,DF15,DS15,EF15,ES15,FF15,FS15,GF15,GS15,HF15) -> 1394 | AC15: 5400 | AD15: =K15*J15 -> 69 | AE15: =J15*33 -> 33 | AF15: =AD15-AE15 -> 36 | AG15: =AC15*AE15 -> 178200 | AH15: =AE15/J15 -> 33 | AI15: 31 | AK15: 20 | AL15: 18 | AM15: 18 | AN15: 18 | AO15: =AL15+AN15 -> 36 | AP15: =AH15+AJ15+AL15+AN15 -> 69 | AQ15: =L15*J15 -> 217 | AR15: =J15*105 -> 105 | AS15: =AQ15-AR15 -> 112 | AT15: =AC15*AR15 -> 567000 | AU15: =AR15/J15 -> 105 | AV15: 93 | AX15: 62 | AY15: 50 | AZ15: 62 | BA15: 62 | BB15: =AW15+AY15+BA15 -> 112 | BC15: =AU15+AW15+AY15+BA15 -> 217 | BD15: =M15*J15 -> 279 | BE15: =J15*135 -> 135 | BF15: =BD15-BE15 -> 144 | BG15: =AC15*BE15 -> 729000 | BH15: =BE15/J15 -> 135 | BI15: 93 | BK15: 62 | BL15: 20 | BM15: 124 | BN15: 124 | BO15: =BJ15+BL15+BN15 -> 144 | BP15: =BH15+BJ15+BL15+BN15 -> 279 | BQ15: =N15*J15 -> 217 | BR15: =J15*104 -> 104 | BS15: =BQ15-BR15 -> 113 | BT15: =AC15*BR15 -> 561600 | BU15: =BR15/J15 -> 104 | BV15: 93 | BX15: 62 | BY15: 51 | BZ15: 62 | CA15: 62 | CB15: =BW15+BY15+CA15 -> 113 | CC15: =BU15+BW15+BY15+CA15 -> 217 | CD15: =M15*J15 -> 279 | CE15: =J15*119 -> 119 | CF15: =CD15-CE15 -> 160 | CG15: =CE15*AC15 -> 642600 | CH15: =CE15/J15 -> 119 | CI15: 62 | CK15: 62 | CL15: 5 | CM15: 124 | CN15: 124 | CO15: =CJ15+CL15+CN15 -> 129 | CP15: =CH15+CJ15+CL15+CN15 -> 248 | CQ15: =P15*J15 -> 248 | CR15: =J15*120 -> 120 | CS15: =CQ15-CR15 -> 128 | CT15: =AC15*CR15 -> 648000 | CU15: =CR15/J15 -> 120 | CV15: 93 | CX15: 93 | CY15: 66 | CZ15: 62 | DA15: 62 | DB15: =CW15+CY15+DA15 -> 128 | DC15: =CU15+CW15+CY15+DA15 -> 248 | DD15: =Q15*J15 -> 279 | DE15: =J15*135 -> 135 | DF15: =DD15-DE15 -> 144 | DG15: =DE15*AC15 -> 729000 | DH15: =DE15/J15 -> 135 | DI15: 93 | DK15: 124 | DL15: 82 | DM15: 62 | DN15: 62 | DO15: =DJ15+DL15+DN15 -> 144 | DP15: =DH15+DJ15+DL15+DN15 -> 279 | DQ15: =R15*J15 -> 125 | DR15: =J15*58 -> 58 | DS15: =DQ15-DR15 -> 67 | DT15: =DR15*AC15 -> 313200 | DU15: =DR15/J15 -> 58 | DV15: 0 | DX15: 62 | DY15: 4 | DZ15: 63 | EA15: 63 | EB15: =DW15+DY15+EA15 -> 67 | EC15: =DU15+DW15+DY15+EA15 -> 125 | ED15: =S15*J15 -> 62 | EE15: =J15*30 -> 30 | EF15: =ED15-EE15 -> 32 | EG15: =EE15*AC15 -> 162000 | EH15: =EE15/J15 -> 30 | EI15: 0 | EK15: 62 | EL15: =EK15-EH15 -> 32 | EM15: 0 | EO15: =EJ15+EL15+EN15 -> 32 | EP15: =EH15+EJ15+EL15+EN15 -> 62 | EQ15: =T15*J15 -> 279 | ER15: =J15*134 -> 134 | ES15: =EQ15-ER15 -> 145 | ET15: =ER15*AC15 -> 723600 | EU15: =ER15/J15 -> 134 | EV15: 93 | EX15: 93 | EY15: 52 | EZ15: 93 | FA15: 93 | FB15: =EW15+EY15+FA15 -> 145 | FC15: =EU15+EW15+EY15+FA15 -> 279 | FD15: =U15*J15 -> 186 | FE15: =J15*90 -> 90 | FF15: =FD15-FE15 -> 96 | FG15: =FE15*AC15 -> 486000 | FH15: =FE15/J15 -> 90 | FI15: 62 | FK15: 62 | FL15: 34 | FM15: 62 | FN15: 62 | FO15: =FJ15+FL15+FN15 -> 96 | FP15: =FH15+FJ15+FL15+FN15 -> 186 | FQ15: =V15*J15 -> 32 | FR15: =J15*15 -> 15 | FS15: =FQ15-FR15 -> 17 | FT15: =FR15*AC15 -> 81000 | FU15: =FR15/J15 -> 15 | FV15: 0 | FX15: 16 | FY15: 1 | FZ15: 16 | GA15: 16 | GB15: =FW15+FY15+GA15 -> 17 | GC15: =FU15+FW15+FY15+GA15 -> 32 | GD15: =W15*J15 -> 12 | GE15: =J15*4 -> 4 | GF15: =GD15-GE15 -> 8 | GG15: =GE15*AC15 -> 21600 | GH15: =GE15/J15 -> 4 | GI15: 4 | GK15: 4 | GL15: 4 | GM15: 4 | GN15: 4 | GO15: =GJ15+GL15+GN15 -> 8 | GP15: =GH15+GJ15+GL15+GN15 -> 12 | GQ15: =X15*J15 -> 186 | GR15: =J15*90 -> 90 | GS15: =GQ15-GR15 -> 96 | GT15: =GR15*AC15 -> 486000 | GU15: =GR15/J15 -> 90 | GV15: 62 | GX15: 62 | GY15: 34 | GZ15: 62 | HA15: 62 | HB15: =GW15+GY15+HA15 -> 96 | HC15: =GU15+GW15+GY15+HA15 -> 186 | HD15: =Y15*J15 -> 186 | HE15: =J15*90 -> 90 | HF15: =HD15-HE15 -> 96 | HG15: =HE15*AC15 -> 486000 | HH15: =HE15/J15 -> 90 | HI15: 62 | HK15: 62 | HL15: 34 | HM15: 62 | HN15: 62 | HO15: =HJ15+HL15+HN15 -> 96 | HP15: =HH15+HJ15+HL15+HN15 -> 186
B16: ='PLAN DE NECESIDADES'!B16 -> 12 | C16: ='PLAN DE NECESIDADES'!C16 -> 2732099 | D16: ='PLAN DE NECESIDADES'!D16 -> MALLA PARA CABELLO COLOR NEGRO DE ACUERDO A ESPECIFICACIONES TÉCNICAS JEMPP-CEDE4-DIETE-ET-04937/INT-0 | E16: ='PLAN DE NECESIDADES'!E16 -> UNIDAD | F16: ='PLAN DE NECESIDADES'!F16 -> 0 | G16: ='PLAN DE NECESIDADES'!H16 -> 53102513 | H16: ='PLAN DE NECESIDADES'!I16 -> 1893958 | I16: ='PLAN DE NECESIDADES'!J16 -> SIN CREAR | J16: 1 | R16: 125 | Z16: =SUM(AD16,AQ16,BD16,BQ16,CD16,CQ16,DD16,DQ16,ED16,EQ16,FD16,FQ16,GD16,GQ16,HD16) -> 125 | AA16: =SUM(AE16,AR16,BE16,BR16,CE16,CR16,DE16,DR16,EE16,ER16,FE16,FR16,GE16,GR16,HE16) -> 58 | AB16: =SUM(AF16,AS16,BF16,BS16,CF16,CS16,DF16,DS16,EF16,ES16,FF16,FS16,GF16,GS16,HF16) -> 67 | AC16: 4700 | DQ16: =R16*J16 -> 125 | DR16: =J16*58 -> 58 | DS16: =DQ16-DR16 -> 67 | DT16: =DR16*AC16 -> 272600 | DU16: =DR16/J16 -> 58 | DV16: 0 | DX16: 62 | DY16: 4 | DZ16: 63 | EA16: 63 | EB16: =DW16+DY16+EA16 -> 67 | EC16: =DU16+DW16+DY16+EA16 -> 125
B17: VALOR TOTAL NECESIDAD | AD17: =SUM(AG5:AG16) -> 3920800 | AQ17: =SUM(AT5:AT16) -> 12337200 | BD17: =SUM(BG5:BG16) -> 15864400 | BQ17: =SUM(BT5:BT16) -> 12338000 | CD17: =SUM(CG5:CG16) -> 14099800 | CQ17: =SUM(CT5:CT16) -> 14100400 | DD17: =SUM(DG5:DG16) -> 15864400 | DQ17: =SUM(DT5:DT16) -> 7105800 | DU17: =DR17/J17 -> #DIV/0! | ED17: =SUM(EG5:EG16) -> 3524600 | EQ17: =SUM(ET5:ET16) -> 15863800 | FD17: =SUM(FG5:FG16) -> 10575800 | FQ17: =SUM(FT5:FT16) -> 1818600 | GD17: =SUM(GG5:GG16) -> 679800 | GQ17: =SUM(GT5:GT16) -> 10575800 | HD17: =SUM(HG5:HG16) -> 10575800
B18: PRESUPUESTO ASIGNADO | AD18: =SUMIFS(PRESUPUESTO!$G$51:$G$65,PRESUPUESTO!$E$51:$E$65,AD3) -> 3923522.9 | AQ18: =SUMIFS(PRESUPUESTO!$G$51:$G$65,PRESUPUESTO!$E$51:$E$65,AQ3) -> 12339195 | BD18: =SUMIFS(PRESUPUESTO!$G$51:$G$65,PRESUPUESTO!$E$51:$E$65,BD3) -> 15864680 | BQ18: =SUMIFS(PRESUPUESTO!$G$51:$G$65,PRESUPUESTO!$E$51:$E$65,BQ3) -> 12339195 | CD18: =SUMIFS(PRESUPUESTO!$G$51:$G$65,PRESUPUESTO!$E$51:$E$65,CD3) -> 14101937 | CQ18: =SUMIFS(PRESUPUESTO!$G$51:$G$65,PRESUPUESTO!$E$51:$E$65,CQ3) -> 14101937 | DD18: =SUMIFS(PRESUPUESTO!$G$51:$G$65,PRESUPUESTO!$E$51:$E$65,DD3) -> 15864680 | DQ18: =SUMIFS(PRESUPUESTO!$G$51:$G$65,PRESUPUESTO!$E$51:$E$65,DQ3) -> 7107831.3 | DU18: =DR18/J18 -> #DIV/0! | ED18: =SUMIFS(PRESUPUESTO!$G$51:$G$65,PRESUPUESTO!$E$51:$E$65,ED3) -> 3525484.3 | EQ18: =SUMIFS(PRESUPUESTO!$G$51:$G$65,PRESUPUESTO!$E$51:$E$65,EQ3) -> 15864680 | FD18: =SUMIFS(PRESUPUESTO!$G$51:$G$65,PRESUPUESTO!$E$51:$E$65,FD3) -> 10576453 | FQ18: =SUMIFS(PRESUPUESTO!$G$51:$G$65,PRESUPUESTO!$E$51:$E$65,FQ3) -> 1819604.8 | GD18: =SUMIFS(PRESUPUESTO!$G$51:$G$65,PRESUPUESTO!$E$51:$E$65,GD3) -> 682351.81 | GQ18: =SUMIFS(PRESUPUESTO!$G$51:$G$65,PRESUPUESTO!$E$51:$E$65,GQ3) -> 10576453 | HD18: =SUMIFS(PRESUPUESTO!$G$51:$G$65,PRESUPUESTO!$E$51:$E$65,HD3) -> 10576453 | HH18: =SUM(AD18:HG18) -> #DIV/0!
B19: SALDO | AD19: =AD18-AD17 -> 2722.896 | AQ19: =AQ18-AQ17 -> 1995.1947 | BD19: =BD18-BD17 -> 279.536 | BQ19: =BQ18-BQ17 -> 1195.1947 | CD19: =CD18-CD17 -> 2137.3653 | CQ19: =CQ18-CQ17 -> 1537.3653 | DD19: =DD18-DD17 -> 279.536 | DQ19: =DQ18-DQ17 -> 2031.3333 | DU19: =DR19/J19 -> #DIV/0! | ED19: =ED18-ED17 -> 884.34133 | EQ19: =EQ18-EQ17 -> 879.536 | FD19: =FD18-FD17 -> 653.024 | FQ19: =FQ18-FQ17 -> 1004.8213 | GD19: =GD18-GD17 -> 2551.808 | GQ19: =GQ18-GQ17 -> 653.024 | HD19: =HD18-HD17 -> 653.024
B21: A-02-02-01-002-008 DOTACIÓN (PRENDAS DE VESTIR Y CALZADO)
B22: ='PLAN DE NECESIDADES'!B20 -> ÍTEM | C22: ='PLAN DE NECESIDADES'!C20 -> CÓDIGO DANE | D22: ='PLAN DE NECESIDADES'!D20 -> DESCRIPCIÓN DEL BIEN Y/O SERVICIO | E22: ='PLAN DE NECESIDADES'!E20 -> UNIDAD MEDIDA | F22: ='PLAN DE NECESIDADES'!F20 -> EXISTENCIAS (STOCK - INVENTARIOS) | G22: ='PLAN DE NECESIDADES'!H20 -> UNSPSC (CCE) | H22: ='PLAN DE NECESIDADES'!I20 -> CÓDIGO MATERIAL SAP | I22: ='PLAN DE NECESIDADES'!J20 -> CÓDIGO OTAN - NOC | J22: CANTIDAD POR ELEMENTO | K22: =AD22 -> BAABS3 | L22: =AQ22 -> BAACA10 | M22: =BD22 -> BAACA2 | N22: =BQ22 -> BAADA1 | O22: =CD22 -> BAEEV2 | P22: =CQ22 -> BAEEV3 | Q22: =DD22 -> BAMMA7 | R22: =DQ22 -> BASPC10 | S22: =ED22 -> BASAC | T22: =EQ22 -> BICAR | U22: =FD22 -> BIMOC70 | V22: =FQ22 -> BITER10 | W22: =GD22 -> DIM15 | X22: =GQ22 -> GMMAT | Y22: =HD22 -> GMRON | Z22: NECESIDAD TOTAL | AA22: MÍNIMAS | AB22: LIMITACIONES | AC22: PRECIO DE REFERENCIA | AD22: BAABS3 | AQ22: BAACA10 | BD22: BAACA2 | BQ22: BAADA1 | CD22: BAEEV2 | CQ22: BAEEV3 | DD22: BAMMA7 | DQ22: BASPC10 | ED22: BASAC | EQ22: BICAR | FD22: BIMOC70 | FQ22: BITER10 | GD22: DIM15 | GQ22: GMMAT | HD22: GMRON
AD23: NT | AE23: M | AF23: L | AG23: VT | AH23: CANTIDADES ADJUDICADAS | AI23: SEGUNDO CONTINGENTE | AJ23: DÉFICIT | AK23: TERCER CONTINGENTE | AL23: DÉFICIT | AM23: CUARTO CONTINGENTE | AN23: DÉFICIT | AO23: TOTAL | AQ23: NT | AR23: M | AS23: L | AT23: VT | AU23: CANTIDADES ADJUDICADAS | AV23: SEGUNDO CONTINGENTE | AW23: DÉFICIT | AX23: TERCER CONTINGENTE | AY23: DÉFICIT | AZ23: CUARTO CONTINGENTE | BA23: DÉFICIT | BB23: TOTAL | BD23: NT | BE23: M | BF23: L | BG23: VT | BH23: CANTIDADES ADJUDICADAS | BI23: SEGUNDO CONTINGENTE | BJ23: DÉFICIT | BK23: TERCER CONTINGENTE | BL23: DÉFICIT | BM23: CUARTO CONTINGENTE | BN23: DÉFICIT | BO23: TOTAL | BQ23: NT | BR23: M | BS23: L | BT23: VT | BU23: CANTIDADES ADJUDICADAS | BV23: SEGUNDO CONTINGENTE | BW23: DÉFICIT | BX23: TERCER CONTINGENTE | BY23: DÉFICIT | BZ23: CUARTO CONTINGENTE | CA23: DÉFICIT | CB23: TOTAL | CD23: NT | CE23: M | CF23: L | CG23: VT | CH23: CANTIDADES ADJUDICADAS | CI23: SEGUNDO CONTINGENTE | CJ23: DÉFICIT | CK23: TERCER CONTINGENTE | CL23: DÉFICIT | CM23: CUARTO CONTINGENTE | CN23: DÉFICIT | CO23: TOTAL | CQ23: NT | CR23: M | CS23: L | CT23: VT | CU23: CANTIDADES ADJUDICADAS | CV23: SEGUNDO CONTINGENTE | CW23: DÉFICIT | CX23: TERCER CONTINGENTE | CY23: DÉFICIT | CZ23: CUARTO CONTINGENTE | DA23: DÉFICIT | DB23: TOTAL | DD23: NT | DE23: M | DF23: L | DG23: VT | DH23: CANTIDADES ADJUDICADAS | DI23: SEGUNDO CONTINGENTE | DJ23: DÉFICIT | DK23: TERCER CONTINGENTE | DL23: DÉFICIT | DM23: CUARTO CONTINGENTE | DN23: DÉFICIT | DO23: TOTAL | DQ23: NT | DR23: M | DS23: L | DT23: VT | DU23: CANTIDADES ADJUDICADAS | DV23: SEGUNDO CONTINGENTE | DW23: DÉFICIT | DX23: TERCER CONTINGENTE | DY23: DÉFICIT | DZ23: CUARTO CONTINGENTE | EA23: DÉFICIT | EB23: TOTAL | ED23: NT | EE23: M | EF23: L | EG23: VT | EH23: CANTIDADES ADJUDICADAS | EI23: SEGUNDO CONTINGENTE | EJ23: DÉFICIT | EK23: TERCER CONTINGENTE | EL23: DÉFICIT | EM23: CUARTO CONTINGENTE | EN23: DÉFICIT | EO23: TOTAL | EQ23: NT | ER23: M | ES23: L | ET23: VT | EU23: CANTIDADES ADJUDICADAS | EV23: SEGUNDO CONTINGENTE | EW23: DÉFICIT | EX23: TERCER CONTINGENTE | EY23: DÉFICIT | EZ23: CUARTO CONTINGENTE | FA23: DÉFICIT | FB23: TOTAL | FD23: NT | FE23: M | FF23: L | FG23: VT | FH23: CANTIDADES ADJUDICADAS | FI23: SEGUNDO CONTINGENTE | FJ23: DÉFICIT | FK23: TERCER CONTINGENTE | FL23: DÉFICIT | FM23: CUARTO CONTINGENTE | FN23: DÉFICIT | FO23: TOTAL | FQ23: NT | FR23: M | FS23: L | FT23: VT | FU23: CANTIDADES ADJUDICADAS | FV23: SEGUNDO CONTINGENTE | FW23: DÉFICIT | FX23: TERCER CONTINGENTE | FY23: DÉFICIT | FZ23: CUARTO CONTINGENTE | GA23: DÉFICIT | GB23: TOTAL | GD23: NT | GE23: M | GF23: L | GG23: VT | GH23: CANTIDADES ADJUDICADAS | GI23: SEGUNDO CONTINGENTE | GJ23: DÉFICIT | GK23: TERCER CONTINGENTE | GL23: DÉFICIT | GM23: CUARTO CONTINGENTE | GN23: DÉFICIT | GO23: TOTAL | GQ23: NT | GR23: M | GS23: L | GT23: VT | GU23: CANTIDADES ADJUDICADAS | GV23: SEGUNDO CONTINGENTE | GW23: DÉFICIT | GX23: TERCER CONTINGENTE | GY23: DÉFICIT | GZ23: CUARTO CONTINGENTE | HA23: DÉFICIT | HB23: TOTAL | HD23: NT | HE23: M | HF23: L | HG23: VT | HH23: CANTIDADES ADJUDICADAS | HI23: SEGUNDO CONTINGENTE | HJ23: DÉFICIT | HK23: TERCER CONTINGENTE | HL23: DÉFICIT | HM23: CUARTO CONTINGENTE | HN23: DÉFICIT | HO23: TOTAL
B24: ='PLAN DE NECESIDADES'!B21 -> 13 | C24: ='PLAN DE NECESIDADES'!C21 -> 2821001 | D24: ='PLAN DE NECESIDADES'!D21 -> CALCETÍN COLOR BLANCO PARA DEPORTES: EL CALCETÍN DEBE SER ELABORADO EN POLIAMIDA CON TEJIDO ACANALADO 3X1 PARA LA PARTE DE LA CAÑA Y PARA EL PIE, CON UN TEJIDO TIPO TERRY EN EL INTERIOR Y PUEDE SER EN FIBRA ANTIBACTERIAL DESDE LA PARTE ALTA DEL TALÓN, LA PLANTA DEL PIE, LA PUNTERA Y SU ANILLO. EL CALCETÍN LLEVA UNA BANDA ELÁSTICA TEJIDA EN EL CONTORNO DEL ARCO DE LA PLANTA Y EMPEINE PARA EVITAR QUE EL CALCETÍN SE DESLICE, ESPECIFICACIONES SEGÚN NORMA TÉCNICA NO. NTMD-0356 A2 DE ACUERDO A ÍTEM 3.1.2.7 | E24: ='PLAN DE NECESIDADES'!E21 -> PAR | F24: ='PLAN DE NECESIDADES'!F21 -> 0 | G24: ='PLAN DE NECESIDADES'!H21 -> 53102402 | H24: ='PLAN DE NECESIDADES'!I21 -> 1495276 | I24: ='PLAN DE NECESIDADES'!J21 -> SIN CREAR | J24: 1 | K24: 69 | L24: 217 | M24: 279 | N24: 217 | O24: 248 | P24: 248 | Q24: 279 | R24: 125 | S24: 62 | T24: 279 | U24: 186 | V24: 32 | W24: 12 | X24: 186 | Y24: 186 | Z24: =SUM(AD24,AQ24,BD24,BQ24,CD24,CQ24,DD24,DQ24,ED24,EQ24,FD24,FQ24,GD24,GQ24,HD24) -> 2656 | AA24: =SUM(AE24,AR24,BE24,BR24,CE24,CR24,DE24,DR24,EE24,ER24,FE24,FR24,GE24,GR24,HE24) -> 1957 | AB24: =SUM(AF24,AS24,BF24,BS24,CF24,CS24,DF24,DS24,EF24,ES24,FF24,FS24,GF24,GS24,HF24) -> 699 | AC24: 4700 | AD24: =K24*J24 -> 69 | AE24: =J24*54 -> 54 | AF24: =AD24-AE24 -> 15 | AG24: =AC24*AE24 -> 253800 | AH24: =AE24/J24 -> 54 | AI24: 31 | AK24: 20 | AM24: 18 | AN24: 15 | AO24: =AJ24+AL24+AN24 -> 15 | AP24: =AH24+AJ24+AL24+AN24 -> 69 | AQ24: =L24*J24 -> 217 | AR24: =J24*167 -> 167 | AS24: =AQ24-AR24 -> 50 | AT24: =AC24*AR24 -> 784900 | AU24: =AR24/J24 -> 167 | AV24: 93 | AX24: 62 | AZ24: 62 | BA24: 50 | BB24: =AW24+AY24+BA24 -> 50 | BC24: =AU24+AW24+AY24+BA24 -> 217 | BD24: =M24*J24 -> 279 | BE24: =J24*216 -> 216 | BF24: =BD24-BE24 -> 63 | BG24: =AC24*BE24 -> 1015200 | BH24: =BE24/J24 -> 216 | BI24: 93 | BK24: 62 | BM24: 124 | BN24: 63 | BO24: =BJ24+BL24+BN24 -> 63 | BP24: =BH24+BJ24+BL24+BN24 -> 279 | BQ24: =N24*J24 -> 217 | BR24: =J24*168 -> 168 | BS24: =BQ24-BR24 -> 49 | BT24: =AC24*BR24 -> 789600 | BU24: =BR24/J24 -> 168 | BV24: 93 | BX24: 62 | BZ24: 62 | CA24: 49 | CB24: =BW24+BY24+CA24 -> 49 | CC24: =BU24+BW24+BY24+CA24 -> 217 | CD24: =M24*J24 -> 279 | CE24: =J24*190 -> 190 | CF24: =CD24-CE24 -> 89 | CG24: =CE24*AC24 -> 893000 | CH24: =CE24/J24 -> 190 | CI24: 62 | CK24: 62 | CM24: 124 | CN24: 58 | CO24: =CJ24+CL24+CN24 -> 58 | CP24: =CH24+CJ24+CL24+CN24 -> 248 | CQ24: =P24*J24 -> 248 | CR24: =J24*190 -> 190 | CS24: =CQ24-CR24 -> 58 | CT24: =AC24*CR24 -> 893000 | CU24: =CR24/J24 -> 190 | CV24: 93 | CX24: 93 | CZ24: 62 | DA24: 58 | DB24: =CW24+CY24+DA24 -> 58 | DC24: =CU24+CW24+CY24+DA24 -> 248 | DD24: =Q24*J24 -> 279 | DE24: =J24*213 -> 213 | DF24: =DD24-DE24 -> 66 | DG24: =DE24*AC24 -> 1001100 | DH24: =DE24/J24 -> 213 | DI24: 93 | DK24: 124 | DL24: 4 | DM24: 62 | DN24: 62 | DO24: =DJ24+DL24+DN24 -> 66 | DP24: =DH24+DJ24+DL24+DN24 -> 279 | DQ24: =R24*J24 -> 125 | DR24: =J24*40 -> 40 | DS24: =DQ24-DR24 -> 85 | DT24: =DR24*AC24 -> 188000 | DU24: =DR24/J24 -> 40 | DV24: 0 | DX24: 62 | DY24: 22 | DZ24: 63 | EA24: 63 | EB24: =DW24+DY24+EA24 -> 85 | EC24: =DU24+DW24+DY24+EA24 -> 125 | ED24: =S24*J24 -> 62 | EE24: =J24*49 -> 49 | EF24: =ED24-EE24 -> 13 | EG24: =EE24*AC24 -> 230300 | EH24: =EE24/J24 -> 49 | EI24: 0 | EK24: 62 | EL24: =EK24-EH24 -> 13 | EM24: 0 | EO24: =EJ24+EL24+EN24 -> 13 | EP24: =EH24+EJ24+EL24+EN24 -> 62 | EQ24: =T24*J24 -> 279 | ER24: =J24*213 -> 213 | ES24: =EQ24-ER24 -> 66 | ET24: =ER24*AC24 -> 1001100 | EU24: =ER24/J24 -> 213 | EV24: 93 | EX24: 93 | EZ24: 93 | FA24: 66 | FB24: =EW24+EY24+FA24 -> 66 | FC24: =EU24+EW24+EY24+FA24 -> 279 | FD24: =U24*J24 -> 186 | FE24: =J24*141 -> 141 | FF24: =FD24-FE24 -> 45 | FG24: =FE24*AC24 -> 662700 | FH24: =FE24/J24 -> 141 | FI24: 62 | FK24: 62 | FM24: 62 | FN24: 45 | FO24: =FJ24+FL24+FN24 -> 45 | FP24: =FH24+FJ24+FL24+FN24 -> 186 | FQ24: =V24*J24 -> 32 | FR24: =J24*25 -> 25 | FS24: =FQ24-FR24 -> 7 | FT24: =FR24*AC24 -> 117500 | FU24: =FR24/J24 -> 25 | FV24: 0 | FX24: 16 | FZ24: 16 | GA24: 7 | GB24: =FW24+FY24+GA24 -> 7 | GC24: =FU24+FW24+FY24+GA24 -> 32 | GD24: =W24*J24 -> 12 | GE24: =J24*9 -> 9 | GF24: =GD24-GE24 -> 3 | GG24: =GE24*AC24 -> 42300 | GH24: =GE24/J24 -> 9 | GI24: 4 | GK24: 4 | GM24: 4 | GN24: 3 | GO24: =GJ24+GL24+GN24 -> 3 | GP24: =GH24+GJ24+GL24+GN24 -> 12 | GQ24: =X24*J24 -> 186 | GR24: =J24*141 -> 141 | GS24: =GQ24-GR24 -> 45 | GT24: =GR24*AC24 -> 662700 | GU24: =GR24/J24 -> 141 | GV24: 62 | GX24: 62 | GZ24: 62 | HA24: 45 | HB24: =GW24+GY24+HA24 -> 45 | HC24: =GU24+GW24+GY24+HA24 -> 186 | HD24: =Y24*J24 -> 186 | HE24: =J24*141 -> 141 | HF24: =HD24-HE24 -> 45 | HG24: =HE24*AC24 -> 662700 | HH24: =HE24/J24 -> 141 | HI24: 62 | HK24: 62 | HM24: 62 | HN24: 45 | HO24: =HJ24+HL24+HN24 -> 45 | HP24: =HH24+HJ24+HL24+HN24 -> 186
B25: ='PLAN DE NECESIDADES'!B22 -> 14 | C25: ='PLAN DE NECESIDADES'!C22 -> 2823601 | D25: ='PLAN DE NECESIDADES'!D22 -> UNIFORME DE DEPORTES COMPLETO (CAMISETA Y PANTALONETA): DE ACUERDO A NORMA TÉCNICA NO. NTMD-0356 A2 DE ACUERDO A ÍTEM 3.1.2.7 FIGURA ILUSTRATIVA 37 | E25: ='PLAN DE NECESIDADES'!E22 -> UNIDAD | F25: ='PLAN DE NECESIDADES'!F22 -> 0 | G25: ='PLAN DE NECESIDADES'!H22 -> 53102700 | H25: ='PLAN DE NECESIDADES'!I22 -> 1329412 | I25: ='PLAN DE NECESIDADES'!J22 -> SIN CREAR | J25: 1 | K25: 69 | L25: 217 | M25: 279 | N25: 217 | O25: 248 | P25: 248 | Q25: 279 | R25: 125 | S25: 62 | T25: 279 | U25: 186 | V25: 32 | W25: 12 | X25: 186 | Y25: 186 | Z25: =SUM(AD25,AQ25,BD25,BQ25,CD25,CQ25,DD25,DQ25,ED25,EQ25,FD25,FQ25,GD25,GQ25,HD25) -> 2656 | AA25: =SUM(AE25,AR25,BE25,BR25,CE25,CR25,DE25,DR25,EE25,ER25,FE25,FR25,GE25,GR25,HE25) -> 1944 | AB25: =SUM(AF25,AS25,BF25,BS25,CF25,CS25,DF25,DS25,EF25,ES25,FF25,FS25,GF25,GS25,HF25) -> 712 | AC25: 43000 | AD25: =K25*J25 -> 69 | AE25: =J25*52 -> 52 | AF25: =AD25-AE25 -> 17 | AG25: =AC25*AE25 -> 2236000 | AH25: =AE25/J25 -> 52 | AI25: 31 | AK25: 20 | AM25: 18 | AN25: 17 | AO25: =AJ25+AL25+AN25 -> 17 | AP25: =AH25+AJ25+AL25+AN25 -> 69 | AQ25: =L25*J25 -> 217 | AR25: =J25*165 -> 165 | AS25: =AQ25-AR25 -> 52 | AT25: =AC25*AR25 -> 7095000 | AU25: =AR25/J25 -> 165 | AV25: 93 | AX25: 62 | AZ25: 62 | BA25: 52 | BB25: =AW25+AY25+BA25 -> 52 | BC25: =AU25+AW25+AY25+BA25 -> 217 | BD25: =M25*J25 -> 279 | BE25: =J25*212 -> 212 | BF25: =BD25-BE25 -> 67 | BG25: =AC25*BE25 -> 9116000 | BH25: =BE25/J25 -> 212 | BI25: 93 | BK25: 62 | BM25: 124 | BN25: 67 | BO25: =BJ25+BL25+BN25 -> 67 | BP25: =BH25+BJ25+BL25+BN25 -> 279 | BQ25: =N25*J25 -> 217 | BR25: =J25*165 -> 165 | BS25: =BQ25-BR25 -> 52 | BT25: =AC25*BR25 -> 7095000 | BU25: =BR25/J25 -> 165 | BV25: 93 | BX25: 62 | BZ25: 62 | CA25: 52 | CB25: =BW25+BY25+CA25 -> 52 | CC25: =BU25+BW25+BY25+CA25 -> 217 | CD25: =M25*J25 -> 279 | CE25: =J25*189 -> 189 | CF25: =CD25-CE25 -> 90 | CG25: =CE25*AC25 -> 8127000 | CH25: =CE25/J25 -> 189 | CI25: 62 | CK25: 62 | CM25: 124 | CN25: 59 | CO25: =CJ25+CL25+CN25 -> 59 | CP25: =CH25+CJ25+CL25+CN25 -> 248 | CQ25: =P25*J25 -> 248 | CR25: =J25*189 -> 189 | CS25: =CQ25-CR25 -> 59 | CT25: =AC25*CR25 -> 8127000 | CU25: =CR25/J25 -> 189 | CV25: 93 | CX25: 93 | CZ25: 62 | DA25: 59 | DB25: =CW25+CY25+DA25 -> 59 | DC25: =CU25+CW25+CY25+DA25 -> 248 | DD25: =Q25*J25 -> 279 | DE25: =J25*213 -> 213 | DF25: =DD25-DE25 -> 66 | DG25: =DE25*AC25 -> 9159000 | DH25: =DE25/J25 -> 213 | DI25: 93 | DK25: 124 | DL25: 4 | DM25: 62 | DN25: 62 | DO25: =DJ25+DL25+DN25 -> 66 | DP25: =DH25+DJ25+DL25+DN25 -> 279 | DQ25: =R25*J25 -> 125 | DR25: =J25*40 -> 40 | DS25: =DQ25-DR25 -> 85 | DT25: =DR25*AC25 -> 1720000 | DU25: =DR25/J25 -> 40 | DV25: 0 | DX25: 62 | DY25: 22 | DZ25: 63 | EA25: 63 | EB25: =DW25+DY25+EA25 -> 85 | EC25: =DU25+DW25+DY25+EA25 -> 125 | ED25: =S25*J25 -> 62 | EE25: =J25*47 -> 47 | EF25: =ED25-EE25 -> 15 | EG25: =EE25*AC25 -> 2021000 | EH25: =EE25/J25 -> 47 | EI25: 0 | EK25: 62 | EL25: =EK25-EH25 -> 15 | EM25: 0 | EO25: =EJ25+EL25+EN25 -> 15 | EP25: =EH25+EJ25+EL25+EN25 -> 62 | EQ25: =T25*J25 -> 279 | ER25: =J25*213 -> 213 | ES25: =EQ25-ER25 -> 66 | ET25: =ER25*AC25 -> 9159000 | EU25: =ER25/J25 -> 213 | EV25: 93 | EX25: 93 | EZ25: 93 | FA25: 66 | FB25: =EW25+EY25+FA25 -> 66 | FC25: =EU25+EW25+EY25+FA25 -> 279 | FD25: =U25*J25 -> 186 | FE25: =J25*142 -> 142 | FF25: =FD25-FE25 -> 44 | FG25: =FE25*AC25 -> 6106000 | FH25: =FE25/J25 -> 142 | FI25: 62 | FK25: 62 | FM25: 62 | FN25: 44 | FO25: =FJ25+FL25+FN25 -> 44 | FP25: =FH25+FJ25+FL25+FN25 -> 186 | FQ25: =V25*J25 -> 32 | FR25: =J25*24 -> 24 | FS25: =FQ25-FR25 -> 8 | FT25: =FR25*AC25 -> 1032000 | FU25: =FR25/J25 -> 24 | FV25: 0 | FX25: 16 | FZ25: 16 | GA25: 8 | GB25: =FW25+FY25+GA25 -> 8 | GC25: =FU25+FW25+FY25+GA25 -> 32 | GD25: =W25*J25 -> 12 | GE25: =J25*9 -> 9 | GF25: =GD25-GE25 -> 3 | GG25: =GE25*AC25 -> 387000 | GH25: =GE25/J25 -> 9 | GI25: 4 | GK25: 4 | GM25: 4 | GN25: 3 | GO25: =GJ25+GL25+GN25 -> 3 | GP25: =GH25+GJ25+GL25+GN25 -> 12 | GQ25: =X25*J25 -> 186 | GR25: =J25*142 -> 142 | GS25: =GQ25-GR25 -> 44 | GT25: =GR25*AC25 -> 6106000 | GU25: =GR25/J25 -> 142 | GV25: 62 | GX25: 62 | GZ25: 62 | HA25: 44 | HB25: =GW25+GY25+HA25 -> 44 | HC25: =GU25+GW25+GY25+HA25 -> 186 | HD25: =Y25*J25 -> 186 | HE25: =J25*142 -> 142 | HF25: =HD25-HE25 -> 44 | HG25: =HE25*AC25 -> 6106000 | HH25: =HE25/J25 -> 142 | HI25: 62 | HK25: 62 | HM25: 62 | HN25: 44 | HO25: =HJ25+HL25+HN25 -> 44 | HP25: =HH25+HJ25+HL25+HN25 -> 186
B26: ='PLAN DE NECESIDADES'!B23 -> 15 | C26: ='PLAN DE NECESIDADES'!C23 -> 2819003 | D26: ='PLAN DE NECESIDADES'!D23 -> CHANCLAS PARA BAÑO: PUEDEN ESTAR FABRICADAS EN CAUCHO, PVC (POLÍMERO DE CLORURO DE VINILO) O EN EVA (ETILENVINILACETATO), EN UNA SOLO PIEZA POR PROCESO DE INYECCIÓN CON MATERIALES NO RECICLADOS Y QUE NO GENEREN ALERGIAS O CUALQUIER OTRO TIPO DE ENFERMEDAD AL USUARIO POR SU USO NORMAL, SEGÚN NORMA TÉCNICA NO. NTMD-0356 A2 ÍTEM 3.1.1.20 | E26: ='PLAN DE NECESIDADES'!E23 -> PAR | F26: ='PLAN DE NECESIDADES'!F23 -> 0 | G26: ='PLAN DE NECESIDADES'!H23 -> 53111800 | H26: ='PLAN DE NECESIDADES'!I23 -> 1296725 | I26: ='PLAN DE NECESIDADES'!J23 -> SIN CREAR | J26: 1 | K26: 69 | L26: 217 | M26: 279 | N26: 217 | O26: 248 | P26: 248 | Q26: 279 | R26: 125 | S26: 62 | T26: 279 | U26: 186 | V26: 32 | W26: 12 | X26: 186 | Y26: 186 | Z26: =SUM(AD26,AQ26,BD26,BQ26,CD26,CQ26,DD26,DQ26,ED26,EQ26,FD26,FQ26,GD26,GQ26,HD26) -> 2656 | AA26: =SUM(AE26,AR26,BE26,BR26,CE26,CR26,DE26,DR26,EE26,ER26,FE26,FR26,GE26,GR26,HE26) -> 1961 | AB26: =SUM(AF26,AS26,BF26,BS26,CF26,CS26,DF26,DS26,EF26,ES26,FF26,FS26,GF26,GS26,HF26) -> 695 | AC26: 7300 | AD26: =K26*J26 -> 69 | AE26: =J26*55 -> 55 | AF26: =AD26-AE26 -> 14 | AG26: =AC26*AE26 -> 401500 | AH26: =AE26/J26 -> 55 | AI26: 31 | AK26: 20 | AM26: 18 | AN26: 14 | AO26: =AJ26+AL26+AN26 -> 14 | AP26: =AH26+AJ26+AL26+AN26 -> 69 | AQ26: =L26*J26 -> 217 | AR26: =J26*168 -> 168 | AS26: =AQ26-AR26 -> 49 | AT26: =AC26*AR26 -> 1226400 | AU26: =AR26/J26 -> 168 | AV26: 93 | AX26: 62 | AZ26: 62 | BA26: 49 | BB26: =AW26+AY26+BA26 -> 49 | BC26: =AU26+AW26+AY26+BA26 -> 217 | BD26: =M26*J26 -> 279 | BE26: =J26*216 -> 216 | BF26: =BD26-BE26 -> 63 | BG26: =AC26*BE26 -> 1576800 | BH26: =BE26/J26 -> 216 | BI26: 93 | BK26: 62 | BM26: 124 | BN26: 63 | BO26: =BJ26+BL26+BN26 -> 63 | BP26: =BH26+BJ26+BL26+BN26 -> 279 | BQ26: =N26*J26 -> 217 | BR26: =J26*167 -> 167 | BS26: =BQ26-BR26 -> 50 | BT26: =AC26*BR26 -> 1219100 | BU26: =BR26/J26 -> 167 | BV26: 93 | BX26: 62 | BZ26: 62 | CA26: 50 | CB26: =BW26+BY26+CA26 -> 50 | CC26: =BU26+BW26+BY26+CA26 -> 217 | CD26: =M26*J26 -> 279 | CE26: =J26*190 -> 190 | CF26: =CD26-CE26 -> 89 | CG26: =CE26*AC26 -> 1387000 | CH26: =CE26/J26 -> 190 | CI26: 62 | CK26: 62 | CM26: 124 | CN26: 58 | CO26: =CJ26+CL26+CN26 -> 58 | CP26: =CH26+CJ26+CL26+CN26 -> 248 | CQ26: =P26*J26 -> 248 | CR26: =J26*190 -> 190 | CS26: =CQ26-CR26 -> 58 | CT26: =AC26*CR26 -> 1387000 | CU26: =CR26/J26 -> 190 | CV26: 93 | CX26: 93 | CZ26: 62 | DA26: 58 | DB26: =CW26+CY26+DA26 -> 58 | DC26: =CU26+CW26+CY26+DA26 -> 248 | DD26: =Q26*J26 -> 279 | DE26: =J26*212 -> 212 | DF26: =DD26-DE26 -> 67 | DG26: =DE26*AC26 -> 1547600 | DH26: =DE26/J26 -> 212 | DI26: 93 | DK26: 124 | DL26: 5 | DM26: 62 | DN26: 62 | DO26: =DJ26+DL26+DN26 -> 67 | DP26: =DH26+DJ26+DL26+DN26 -> 279 | DQ26: =R26*J26 -> 125 | DR26: =J26*41 -> 41 | DS26: =DQ26-DR26 -> 84 | DT26: =DR26*AC26 -> 299300 | DU26: =DR26/J26 -> 41 | DV26: 0 | DX26: 62 | DY26: 21 | DZ26: 63 | EA26: 63 | EB26: =DW26+DY26+EA26 -> 84 | EC26: =DU26+DW26+DY26+EA26 -> 125 | ED26: =S26*J26 -> 62 | EE26: =J26*48 -> 48 | EF26: =ED26-EE26 -> 14 | EG26: =EE26*AC26 -> 350400 | EH26: =EE26/J26 -> 48 | EI26: 0 | EK26: 62 | EL26: =EK26-EH26 -> 14 | EM26: 0 | EO26: =EJ26+EL26+EN26 -> 14 | EP26: =EH26+EJ26+EL26+EN26 -> 62 | EQ26: =T26*J26 -> 279 | ER26: =J26*212 -> 212 | ES26: =EQ26-ER26 -> 67 | ET26: =ER26*AC26 -> 1547600 | EU26: =ER26/J26 -> 212 | EV26: 93 | EX26: 93 | EZ26: 93 | FA26: 67 | FB26: =EW26+EY26+FA26 -> 67 | FC26: =EU26+EW26+EY26+FA26 -> 279 | FD26: =U26*J26 -> 186 | FE26: =J26*142 -> 142 | FF26: =FD26-FE26 -> 44 | FG26: =FE26*AC26 -> 1036600 | FH26: =FE26/J26 -> 142 | FI26: 62 | FK26: 62 | FM26: 62 | FN26: 44 | FO26: =FJ26+FL26+FN26 -> 44 | FP26: =FH26+FJ26+FL26+FN26 -> 186 | FQ26: =V26*J26 -> 32 | FR26: =J26*26 -> 26 | FS26: =FQ26-FR26 -> 6 | FT26: =FR26*AC26 -> 189800 | FU26: =FR26/J26 -> 26 | FV26: 0 | FX26: 16 | FZ26: 16 | GA26: 6 | GB26: =FW26+FY26+GA26 -> 6 | GC26: =FU26+FW26+FY26+GA26 -> 32 | GD26: =W26*J26 -> 12 | GE26: =J26*10 -> 10 | GF26: =GD26-GE26 -> 2 | GG26: =GE26*AC26 -> 73000 | GH26: =GE26/J26 -> 10 | GI26: 4 | GK26: 4 | GM26: 4 | GN26: 2 | GO26: =GJ26+GL26+GN26 -> 2 | GP26: =GH26+GJ26+GL26+GN26 -> 12 | GQ26: =X26*J26 -> 186 | GR26: =J26*142 -> 142 | GS26: =GQ26-GR26 -> 44 | GT26: =GR26*AC26 -> 1036600 | GU26: =GR26/J26 -> 142 | GV26: 62 | GX26: 62 | GZ26: 62 | HA26: 44 | HB26: =GW26+GY26+HA26 -> 44 | HC26: =GU26+GW26+GY26+HA26 -> 186 | HD26: =Y26*J26 -> 186 | HE26: =J26*142 -> 142 | HF26: =HD26-HE26 -> 44 | HG26: =HE26*AC26 -> 1036600 | HH26: =HE26/J26 -> 142 | HI26: 62 | HK26: 62 | HM26: 62 | HN26: 44 | HO26: =HJ26+HL26+HN26 -> 44 | HP26: =HH26+HJ26+HL26+HN26 -> 186
B27: ='PLAN DE NECESIDADES'!B24 -> 16 | C27: ='PLAN DE NECESIDADES'!C24 -> 2823603 | D27: ='PLAN DE NECESIDADES'!D24 -> BICICLETERO NEGRO CORTO: DE ACUERDO A ESPECIFICACIONES TÉCNICAS ESPECIFICACIONES TÉCNICAS NO JEMPP-CEDE4-DIETE-ET05595/INT-0 | E27: ='PLAN DE NECESIDADES'!E24 -> UNIDAD | F27: ='PLAN DE NECESIDADES'!F24 -> 0 | G27: ='PLAN DE NECESIDADES'!H24 -> 53101500 | H27: ='PLAN DE NECESIDADES'!I24 -> 1893955 | I27: ='PLAN DE NECESIDADES'!J24 -> SIN CREAR | J27: 1 | R27: 125 | Z27: =SUM(AD27,AQ27,BD27,BQ27,CD27,CQ27,DD27,DQ27,ED27,EQ27,FD27,FQ27,GD27,GQ27,HD27) -> 125 | AA27: =SUM(AE27,AR27,BE27,BR27,CE27,CR27,DE27,DR27,EE27,ER27,FE27,FR27,GE27,GR27,HE27) -> 41 | AB27: =SUM(AF27,AS27,BF27,BS27,CF27,CS27,DF27,DS27,EF27,ES27,FF27,FS27,GF27,GS27,HF27) -> 84 | AC27: 37400 | DQ27: =R27*J27 -> 125 | DR27: =J27*41 -> 41 | DS27: =DQ27-DR27 -> 84 | DT27: =DR27*AC27 -> 1533400 | DU27: =DR27/J27 -> 41 | DV27: 0 | DX27: 62 | DY27: 21 | DZ27: 63 | EA27: 63 | EB27: =DW27+DY27+EA27 -> 84 | EC27: =DU27+DW27+DY27+EA27 -> 125
B28: ='PLAN DE NECESIDADES'!B25 -> 17 | C28: ='PLAN DE NECESIDADES'!C25 -> 2822401 | D28: ='PLAN DE NECESIDADES'!D25 -> JUEGO DE ROPA INTERIOR (TOP-CACHETERO) DE ACUERDO A ESPECIFICACIONES TÉCNICAS N° JEMPP-CEDE4-DIETE-ET05573/INT-01 | E28: ='PLAN DE NECESIDADES'!E25 -> UNIDAD | F28: ='PLAN DE NECESIDADES'!F25 -> 0 | G28: ='PLAN DE NECESIDADES'!H25 -> 53102300 | H28: ='PLAN DE NECESIDADES'!I25 -> 1702099 | I28: ='PLAN DE NECESIDADES'!J25 -> SIN CREAR | J28: 1 | R28: 125 | Z28: =SUM(AD28,AQ28,BD28,BQ28,CD28,CQ28,DD28,DQ28,ED28,EQ28,FD28,FQ28,GD28,GQ28,HD28) -> 125 | AA28: =SUM(AE28,AR28,BE28,BR28,CE28,CR28,DE28,DR28,EE28,ER28,FE28,FR28,GE28,GR28,HE28) -> 41 | AB28: =SUM(AF28,AS28,BF28,BS28,CF28,CS28,DF28,DS28,EF28,ES28,FF28,FS28,GF28,GS28,HF28) -> 84 | AC28: 36700 | DQ28: =R28*J28 -> 125 | DR28: =J28*41 -> 41 | DS28: =DQ28-DR28 -> 84 | DT28: =DR28*AC28 -> 1504700 | DU28: =DR28/J28 -> 41 | DV28: 0 | DX28: 62 | DY28: 21 | DZ28: 63 | EA28: 63 | EB28: =DW28+DY28+EA28 -> 84 | EC28: =DU28+DW28+DY28+EA28 -> 125
B29: VALOR TOTAL NECESIDAD | AD29: =SUM(AG24:AG28) -> 2891300 | AQ29: =SUM(AT24:AT28) -> 9106300 | BD29: =SUM(BG24:BG28) -> 11708000 | BQ29: =SUM(BT24:BT28) -> 9103700 | CD29: =SUM(CG24:CG28) -> 10407000 | CQ29: =SUM(CT24:CT28) -> 10407000 | DD29: =SUM(DG24:DG28) -> 11707700 | DQ29: =SUM(DT24:DT28) -> 5245400 | DY29: =DX29-DU29 -> 0 | ED29: =SUM(EG24:EG28) -> 2601700 | EQ29: =SUM(ET24:ET28) -> 11707700 | FD29: =SUM(FG24:FG28) -> 7805300 | FQ29: =SUM(FT24:FT28) -> 1339300 | GD29: =SUM(GG24:GG28) -> 502300 | GQ29: =SUM(GT24:GT28) -> 7805300 | HD29: =SUM(HG24:HG28) -> 7805300
B30: PRESUPUESTO ASIGNADO | AD30: =SUMIFS(PRESUPUESTO!$G$69:$G$83,PRESUPUESTO!$E$69:$E$83,AD22) -> 2895960.4 | AQ30: =SUMIFS(PRESUPUESTO!$G$69:$G$83,PRESUPUESTO!$E$69:$E$83,AQ22) -> 9107585.6 | BD30: =SUMIFS(PRESUPUESTO!$G$69:$G$83,PRESUPUESTO!$E$69:$E$83,BD22) -> 11709753 | BQ30: =SUMIFS(PRESUPUESTO!$G$69:$G$83,PRESUPUESTO!$E$69:$E$83,BQ22) -> 9107585.6 | CD30: =SUMIFS(PRESUPUESTO!$G$69:$G$83,PRESUPUESTO!$E$69:$E$83,CD22) -> 10408669 | CQ30: =SUMIFS(PRESUPUESTO!$G$69:$G$83,PRESUPUESTO!$E$69:$E$83,CQ22) -> 10408669 | DD30: =SUMIFS(PRESUPUESTO!$G$69:$G$83,PRESUPUESTO!$E$69:$E$83,DD22) -> 11709753 | DQ30: =SUMIFS(PRESUPUESTO!$G$69:$G$83,PRESUPUESTO!$E$69:$E$83,DQ22) -> 5246305 | DY30: =DX30-DU30 -> 0 | ED30: =SUMIFS(PRESUPUESTO!$G$69:$G$83,PRESUPUESTO!$E$69:$E$83,ED22) -> 2602167.3 | EQ30: =SUMIFS(PRESUPUESTO!$G$69:$G$83,PRESUPUESTO!$E$69:$E$83,EQ22) -> 11709753 | FD30: =SUMIFS(PRESUPUESTO!$G$69:$G$83,PRESUPUESTO!$E$69:$E$83,FD22) -> 7806501.9 | FQ30: =SUMIFS(PRESUPUESTO!$G$69:$G$83,PRESUPUESTO!$E$69:$E$83,FQ22) -> 1343054.1 | GD30: =SUMIFS(PRESUPUESTO!$G$69:$G$83,PRESUPUESTO!$E$69:$E$83,GD22) -> 503645.28 | GQ30: =SUMIFS(PRESUPUESTO!$G$69:$G$83,PRESUPUESTO!$E$69:$E$83,GQ22) -> 7806501.9 | HD30: =SUMIFS(PRESUPUESTO!$G$69:$G$83,PRESUPUESTO!$E$69:$E$83,HD22) -> 7806501.9 | HH30: =SUM(AD30:HG30) -> 1.1017241e+08
B31: SALDO | AD31: =AD30-AD29 -> 4660.3863 | AQ31: =AQ30-AQ29 -> 1285.5627 | BD31: =BD30-BD29 -> 1752.8663 | BQ31: =BQ30-BQ29 -> 3885.5627 | CD31: =CD30-CD29 -> 1669.2145 | CQ31: =CQ30-CQ29 -> 1669.2145 | DD31: =DD30-DD29 -> 2052.8663 | DQ31: =DQ30-DQ29 -> 905.04762 | DY31: =DX31-DU31 -> 0 | ED31: =ED30-ED29 -> 467.30362 | EQ31: =EQ30-EQ29 -> 2052.8663 | FD31: =FD30-FD29 -> 1201.9109 | FQ31: =FQ30-FQ29 -> 3754.0922 | GD31: =GD30-GD29 -> 1345.2846 | GQ31: =GQ30-GQ29 -> 1201.9109 | HD31: =HD30-HD29 -> 1201.9109
B33: A-02-02-01-003-002 PASTA O PULPA, PAPEL Y PRODUCTOS DE PAPEL; IMPRESOS Y ARTÍCULOS SIMILARES
B34: ='PLAN DE NECESIDADES'!B29 -> ÍTEM | C34: ='PLAN DE NECESIDADES'!C29 -> CÓDIGO DANE | D34: ='PLAN DE NECESIDADES'!D29 -> DESCRIPCIÓN DEL BIEN Y/O SERVICIO | E34: ='PLAN DE NECESIDADES'!E29 -> UNIDAD MEDIDA | F34: ='PLAN DE NECESIDADES'!F29 -> EXISTENCIAS (STOCK - INVENTARIOS) | G34: ='PLAN DE NECESIDADES'!H29 -> UNSPSC (CCE) | H34: ='PLAN DE NECESIDADES'!I29 -> CÓDIGO MATERIAL SAP | I34: ='PLAN DE NECESIDADES'!J29 -> CÓDIGO OTAN - NOC | J34: CANTIDAD POR ELEMENTO | K34: =AD34 -> BAABS3 | L34: =AQ34 -> BAACA10 | M34: =BD34 -> BAACA2 | N34: =BQ34 -> BAADA1 | O34: =CD34 -> BAEEV2 | P34: =CQ34 -> BAEEV3 | Q34: =DD34 -> BAMMA7 | R34: =DQ34 -> BASPC10 | S34: =ED34 -> BASAC | T34: =EQ34 -> BICAR | U34: =FD34 -> BIMOC70 | V34: =FQ34 -> BITER10 | W34: =GD34 -> DIM15 | X34: =GQ34 -> GMMAT | Y34: =HD34 -> GMRON | Z34: NECESIDAD TOTAL | AA34: MÍNIMAS | AB34: LIMITACIONES | AC34: PRECIO DE REFERENCIA | AD34: BAABS3 | AQ34: BAACA10 | BD34: BAACA2 | BQ34: BAADA1 | CD34: BAEEV2 | CQ34: BAEEV3 | DD34: BAMMA7 | DQ34: BASPC10 | ED34: BASAC | EQ34: BICAR | FD34: BIMOC70 | FQ34: BITER10 | GD34: DIM15 | GQ34: GMMAT | HD34: GMRON
AD35: NT | AE35: M | AF35: L | AG35: VT | AH35: CANTIDADES ADJUDICADAS | AI35: SEGUNDO CONTINGENTE | AJ35: DÉFICIT | AK35: TERCER CONTINGENTE | AL35: DÉFICIT | AM35: CUARTO CONTINGENTE | AN35: DÉFICIT | AO35: TOTAL | AQ35: NT | AR35: M | AS35: L | AT35: VT | AU35: CANTIDADES ADJUDICADAS | AV35: SEGUNDO CONTINGENTE | AW35: DÉFICIT | AX35: TERCER CONTINGENTE | AY35: DÉFICIT | AZ35: CUARTO CONTINGENTE | BA35: DÉFICIT | BB35: TOTAL | BD35: NT | BE35: M | BF35: L | BG35: VT | BH35: CANTIDADES ADJUDICADAS | BI35: SEGUNDO CONTINGENTE | BJ35: DÉFICIT | BK35: TERCER CONTINGENTE | BL35: DÉFICIT | BM35: CUARTO CONTINGENTE | BN35: DÉFICIT | BO35: TOTAL | BQ35: NT | BR35: M | BS35: L | BT35: VT | BU35: CANTIDADES ADJUDICADAS | BV35: SEGUNDO CONTINGENTE | BW35: DÉFICIT | BX35: TERCER CONTINGENTE | BY35: DÉFICIT | BZ35: CUARTO CONTINGENTE | CA35: DÉFICIT | CB35: TOTAL | CD35: NT | CE35: M | CF35: L | CG35: VT | CH35: CANTIDADES ADJUDICADAS | CI35: SEGUNDO CONTINGENTE | CJ35: DÉFICIT | CK35: TERCER CONTINGENTE | CL35: DÉFICIT | CM35: CUARTO CONTINGENTE | CN35: DÉFICIT | CO35: TOTAL | CQ35: NT | CR35: M | CS35: L | CT35: VT | CU35: CANTIDADES ADJUDICADAS | CV35: SEGUNDO CONTINGENTE | CW35: DÉFICIT | CX35: TERCER CONTINGENTE | CY35: DÉFICIT | CZ35: CUARTO CONTINGENTE | DA35: DÉFICIT | DB35: TOTAL | DD35: NT | DE35: M | DF35: L | DG35: VT | DH35: CANTIDADES ADJUDICADAS | DI35: SEGUNDO CONTINGENTE | DJ35: DÉFICIT | DK35: TERCER CONTINGENTE | DL35: DÉFICIT | DM35: CUARTO CONTINGENTE | DN35: DÉFICIT | DO35: TOTAL | DQ35: NT | DR35: M | DS35: L | DT35: VT | DU35: CANTIDADES ADJUDICADAS | DV35: SEGUNDO CONTINGENTE | DW35: DÉFICIT | DX35: TERCER CONTINGENTE | DY35: DÉFICIT | DZ35: CUARTO CONTINGENTE | EA35: DÉFICIT | EB35: TOTAL | ED35: NT | EE35: M | EF35: L | EG35: VT | EH35: CANTIDADES ADJUDICADAS | EI35: SEGUNDO CONTINGENTE | EJ35: DÉFICIT | EK35: TERCER CONTINGENTE | EL35: DÉFICIT | EM35: CUARTO CONTINGENTE | EN35: DÉFICIT | EO35: TOTAL | EQ35: NT | ER35: M | ES35: L | ET35: VT | EU35: CANTIDADES ADJUDICADAS | EV35: SEGUNDO CONTINGENTE | EW35: DÉFICIT | EX35: TERCER CONTINGENTE | EY35: DÉFICIT | EZ35: CUARTO CONTINGENTE | FA35: DÉFICIT | FB35: TOTAL | FD35: NT | FE35: M | FF35: L | FG35: VT | FH35: CANTIDADES ADJUDICADAS | FI35: SEGUNDO CONTINGENTE | FJ35: DÉFICIT | FK35: TERCER CONTINGENTE | FL35: DÉFICIT | FM35: CUARTO CONTINGENTE | FN35: DÉFICIT | FO35: TOTAL | FQ35: NT | FR35: M | FS35: L | FT35: VT | FU35: CANTIDADES ADJUDICADAS | FV35: SEGUNDO CONTINGENTE | FW35: DÉFICIT | FX35: TERCER CONTINGENTE | FY35: DÉFICIT | FZ35: CUARTO CONTINGENTE | GA35: DÉFICIT | GB35: TOTAL | GD35: NT | GE35: M | GF35: L | GG35: VT | GH35: CANTIDADES ADJUDICADAS | GI35: SEGUNDO CONTINGENTE | GJ35: DÉFICIT | GK35: TERCER CONTINGENTE | GL35: DÉFICIT | GM35: CUARTO CONTINGENTE | GN35: DÉFICIT | GO35: TOTAL | GQ35: NT | GR35: M | GS35: L | GT35: VT | GU35: CANTIDADES ADJUDICADAS | GV35: SEGUNDO CONTINGENTE | GW35: DÉFICIT | GX35: TERCER CONTINGENTE | GY35: DÉFICIT | GZ35: CUARTO CONTINGENTE | HA35: DÉFICIT | HB35: TOTAL | HD35: NT | HE35: M | HF35: L | HG35: VT | HH35: CANTIDADES ADJUDICADAS | HI35: SEGUNDO CONTINGENTE | HJ35: DÉFICIT | HK35: TERCER CONTINGENTE | HL35: DÉFICIT | HM35: CUARTO CONTINGENTE | HN35: DÉFICIT | HO35: TOTAL
B36: ='PLAN DE NECESIDADES'!B30 -> 18 | C36: ='PLAN DE NECESIDADES'!C30 -> 3270109 | D36: ='PLAN DE NECESIDADES'!D30 -> CUADERNO PARA ESCRITURA: DEBE SER COSIDO, GRAPADO O ARGOLLADO CON PASTA PLASTIFICADA DURA O BLANDA DE MÍNIMO 100 HOJAS DE COLOR BLANCO, ESPECIFICACIONES SEGÚN NORMA TÉCNICA N°. NTMD-0356 A2 ÍTEM 3.1.1.18 | E36: ='PLAN DE NECESIDADES'!E30 -> UNIDAD | F36: ='PLAN DE NECESIDADES'!F30 -> 0 | G36: ='PLAN DE NECESIDADES'!H30 -> 14111514 | H36: ='PLAN DE NECESIDADES'!I30 -> 1277866 | I36: ='PLAN DE NECESIDADES'!J30 -> 7530-80-0011305 | J36: 1 | K36: 69 | L36: 217 | M36: 279 | N36: 217 | O36: 248 | P36: 248 | Q36: 279 | R36: 125 | S36: 62 | T36: 279 | U36: 186 | V36: 32 | W36: 12 | X36: 186 | Y36: 186 | Z36: =SUM(AD36,AQ36,BD36,BQ36,CD36,CQ36,DD36,DQ36,ED36,EQ36,FD36,FQ36,GD36,GQ36,HD36) -> 2656 | AA36: =SUM(AE36,AR36,BE36,BR36,CE36,CR36,DE36,DR36,EE36,ER36,FE36,FR36,GE36,GR36,HE36) -> 1443 | AB36: =SUM(AF36,AS36,BF36,BS36,CF36,CS36,DF36,DS36,EF36,ES36,FF36,FS36,GF36,GS36,HF36) -> 1213 | AC36: 2700 | AD36: =K36*J36 -> 69 | AE36: =J36*40 -> 40 | AF36: =AD36-AE36 -> 29 | AG36: =AC36*AE36 -> 108000 | AH36: =AE36/J36 -> 40 | AI36: 31 | AK36: 20 | AL36: 11 | AM36: 18 | AN36: 18 | AO36: =AJ36+AL36+AN36 -> 29 | AP36: =AH36+AJ36+AL36+AN36 -> 69 | AQ36: =L36*J36 -> 217 | AR36: =J36*122 -> 122 | AS36: =AQ36-AR36 -> 95 | AT36: =AC36*AR36 -> 329400 | AU36: =AR36/J36 -> 122 | AV36: 93 | AX36: 62 | AY36: 33 | AZ36: 62 | BA36: 62 | BB36: =AW36+AY36+BA36 -> 95 | BC36: =AU36+AW36+AY36+BA36 -> 217 | BD36: =M36*J36 -> 279 | BE36: =J36*156 -> 156 | BF36: =BD36-BE36 -> 123 | BG36: =AC36*BE36 -> 421200 | BH36: =BE36/J36 -> 156 | BI36: 93 | BK36: 62 | BM36: 124 | BN36: 123 | BO36: =BJ36+BL36+BN36 -> 123 | BP36: =BH36+BJ36+BL36+BN36 -> 279 | BQ36: =N36*J36 -> 217 | BR36: =J36*122 -> 122 | BS36: =BQ36-BR36 -> 95 | BT36: =AC36*BR36 -> 329400 | BU36: =BR36/J36 -> 122 | BV36: 93 | BX36: 62 | BY36: 33 | BZ36: 62 | CA36: 62 | CB36: =BW36+BY36+CA36 -> 95 | CC36: =BU36+BW36+BY36+CA36 -> 217 | CD36: =M36*J36 -> 279 | CE36: =J36*141 -> 141 | CF36: =CD36-CE36 -> 138 | CG36: =CE36*AC36 -> 380700 | CH36: =CE36/J36 -> 141 | CI36: 62 | CK36: 62 | CM36: 124 | CN36: 107 | CO36: =CJ36+CL36+CN36 -> 107 | CP36: =CH36+CJ36+CL36+CN36 -> 248 | CQ36: =P36*J36 -> 248 | CR36: =J36*141 -> 141 | CS36: =CQ36-CR36 -> 107 | CT36: =AC36*CR36 -> 380700 | CU36: =CR36/J36 -> 141 | CV36: 93 | CX36: 93 | CY36: 45 | CZ36: 62 | DA36: 62 | DB36: =CW36+CY36+DA36 -> 107 | DC36: =CU36+CW36+CY36+DA36 -> 248 | DD36: =Q36*J36 -> 279 | DE36: =J36*156 -> 156 | DF36: =DD36-DE36 -> 123 | DG36: =DE36*AC36 -> 421200 | DH36: =DE36/J36 -> 156 | DI36: 93 | DK36: 124 | DL36: 61 | DM36: 62 | DN36: 62 | DO36: =DJ36+DL36+DN36 -> 123 | DP36: =DH36+DJ36+DL36+DN36 -> 279 | DQ36: =R36*J36 -> 125 | DR36: =J36*35 -> 35 | DS36: =DQ36-DR36 -> 90 | DT36: =DR36*AC36 -> 94500 | DU36: =DR36/J36 -> 35 | DV36: 0 | DX36: 62 | DY36: 27 | DZ36: 63 | EA36: 63 | EB36: =DW36+DY36+EA36 -> 90 | EC36: =DU36+DW36+DY36+EA36 -> 125 | ED36: =S36*J36 -> 62 | EE36: =J36*36 -> 36 | EF36: =ED36-EE36 -> 26 | EG36: =EE36*AC36 -> 97200 | EH36: =EE36/J36 -> 36 | EI36: 0 | EK36: 62 | EL36: =EK36-EH36 -> 26 | EM36: 0 | EO36: =EJ36+EL36+EN36 -> 26 | EP36: =EH36+EJ36+EL36+EN36 -> 62 | EQ36: =T36*J36 -> 279 | ER36: =J36*156 -> 156 | ES36: =EQ36-ER36 -> 123 | ET36: =ER36*AC36 -> 421200 | EU36: =ER36/J36 -> 156 | EV36: 93 | EX36: 93 | EY36: 30 | EZ36: 93 | FA36: 93 | FB36: =EW36+EY36+FA36 -> 123 | FC36: =EU36+EW36+EY36+FA36 -> 279 | FD36: =U36*J36 -> 186 | FE36: =J36*104 -> 104 | FF36: =FD36-FE36 -> 82 | FG36: =FE36*AC36 -> 280800 | FH36: =FE36/J36 -> 104 | FI36: 62 | FK36: 62 | FL36: 20 | FM36: 62 | FN36: 62 | FO36: =FJ36+FL36+FN36 -> 82 | FP36: =FH36+FJ36+FL36+FN36 -> 186 | FQ36: =V36*J36 -> 32 | FR36: =J36*17 -> 17 | FS36: =FQ36-FR36 -> 15 | FT36: =FR36*AC36 -> 45900 | FU36: =FR36/J36 -> 17 | FV36: 0 | FX36: 16 | FZ36: 16 | GA36: 15 | GB36: =FW36+FY36+GA36 -> 15 | GC36: =FU36+FW36+FY36+GA36 -> 32 | GD36: =W36*J36 -> 12 | GE36: =J36*9 -> 9 | GF36: =GD36-GE36 -> 3 | GG36: =GE36*AC36 -> 24300 | GH36: =GE36/J36 -> 9 | GI36: 4 | GK36: 4 | GM36: 4 | GN36: 3 | GO36: =GJ36+GL36+GN36 -> 3 | GP36: =GH36+GJ36+GL36+GN36 -> 12 | GQ36: =X36*J36 -> 186 | GR36: =J36*104 -> 104 | GS36: =GQ36-GR36 -> 82 | GT36: =GR36*AC36 -> 280800 | GU36: =GR36/J36 -> 104 | GV36: 62 | GX36: 62 | GY36: 20 | GZ36: 62 | HA36: 62 | HB36: =GW36+GY36+HA36 -> 82 | HC36: =GU36+GW36+GY36+HA36 -> 186 | HD36: =Y36*J36 -> 186 | HE36: =J36*104 -> 104 | HF36: =HD36-HE36 -> 82 | HG36: =HE36*AC36 -> 280800 | HH36: =HE36/J36 -> 104 | HI36: 62 | HK36: 62 | HL36: 20 | HM36: 62 | HN36: 62 | HO36: =HJ36+HL36+HN36 -> 82 | HP36: =HH36+HJ36+HL36+HN36 -> 186
B37: ='PLAN DE NECESIDADES'!B31 -> 19 | C37: ='PLAN DE NECESIDADES'!C31 -> 3219302 | D37: ='PLAN DE NECESIDADES'!D31 -> PAPEL HIGIÉNICO TRIPLE HOJA: PRESENTACIÓN DE ROLLO TRIPLE HOJA CON UNA LONGITUD MÍNIMA DE 35 METROS, COLOR BLANCO, ABSORBENTE, RESISTENTE, SUAVE Y EMPACADO INDIVIDUALMENTE DE TAL MANERA QUE SUS CONDICIONES NO SE AFECTEN HASTA LLEGAR AL USUARIO FINA ESPECIFICACIONES SEGÚN NORMA TÉCNICA NO. NTMD-0356 A2 ÍTEM 3.1.1.10 | E37: ='PLAN DE NECESIDADES'!E31 -> UNIDAD | F37: ='PLAN DE NECESIDADES'!F31 -> 0 | G37: ='PLAN DE NECESIDADES'!H31 -> 14111704 | H37: ='PLAN DE NECESIDADES'!I31 -> 1632379 | I37: ='PLAN DE NECESIDADES'!J31 -> 8540-80-0011398 | J37: 2 | K37: 69 | L37: 217 | M37: 279 | N37: 217 | O37: 248 | P37: 248 | Q37: 279 | R37: 125 | S37: 62 | T37: 279 | U37: 186 | V37: 32 | W37: 12 | X37: 186 | Y37: 186 | Z37: =SUM(AD37,AQ37,BD37,BQ37,CD37,CQ37,DD37,DQ37,ED37,EQ37,FD37,FQ37,GD37,GQ37,HD37) -> 5312 | AA37: =SUM(AE37,AR37,BE37,BR37,CE37,CR37,DE37,DR37,EE37,ER37,FE37,FR37,GE37,GR37,HE37) -> 2858 | AB37: =SUM(AF37,AS37,BF37,BS37,CF37,CS37,DF37,DS37,EF37,ES37,FF37,FS37,GF37,GS37,HF37) -> 2454 | AC37: 4500 | AD37: =K37*J37 -> 138 | AE37: =J37*38 -> 76 | AF37: =AD37-AE37 -> 62 | AG37: =AC37*AE37 -> 342000 | AH37: =AE37/J37 -> 38 | AI37: 31 | AK37: 20 | AL37: 13 | AM37: 18 | AN37: 18 | AO37: =AJ37+AL37+AN37 -> 31 | AP37: =AH37+AJ37+AL37+AN37 -> 69 | AQ37: =L37*J37 -> 434 | AR37: =J37*121 -> 242 | AS37: =AQ37-AR37 -> 192 | AT37: =AC37*AR37 -> 1089000 | AU37: =AR37/J37 -> 121 | AV37: 93 | AX37: 62 | AY37: 34 | AZ37: 62 | BA37: 62 | BB37: =AW37+AY37+BA37 -> 96 | BC37: =AU37+AW37+AY37+BA37 -> 217 | BD37: =M37*J37 -> 558 | BE37: =J37*156 -> 312 | BF37: =BD37-BE37 -> 246 | BG37: =AC37*BE37 -> 1404000 | BH37: =BE37/J37 -> 156 | BI37: 93 | BK37: 62 | BM37: 124 | BN37: 123 | BO37: =BJ37+BL37+BN37 -> 123 | BP37: =BH37+BJ37+BL37+BN37 -> 279 | BQ37: =N37*J37 -> 434 | BR37: =J37*121 -> 242 | BS37: =BQ37-BR37 -> 192 | BT37: =AC37*BR37 -> 1089000 | BU37: =BR37/J37 -> 121 | BV37: 93 | BX37: 62 | BY37: 34 | BZ37: 62 | CA37: 62 | CB37: =BW37+BY37+CA37 -> 96 | CC37: =BU37+BW37+BY37+CA37 -> 217 | CD37: =M37*J37 -> 558 | CE37: =J37*138 -> 276 | CF37: =CD37-CE37 -> 282 | CG37: =CE37*AC37 -> 1242000 | CH37: =CE37/J37 -> 138 | CI37: 62 | CK37: 62 | CM37: 124 | CN37: 110 | CO37: =CJ37+CL37+CN37 -> 110 | CP37: =CH37+CJ37+CL37+CN37 -> 248 | CQ37: =P37*J37 -> 496 | CR37: =J37*138 -> 276 | CS37: =CQ37-CR37 -> 220 | CT37: =AC37*CR37 -> 1242000 | CU37: =CR37/J37 -> 138 | CV37: 93 | CX37: 93 | CY37: 48 | CZ37: 62 | DA37: 62 | DB37: =CW37+CY37+DA37 -> 110 | DC37: =CU37+CW37+CY37+DA37 -> 248 | DD37: =Q37*J37 -> 558 | DE37: =J37*156 -> 312 | DF37: =DD37-DE37 -> 246 | DG37: =DE37*AC37 -> 1404000 | DH37: =DE37/J37 -> 156 | DI37: 93 | DK37: 124 | DL37: 61 | DM37: 62 | DN37: 62 | DO37: =DJ37+DL37+DN37 -> 123 | DP37: =DH37+DJ37+DL37+DN37 -> 279 | DQ37: =R37*J37 -> 250 | DR37: =J37*35 -> 70 | DS37: =DQ37-DR37 -> 180 | DT37: =DR37*AC37 -> 315000 | DU37: =DR37/J37 -> 35 | DV37: 0 | DX37: 62 | DY37: 27 | DZ37: 63 | EA37: 63 | EB37: =DW37+DY37+EA37 -> 90 | EC37: =DU37+DW37+DY37+EA37 -> 125 | ED37: =S37*J37 -> 124 | EE37: =J37*34 -> 68 | EF37: =ED37-EE37 -> 56 | EG37: =EE37*AC37 -> 306000 | EH37: =EE37/J37 -> 34 | EI37: 0 | EK37: 62 | EL37: =EK37-EH37 -> 28 | EM37: 0 | EO37: =EJ37+EL37+EN37 -> 28 | EP37: =EH37+EJ37+EL37+EN37 -> 62 | EQ37: =T37*J37 -> 558 | ER37: =J37*156 -> 312 | ES37: =EQ37-ER37 -> 246 | ET37: =ER37*AC37 -> 1404000 | EU37: =ER37/J37 -> 156 | EV37: 93 | EX37: 93 | EY37: 30 | EZ37: 93 | FA37: 93 | FB37: =EW37+EY37+FA37 -> 123 | FC37: =EU37+EW37+EY37+FA37 -> 279 | FD37: =U37*J37 -> 372 | FE37: =J37*104 -> 208 | FF37: =FD37-FE37 -> 164 | FG37: =FE37*AC37 -> 936000 | FH37: =FE37/J37 -> 104 | FI37: 62 | FK37: 62 | FL37: 20 | FM37: 62 | FN37: 62 | FO37: =FJ37+FL37+FN37 -> 82 | FP37: =FH37+FJ37+FL37+FN37 -> 186 | FQ37: =V37*J37 -> 64 | FR37: =J37*18 -> 36 | FS37: =FQ37-FR37 -> 28 | FT37: =FR37*AC37 -> 162000 | FU37: =FR37/J37 -> 18 | FV37: 0 | FX37: 16 | FZ37: 16 | GA37: 14 | GB37: =FW37+FY37+GA37 -> 14 | GC37: =FU37+FW37+FY37+GA37 -> 32 | GD37: =W37*J37 -> 24 | GE37: =J37*6 -> 12 | GF37: =GD37-GE37 -> 12 | GG37: =GE37*AC37 -> 54000 | GH37: =GE37/J37 -> 6 | GI37: 4 | GK37: 4 | GL37: 2 | GM37: 4 | GN37: 4 | GO37: =GJ37+GL37+GN37 -> 6 | GP37: =GH37+GJ37+GL37+GN37 -> 12 | GQ37: =X37*J37 -> 372 | GR37: =J37*104 -> 208 | GS37: =GQ37-GR37 -> 164 | GT37: =GR37*AC37 -> 936000 | GU37: =GR37/J37 -> 104 | GV37: 62 | GX37: 62 | GY37: 20 | GZ37: 62 | HA37: 62 | HB37: =GW37+GY37+HA37 -> 82 | HC37: =GU37+GW37+GY37+HA37 -> 186 | HD37: =Y37*J37 -> 372 | HE37: =J37*104 -> 208 | HF37: =HD37-HE37 -> 164 | HG37: =HE37*AC37 -> 936000 | HH37: =HE37/J37 -> 104 | HI37: 62 | HK37: 62 | HL37: 20 | HM37: 62 | HN37: 62 | HO37: =HJ37+HL37+HN37 -> 82 | HP37: =HH37+HJ37+HL37+HN37 -> 186
B38: ='PLAN DE NECESIDADES'!B32 -> 20 | C38: ='PLAN DE NECESIDADES'!C32 -> 3219308 | D38: ='PLAN DE NECESIDADES'!D32 -> TOALLAS HIGIÉNICAS MUJER CON ALAS: ESPECIFICACIONES DE ACUERDO A NTC-3604 | E38: ='PLAN DE NECESIDADES'!E32 -> PAQUETE | F38: ='PLAN DE NECESIDADES'!F32 -> 0 | G38: ='PLAN DE NECESIDADES'!H32 -> 52121700 | H38: ='PLAN DE NECESIDADES'!I32 -> 1476323 | I38: ='PLAN DE NECESIDADES'!J32 -> SIN CREAR | J38: 1 | R38: 125 | Z38: =SUM(AD38,AQ38,BD38,BQ38,CD38,CQ38,DD38,DQ38,ED38,EQ38,FD38,FQ38,GD38,GQ38,HD38) -> 125 | AA38: =SUM(AE38,AR38,BE38,BR38,CE38,CR38,DE38,DR38,EE38,ER38,FE38,FR38,GE38,GR38,HE38) -> 34 | AB38: =SUM(AF38,AS38,BF38,BS38,CF38,CS38,DF38,DS38,EF38,ES38,FF38,FS38,GF38,GS38,HF38) -> 91 | AC38: 12000 | DQ38: =R38*J38 -> 125 | DR38: =J38*34 -> 34 | DS38: =DQ38-DR38 -> 91 | DT38: =DR38*AC38 -> 408000 | DU38: =DR38/J38 -> 34 | DV38: 0 | DX38: 62 | DY38: 28 | DZ38: 63 | EA38: 63 | EB38: =DW38+DY38+EA38 -> 91 | EC38: =DU38+DW38+DY38+EA38 -> 125
B39: VALOR TOTAL NECESIDAD | AD39: =SUM(AG36:AG38) -> 450000 | AQ39: =SUM(AT36:AT38) -> 1418400 | BD39: =SUM(BG36:BG38) -> 1825200 | BQ39: =SUM(BT36:BT38) -> 1418400 | CD39: =SUM(CG36:CG38) -> 1622700 | CQ39: =SUM(CT36:CT38) -> 1622700 | DD39: =SUM(DG36:DG38) -> 1825200 | DQ39: =SUM(DT36:DT38) -> 817500 | DY39: =DX39-DU39 -> 0 | ED39: =SUM(EG36:EG38) -> 403200 | EQ39: =SUM(ET36:ET38) -> 1825200 | FD39: =SUM(FG36:FG38) -> 1216800 | FQ39: =SUM(FT36:FT38) -> 207900 | GD39: =SUM(GG36:GG38) -> 78300 | GQ39: =SUM(GT36:GT38) -> 1216800 | HD39: =SUM(HG36:HG38) -> 1216800
B40: PRESUPUESTO ASIGNADO | AD40: =SUMIFS(PRESUPUESTO!$G$87:$G$101,PRESUPUESTO!$E$87:$E$101,'MÍNIMAS (2)'!AD34) -> 451638.72 | AQ40: =SUMIFS(PRESUPUESTO!$G$87:$G$101,PRESUPUESTO!$E$87:$E$101,'MÍNIMAS (2)'!AQ34) -> 1420371.1 | BD40: =SUMIFS(PRESUPUESTO!$G$87:$G$101,PRESUPUESTO!$E$87:$E$101,'MÍNIMAS (2)'!BD34) -> 1826191.4 | BQ40: =SUMIFS(PRESUPUESTO!$G$87:$G$101,PRESUPUESTO!$E$87:$E$101,'MÍNIMAS (2)'!BQ34) -> 1420371.1 | CD40: =SUMIFS(PRESUPUESTO!$G$87:$G$101,PRESUPUESTO!$E$87:$E$101,'MÍNIMAS (2)'!CD34) -> 1623281.2 | CQ40: =SUMIFS(PRESUPUESTO!$G$87:$G$101,PRESUPUESTO!$E$87:$E$101,'MÍNIMAS (2)'!CQ34) -> 1623281.2 | DD40: =SUMIFS(PRESUPUESTO!$G$87:$G$101,PRESUPUESTO!$E$87:$E$101,'MÍNIMAS (2)'!DD34) -> 1826191.4 | DQ40: =SUMIFS(PRESUPUESTO!$G$87:$G$101,PRESUPUESTO!$E$87:$E$101,'MÍNIMAS (2)'!DQ34) -> 818186.1 | DY40: =DX40-DU40 -> 0 | ED40: =SUMIFS(PRESUPUESTO!$G$87:$G$101,PRESUPUESTO!$E$87:$E$101,'MÍNIMAS (2)'!ED34) -> 405820.3 | EQ40: =SUMIFS(PRESUPUESTO!$G$87:$G$101,PRESUPUESTO!$E$87:$E$101,'MÍNIMAS (2)'!EQ34) -> 1826191.4 | FD40: =SUMIFS(PRESUPUESTO!$G$87:$G$101,PRESUPUESTO!$E$87:$E$101,'MÍNIMAS (2)'!FD34) -> 1217460.9 | FQ40: =SUMIFS(PRESUPUESTO!$G$87:$G$101,PRESUPUESTO!$E$87:$E$101,'MÍNIMAS (2)'!FQ34) -> 209455.64 | GD40: =SUMIFS(PRESUPUESTO!$G$87:$G$101,PRESUPUESTO!$E$87:$E$101,'MÍNIMAS (2)'!GD34) -> 78545.865 | GQ40: =SUMIFS(PRESUPUESTO!$G$87:$G$101,PRESUPUESTO!$E$87:$E$101,'MÍNIMAS (2)'!GQ34) -> 1217460.9 | HD40: =SUMIFS(PRESUPUESTO!$G$87:$G$101,PRESUPUESTO!$E$87:$E$101,'MÍNIMAS (2)'!HD34) -> 1217460.9 | HH40: =SUM(AD40:HG40) -> 17181908
B41: SALDO | AD41: =AD40-AD39 -> 1638.7246 | AQ41: =AQ40-AQ39 -> 1971.0613 | BD41: =BD40-BD39 -> 991.36457 | BQ41: =BQ40-BQ39 -> 1971.0613 | CD41: =CD40-CD39 -> 581.21295 | CQ41: =CQ40-CQ39 -> 581.21295 | DD41: =DD40-DD39 -> 991.36457 | DQ41: =DQ40-DQ39 -> 686.09524 | DY41: =DX41-DU41 -> 0 | ED41: =ED40-ED39 -> 2620.3032 | EQ41: =EQ40-EQ39 -> 991.36457 | FD41: =FD40-FD39 -> 660.90971 | FQ41: =FQ40-FQ39 -> 1555.6404 | GD41: =GD40-GD39 -> 245.86514 | GQ41: =GQ40-GQ39 -> 660.90971 | HD41: =HD40-HD39 -> 660.90971
B43: A-02-02-01-003-005 OTROS PRODUCTOS QUÍMICOS; FIBRAS ARTIFICIALES (O FIBRAS INDUSTRIALES HECHAS POR EL HOMBRE)
B44: ='PLAN DE NECESIDADES'!B36 -> ÍTEM | C44: ='PLAN DE NECESIDADES'!C36 -> CÓDIGO DANE | D44: ='PLAN DE NECESIDADES'!D36 -> DESCRIPCIÓN DEL BIEN Y/O SERVICIO | E44: ='PLAN DE NECESIDADES'!E36 -> UNIDAD MEDIDA | F44: ='PLAN DE NECESIDADES'!F36 -> EXISTENCIAS (STOCK - INVENTARIOS) | G44: ='PLAN DE NECESIDADES'!H36 -> UNSPSC (CCE) | H44: ='PLAN DE NECESIDADES'!I36 -> CÓDIGO MATERIAL SAP | I44: OTROS PRODUCTOS QUÍMICOS; FIBRAS ARTIFICIALES (O FIBRAS INDUSTRIALES HECHAS POR EL HOMBRE) | J44: CANTIDAD POR ELEMENTO | K44: =AD44 -> BAABS3 | L44: =AQ44 -> BAACA10 | M44: =BD44 -> BAACA2 | N44: =BQ44 -> BAADA1 | O44: =CD44 -> BAEEV2 | P44: =CQ44 -> BAEEV3 | Q44: =DD44 -> BAMMA7 | R44: =DQ44 -> BASPC10 | S44: =ED44 -> BASAC | T44: =EQ44 -> BICAR | U44: =FD44 -> BIMOC70 | V44: =FQ44 -> BITER10 | W44: =GD44 -> DIM15 | X44: =GQ44 -> GMMAT | Y44: =HD44 -> GMRON | Z44: NECESIDAD TOTAL | AA44: MÍNIMAS | AB44: LIMITACIONES | AC44: PRECIO DE REFERENCIA | AD44: BAABS3 | AQ44: BAACA10 | BD44: BAACA2 | BQ44: BAADA1 | CD44: BAEEV2 | CQ44: BAEEV3 | DD44: BAMMA7 | DQ44: BASPC10 | ED44: BASAC | EQ44: BICAR | FD44: BIMOC70 | FQ44: BITER10 | GD44: DIM15 | GQ44: GMMAT | HD44: GMRON
AD45: NT | AE45: M | AF45: L | AG45: VT | AH45: CANTIDADES ADJUDICADAS | AI45: SEGUNDO CONTINGENTE | AJ45: DÉFICIT | AK45: TERCER CONTINGENTE | AL45: DÉFICIT | AM45: CUARTO CONTINGENTE | AN45: DÉFICIT | AO45: TOTAL | AQ45: NT | AR45: M | AS45: L | AT45: VT | AU45: CANTIDADES ADJUDICADAS | AV45: SEGUNDO CONTINGENTE | AW45: DÉFICIT | AX45: TERCER CONTINGENTE | AY45: DÉFICIT | AZ45: CUARTO CONTINGENTE | BA45: DÉFICIT | BB45: TOTAL | BD45: NT | BE45: M | BF45: L | BG45: VT | BH45: CANTIDADES ADJUDICADAS | BI45: SEGUNDO CONTINGENTE | BJ45: DÉFICIT | BK45: TERCER CONTINGENTE | BL45: DÉFICIT | BM45: CUARTO CONTINGENTE | BN45: DÉFICIT | BO45: TOTAL | BQ45: NT | BR45: M | BS45: L | BT45: VT | BU45: CANTIDADES ADJUDICADAS | BV45: SEGUNDO CONTINGENTE | BW45: DÉFICIT | BX45: TERCER CONTINGENTE | BY45: DÉFICIT | BZ45: CUARTO CONTINGENTE | CA45: DÉFICIT | CB45: TOTAL | CD45: NT | CE45: M | CF45: L | CG45: VT | CH45: CANTIDADES ADJUDICADAS | CI45: SEGUNDO CONTINGENTE | CJ45: DÉFICIT | CK45: TERCER CONTINGENTE | CL45: DÉFICIT | CM45: CUARTO CONTINGENTE | CN45: DÉFICIT | CO45: TOTAL | CQ45: NT | CR45: M | CS45: L | CT45: VT | CU45: CANTIDADES ADJUDICADAS | CV45: SEGUNDO CONTINGENTE | CW45: DÉFICIT | CX45: TERCER CONTINGENTE | CY45: DÉFICIT | CZ45: CUARTO CONTINGENTE | DA45: DÉFICIT | DB45: TOTAL | DD45: NT | DE45: M | DF45: L | DG45: VT | DH45: CANTIDADES ADJUDICADAS | DI45: SEGUNDO CONTINGENTE | DJ45: DÉFICIT | DK45: TERCER CONTINGENTE | DL45: DÉFICIT | DM45: CUARTO CONTINGENTE | DN45: DÉFICIT | DO45: TOTAL | DQ45: NT | DR45: M | DS45: L | DT45: VT | DU45: CANTIDADES ADJUDICADAS | DV45: SEGUNDO CONTINGENTE | DW45: DÉFICIT | DX45: TERCER CONTINGENTE | DY45: DÉFICIT | DZ45: CUARTO CONTINGENTE | EA45: DÉFICIT | EB45: TOTAL | ED45: NT | EE45: M | EF45: L | EG45: VT | EH45: CANTIDADES ADJUDICADAS | EI45: SEGUNDO CONTINGENTE | EJ45: DÉFICIT | EK45: TERCER CONTINGENTE | EL45: DÉFICIT | EM45: CUARTO CONTINGENTE | EN45: DÉFICIT | EO45: TOTAL | EQ45: NT | ER45: M | ES45: L | ET45: VT | EU45: CANTIDADES ADJUDICADAS | EV45: SEGUNDO CONTINGENTE | EW45: DÉFICIT | EX45: TERCER CONTINGENTE | EY45: DÉFICIT | EZ45: CUARTO CONTINGENTE | FA45: DÉFICIT | FB45: TOTAL | FD45: NT | FE45: M | FF45: L | FG45: VT | FH45: CANTIDADES ADJUDICADAS | FI45: SEGUNDO CONTINGENTE | FJ45: DÉFICIT | FK45: TERCER CONTINGENTE | FL45: DÉFICIT | FM45: CUARTO CONTINGENTE | FN45: DÉFICIT | FO45: TOTAL | FQ45: NT | FR45: M | FS45: L | FT45: VT | FU45: CANTIDADES ADJUDICADAS | FV45: SEGUNDO CONTINGENTE | FW45: DÉFICIT | FX45: TERCER CONTINGENTE | FY45: DÉFICIT | FZ45: CUARTO CONTINGENTE | GA45: DÉFICIT | GB45: TOTAL | GD45: NT | GE45: M | GF45: L | GG45: VT | GH45: CANTIDADES ADJUDICADAS | GI45: SEGUNDO CONTINGENTE | GJ45: DÉFICIT | GK45: TERCER CONTINGENTE | GL45: DÉFICIT | GM45: CUARTO CONTINGENTE | GN45: DÉFICIT | GO45: TOTAL | GQ45: NT | GR45: M | GS45: L | GT45: VT | GU45: CANTIDADES ADJUDICADAS | GV45: SEGUNDO CONTINGENTE | GW45: DÉFICIT | GX45: TERCER CONTINGENTE | GY45: DÉFICIT | GZ45: CUARTO CONTINGENTE | HA45: DÉFICIT | HB45: TOTAL | HD45: NT | HE45: M | HF45: L | HG45: VT | HH45: CANTIDADES ADJUDICADAS | HI45: SEGUNDO CONTINGENTE | HJ45: DÉFICIT | HK45: TERCER CONTINGENTE | HL45: DÉFICIT | HM45: CUARTO CONTINGENTE | HN45: DÉFICIT | HO45: TOTAL
B46: ='PLAN DE NECESIDADES'!B37 -> 21 | C46: ='PLAN DE NECESIDADES'!C37 -> 3533301 | D46: ='PLAN DE NECESIDADES'!D37 -> BETÚN: NEGRO 125 GRAMOS ESPECIFICACIONES SEGÚN NORMA TÉCNICA NO. NTMD-0356 A2 ÍTEM 3.1.1.14 | E46: ='PLAN DE NECESIDADES'!E37 -> UNIDAD | F46: ='PLAN DE NECESIDADES'!F37 -> 0 | G46: ='PLAN DE NECESIDADES'!H37 -> 47131809 | H46: ='PLAN DE NECESIDADES'!I37 -> 1048274 | I46: ='PLAN DE NECESIDADES'!J37 -> SIN CREAR | J46: 1 | K46: 69 | L46: 217 | M46: 279 | N46: 279 | O46: 248 | P46: 248 | Q46: 279 | R46: 125 | S46: 62 | T46: 279 | U46: 186 | V46: 32 | W46: 12 | X46: 186 | Y46: 186 | Z46: =SUM(AD46,AQ46,BD46,BQ46,CD46,CQ46,DD46,DQ46,ED46,EQ46,FD46,FQ46,GD46,GQ46,HD46) -> 2718 | AA46: =SUM(AE46,AR46,BE46,BR46,CE46,CR46,DE46,DR46,EE46,ER46,FE46,FR46,GE46,GR46,HE46) -> 1440 | AB46: =SUM(AF46,AS46,BF46,BS46,CF46,CS46,DF46,DS46,EF46,ES46,FF46,FS46,GF46,GS46,HF46) -> 1278 | AC46: 10000 | AD46: =K46*J46 -> 69 | AE46: =J46*38 -> 38 | AF46: =AD46-AE46 -> 31 | AG46: =AC46*AE46 -> 380000 | AH46: =AE46/J46 -> 38 | AI46: 31 | AK46: 20 | AL46: 13 | AM46: 18 | AN46: 18 | AO46: =SUM(AN46,AL46) -> 31 | AP46: =AH46+AJ46+AL46+AN46 -> 69 | AQ46: =L46*J46 -> 217 | AR46: =J46*120 -> 120 | AS46: =AQ46-AR46 -> 97 | AT46: =AC46*AR46 -> 1200000 | AU46: =AR46/J46 -> 120 | AV46: 93 | AX46: 62 | AY46: 35 | AZ46: 62 | BA46: 62 | BB46: =AW46+AY46+BA46 -> 97 | BC46: =AU46+AW46+AY46+BA46 -> 217 | BD46: =M46*J46 -> 279 | BE46: =J46*154 -> 154 | BF46: =BD46-BE46 -> 125 | BG46: =AC46*BE46 -> 1540000 | BH46: =BE46/J46 -> 154 | BI46: 93 | BK46: 62 | BL46: 1 | BM46: 124 | BN46: 124 | BO46: =BJ46+BL46+BN46 -> 125 | BP46: =BH46+BJ46+BL46+BN46 -> 279 | BQ46: =N46*J46 -> 279 | BR46: =J46*120 -> 120 | BS46: =BQ46-BR46 -> 159 | BT46: =AC46*BR46 -> 1200000 | BU46: =BR46/J46 -> 120 | BV46: 93 | BX46: 62 | BY46: 35 | BZ46: 62 | CA46: 62 | CB46: =BW46+BY46+CA46 -> 97 | CC46: =BU46+BW46+BY46+CA46 -> 217 | CD46: =M46*J46 -> 279 | CE46: =J46*137 -> 137 | CF46: =CD46-CE46 -> 142 | CG46: =CE46*AC46 -> 1370000 | CH46: =CE46/J46 -> 137 | CI46: 62 | CK46: 62 | CM46: 124 | CN46: 111 | CO46: =CJ46+CL46+CN46 -> 111 | CP46: =CH46+CJ46+CL46+CN46 -> 248 | CQ46: =P46*J46 -> 248 | CR46: =J46*137 -> 137 | CS46: =CQ46-CR46 -> 111 | CT46: =AC46*CR46 -> 1370000 | CU46: =CR46/J46 -> 137 | CV46: 93 | CX46: 93 | CY46: 49 | CZ46: 62 | DA46: 62 | DB46: =CW46+CY46+DA46 -> 111 | DC46: =CU46+CW46+CY46+DA46 -> 248 | DD46: =Q46*J46 -> 279 | DE46: =J46*155 -> 155 | DF46: =DD46-DE46 -> 124 | DG46: =DE46*AC46 -> 1550000 | DH46: =DE46/J46 -> 155 | DI46: 93 | DK46: 124 | DL46: 62 | DM46: 62 | DN46: 62 | DO46: =DJ46+DL46+DN46 -> 124 | DP46: =DH46+DJ46+DL46+DN46 -> 279 | DQ46: =R46*J46 -> 125 | DR46: =J46*59 -> 59 | DS46: =DQ46-DR46 -> 66 | DT46: =DR46*AC46 -> 590000 | DU46: =DR46/J46 -> 59 | DV46: 0 | DX46: 62 | DY46: 3 | DZ46: 63 | EA46: 63 | EB46: =DW46+DY46+EA46 -> 66 | EC46: =DU46+DW46+DY46+EA46 -> 125 | ED46: =S46*J46 -> 62 | EE46: =J46*34 -> 34 | EF46: =ED46-EE46 -> 28 | EG46: =EE46*AC46 -> 340000 | EH46: =EE46/J46 -> 34 | EI46: 0 | EK46: 62 | EL46: =EK46-EH46 -> 28 | EM46: 0 | EO46: =EJ46+EL46+EN46 -> 28 | EP46: =EH46+EJ46+EL46+EN46 -> 62 | EQ46: =T46*J46 -> 279 | ER46: =J46*154 -> 154 | ES46: =EQ46-ER46 -> 125 | ET46: =ER46*AC46 -> 1540000 | EU46: =ER46/J46 -> 154 | EV46: 93 | EX46: 93 | EY46: 32 | EZ46: 93 | FA46: 93 | FB46: =EW46+EY46+FA46 -> 125 | FC46: =EU46+EW46+EY46+FA46 -> 279 | FD46: =U46*J46 -> 186 | FE46: =J46*103 -> 103 | FF46: =FD46-FE46 -> 83 | FG46: =FE46*AC46 -> 1030000 | FH46: =FE46/J46 -> 103 | FI46: 62 | FK46: 62 | FL46: 21 | FM46: 62 | FN46: 62 | FO46: =FJ46+FL46+FN46 -> 83 | FP46: =FH46+FJ46+FL46+FN46 -> 186 | FQ46: =V46*J46 -> 32 | FR46: =J46*17 -> 17 | FS46: =FQ46-FR46 -> 15 | FT46: =FR46*AC46 -> 170000 | FU46: =FR46/J46 -> 17 | FV46: 0 | FX46: 16 | FZ46: 16 | GA46: 15 | GB46: =FW46+FY46+GA46 -> 15 | GC46: =FU46+FW46+FY46+GA46 -> 32 | GD46: =W46*J46 -> 12 | GE46: =J46*6 -> 6 | GF46: =GD46-GE46 -> 6 | GG46: =GE46*AC46 -> 60000 | GH46: =GE46/J46 -> 6 | GI46: 4 | GK46: 4 | GL46: 2 | GM46: 4 | GN46: 4 | GO46: =GJ46+GL46+GN46 -> 6 | GP46: =GH46+GJ46+GL46+GN46 -> 12 | GQ46: =X46*J46 -> 186 | GR46: =J46*103 -> 103 | GS46: =GQ46-GR46 -> 83 | GT46: =GR46*AC46 -> 1030000 | GU46: =GR46/J46 -> 103 | GV46: 62 | GX46: 62 | GY46: 21 | GZ46: 62 | HA46: 62 | HB46: =GW46+GY46+HA46 -> 83 | HC46: =GU46+GW46+GY46+HA46 -> 186 | HD46: =Y46*J46 -> 186 | HE46: =J46*103 -> 103 | HF46: =HD46-HE46 -> 83 | HG46: =HE46*AC46 -> 1030000 | HH46: =HE46/J46 -> 103 | HI46: 62 | HK46: 62 | HL46: 21 | HM46: 62 | HN46: 62 | HO46: =HJ46+HL46+HN46 -> 83 | HP46: =HH46+HJ46+HL46+HN46 -> 186
B47: ='PLAN DE NECESIDADES'!B38 -> 22 | C47: ='PLAN DE NECESIDADES'!C38 -> 3532315 | D47: ='PLAN DE NECESIDADES'!D38 -> TALCOS PARA PIES : DE 85 GRAMOS ESPECIFICACIONES SEGÚN NORMA TÉCNICA NO. NTMD-0356 A2 ÍTEM 3.1.1.6 | E47: ='PLAN DE NECESIDADES'!E38 -> UNIDAD | F47: ='PLAN DE NECESIDADES'!F38 -> 0 | G47: ='PLAN DE NECESIDADES'!H38 -> 53131614 | H47: ='PLAN DE NECESIDADES'!I38 -> 1291103 | I47: ='PLAN DE NECESIDADES'!J38 -> 8510-80-0011397 | J47: 1 | K47: 69 | L47: 217 | M47: 279 | N47: 279 | O47: 248 | P47: 248 | Q47: 279 | R47: 125 | S47: 62 | T47: 279 | U47: 186 | V47: 32 | W47: 12 | X47: 186 | Y47: 186 | Z47: =SUM(AD47,AQ47,BD47,BQ47,CD47,CQ47,DD47,DQ47,ED47,EQ47,FD47,FQ47,GD47,GQ47,HD47) -> 2718 | AA47: =SUM(AE47,AR47,BE47,BR47,CE47,CR47,DE47,DR47,EE47,ER47,FE47,FR47,GE47,GR47,HE47) -> 1439 | AB47: =SUM(AF47,AS47,BF47,BS47,CF47,CS47,DF47,DS47,EF47,ES47,FF47,FS47,GF47,GS47,HF47) -> 1279 | AC47: 9500 | AD47: =K47*J47 -> 69 | AE47: =J47*38 -> 38 | AF47: =AD47-AE47 -> 31 | AG47: =AC47*AE47 -> 361000 | AH47: =AE47/J47 -> 38 | AI47: 31 | AK47: 20 | AL47: 13 | AM47: 18 | AN47: 18 | AO47: =SUM(AN47,AL47) -> 31 | AP47: =AH47+AJ47+AL47+AN47 -> 69 | AQ47: =L47*J47 -> 217 | AR47: =J47*120 -> 120 | AS47: =AQ47-AR47 -> 97 | AT47: =AC47*AR47 -> 1140000 | AU47: =AR47/J47 -> 120 | AV47: 93 | AX47: 62 | AY47: 35 | AZ47: 62 | BA47: 62 | BB47: =AW47+AY47+BA47 -> 97 | BC47: =AU47+AW47+AY47+BA47 -> 217 | BD47: =M47*J47 -> 279 | BE47: =J47*155 -> 155 | BF47: =BD47-BE47 -> 124 | BG47: =AC47*BE47 -> 1472500 | BH47: =BE47/J47 -> 155 | BI47: 93 | BK47: 62 | BM47: 124 | BN47: 124 | BO47: =BJ47+BL47+BN47 -> 124 | BP47: =BH47+BJ47+BL47+BN47 -> 279 | BQ47: =N47*J47 -> 279 | BR47: =J47*120 -> 120 | BS47: =BQ47-BR47 -> 159 | BT47: =AC47*BR47 -> 1140000 | BU47: =BR47/J47 -> 120 | BV47: 93 | BX47: 62 | BY47: 35 | BZ47: 62 | CA47: 62 | CB47: =BW47+BY47+CA47 -> 97 | CC47: =BU47+BW47+BY47+CA47 -> 217 | CD47: =M47*J47 -> 279 | CE47: =J47*137 -> 137 | CF47: =CD47-CE47 -> 142 | CG47: =CE47*AC47 -> 1301500 | CH47: =CE47/J47 -> 137 | CI47: 62 | CK47: 62 | CM47: 124 | CN47: 111 | CO47: =CJ47+CL47+CN47 -> 111 | CP47: =CH47+CJ47+CL47+CN47 -> 248 | CQ47: =P47*J47 -> 248 | CR47: =J47*137 -> 137 | CS47: =CQ47-CR47 -> 111 | CT47: =AC47*CR47 -> 1301500 | CU47: =CR47/J47 -> 137 | CV47: 93 | CX47: 93 | CY47: 49 | CZ47: 62 | DA47: 62 | DB47: =CW47+CY47+DA47 -> 111 | DC47: =CU47+CW47+CY47+DA47 -> 248 | DD47: =Q47*J47 -> 279 | DE47: =J47*154 -> 154 | DF47: =DD47-DE47 -> 125 | DG47: =DE47*AC47 -> 1463000 | DH47: =DE47/J47 -> 154 | DI47: 93 | DK47: 124 | DL47: 63 | DM47: 62 | DN47: 62 | DO47: =DJ47+DL47+DN47 -> 125 | DP47: =DH47+DJ47+DL47+DN47 -> 279 | DQ47: =R47*J47 -> 125 | DR47: =J47*58 -> 58 | DS47: =DQ47-DR47 -> 67 | DT47: =DR47*AC47 -> 551000 | DU47: =DR47/J47 -> 58 | DV47: 0 | DX47: 62 | DY47: 4 | DZ47: 63 | EA47: 63 | EB47: =DW47+DY47+EA47 -> 67 | EC47: =DU47+DW47+DY47+EA47 -> 125 | ED47: =S47*J47 -> 62 | EE47: =J47*34 -> 34 | EF47: =ED47-EE47 -> 28 | EG47: =EE47*AC47 -> 323000 | EH47: =EE47/J47 -> 34 | EI47: 0 | EK47: 62 | EL47: =EK47-EH47 -> 28 | EM47: 0 | EO47: =EJ47+EL47+EN47 -> 28 | EP47: =EH47+EJ47+EL47+EN47 -> 62 | EQ47: =T47*J47 -> 279 | ER47: =J47*154 -> 154 | ES47: =EQ47-ER47 -> 125 | ET47: =ER47*AC47 -> 1463000 | EU47: =ER47/J47 -> 154 | EV47: 93 | EX47: 93 | EY47: 32 | EZ47: 93 | FA47: 93 | FB47: =EW47+EY47+FA47 -> 125 | FC47: =EU47+EW47+EY47+FA47 -> 279 | FD47: =U47*J47 -> 186 | FE47: =J47*103 -> 103 | FF47: =FD47-FE47 -> 83 | FG47: =FE47*AC47 -> 978500 | FH47: =FE47/J47 -> 103 | FI47: 62 | FK47: 62 | FL47: 21 | FM47: 62 | FN47: 62 | FO47: =FJ47+FL47+FN47 -> 83 | FP47: =FH47+FJ47+FL47+FN47 -> 186 | FQ47: =V47*J47 -> 32 | FR47: =J47*18 -> 18 | FS47: =FQ47-FR47 -> 14 | FT47: =FR47*AC47 -> 171000 | FU47: =FR47/J47 -> 18 | FV47: 0 | FX47: 16 | FZ47: 16 | GA47: 14 | GB47: =FW47+FY47+GA47 -> 14 | GC47: =FU47+FW47+FY47+GA47 -> 32 | GD47: =W47*J47 -> 12 | GE47: =J47*6 -> 6 | GF47: =GD47-GE47 -> 6 | GG47: =GE47*AC47 -> 57000 | GH47: =GE47/J47 -> 6 | GI47: 4 | GK47: 4 | GL47: 2 | GM47: 4 | GN47: 4 | GO47: =GJ47+GL47+GN47 -> 6 | GP47: =GH47+GJ47+GL47+GN47 -> 12 | GQ47: =X47*J47 -> 186 | GR47: =J47*103 -> 103 | GS47: =GQ47-GR47 -> 83 | GT47: =GR47*AC47 -> 978500 | GU47: =GR47/J47 -> 103 | GV47: 62 | GX47: 62 | GY47: 21 | GZ47: 62 | HA47: 62 | HB47: =GW47+GY47+HA47 -> 83 | HC47: =GU47+GW47+GY47+HA47 -> 186 | HD47: =Y47*J47 -> 186 | HE47: =J47*102 -> 102 | HF47: =HD47-HE47 -> 84 | HG47: =HE47*AC47 -> 969000 | HH47: =HE47/J47 -> 102 | HI47: 62 | HK47: 62 | HL47: 22 | HM47: 62 | HN47: 62 | HO47: =HJ47+HL47+HN47 -> 84 | HP47: =HH47+HJ47+HL47+HN47 -> 186
B48: ='PLAN DE NECESIDADES'!B39 -> 23 | C48: ='PLAN DE NECESIDADES'!C39 -> 3532308 | D48: ='PLAN DE NECESIDADES'!D39 -> CREMA DENTAL: DE 100 ML ESPECIFICACIONES SEGÚN NORMA TÉCNICA NO. NTMD-0356 A2 ÍTEM 3.1.1.3 | E48: ='PLAN DE NECESIDADES'!E39 -> UNIDAD | F48: ='PLAN DE NECESIDADES'!F39 -> 0 | G48: ='PLAN DE NECESIDADES'!H39 -> 53131502 | H48: ='PLAN DE NECESIDADES'!I39 -> 1013968 | I48: ='PLAN DE NECESIDADES'!J39 -> 8520-80-0011399 | J48: 1 | K48: 69 | L48: 217 | M48: 279 | N48: 279 | O48: 248 | P48: 248 | Q48: 279 | R48: 125 | S48: 62 | T48: 279 | U48: 186 | V48: 32 | W48: 12 | X48: 186 | Y48: 186 | Z48: =SUM(AD48,AQ48,BD48,BQ48,CD48,CQ48,DD48,DQ48,ED48,EQ48,FD48,FQ48,GD48,GQ48,HD48) -> 2718 | AA48: =SUM(AE48,AR48,BE48,BR48,CE48,CR48,DE48,DR48,EE48,ER48,FE48,FR48,GE48,GR48,HE48) -> 1438 | AB48: =SUM(AF48,AS48,BF48,BS48,CF48,CS48,DF48,DS48,EF48,ES48,FF48,FS48,GF48,GS48,HF48) -> 1280 | AC48: 8700 | AD48: =K48*J48 -> 69 | AE48: =J48*38 -> 38 | AF48: =AD48-AE48 -> 31 | AG48: =AC48*AE48 -> 330600 | AH48: =AE48/J48 -> 38 | AI48: 31 | AK48: 20 | AL48: 13 | AM48: 18 | AN48: 18 | AO48: =SUM(AN48,AL48) -> 31 | AP48: =AH48+AJ48+AL48+AN48 -> 69 | AQ48: =L48*J48 -> 217 | AR48: =J48*120 -> 120 | AS48: =AQ48-AR48 -> 97 | AT48: =AC48*AR48 -> 1044000 | AU48: =AR48/J48 -> 120 | AV48: 93 | AX48: 62 | AY48: 35 | AZ48: 62 | BA48: 62 | BB48: =AW48+AY48+BA48 -> 97 | BC48: =AU48+AW48+AY48+BA48 -> 217 | BD48: =M48*J48 -> 279 | BE48: =J48*154 -> 154 | BF48: =BD48-BE48 -> 125 | BG48: =AC48*BE48 -> 1339800 | BH48: =BE48/J48 -> 154 | BI48: 93 | BK48: 62 | BL48: 1 | BM48: 124 | BN48: 124 | BO48: =BJ48+BL48+BN48 -> 125 | BP48: =BH48+BJ48+BL48+BN48 -> 279 | BQ48: =N48*J48 -> 279 | BR48: =J48*120 -> 120 | BS48: =BQ48-BR48 -> 159 | BT48: =AC48*BR48 -> 1044000 | BU48: =BR48/J48 -> 120 | BV48: 93 | BX48: 62 | BY48: 35 | BZ48: 62 | CA48: 62 | CB48: =BW48+BY48+CA48 -> 97 | CC48: =BU48+BW48+BY48+CA48 -> 217 | CD48: =M48*J48 -> 279 | CE48: =J48*137 -> 137 | CF48: =CD48-CE48 -> 142 | CG48: =CE48*AC48 -> 1191900 | CH48: =CE48/J48 -> 137 | CI48: 62 | CK48: 62 | CM48: 124 | CN48: 111 | CO48: =CJ48+CL48+CN48 -> 111 | CP48: =CH48+CJ48+CL48+CN48 -> 248 | CQ48: =P48*J48 -> 248 | CR48: =J48*137 -> 137 | CS48: =CQ48-CR48 -> 111 | CT48: =AC48*CR48 -> 1191900 | CU48: =CR48/J48 -> 137 | CV48: 93 | CX48: 93 | CY48: 49 | CZ48: 62 | DA48: 62 | DB48: =CW48+CY48+DA48 -> 111 | DC48: =CU48+CW48+CY48+DA48 -> 248 | DD48: =Q48*J48 -> 279 | DE48: =J48*154 -> 154 | DF48: =DD48-DE48 -> 125 | DG48: =DE48*AC48 -> 1339800 | DH48: =DE48/J48 -> 154 | DI48: 93 | DK48: 124 | DL48: 63 | DM48: 62 | DN48: 62 | DO48: =DJ48+DL48+DN48 -> 125 | DP48: =DH48+DJ48+DL48+DN48 -> 279 | DQ48: =R48*J48 -> 125 | DR48: =J48*58 -> 58 | DS48: =DQ48-DR48 -> 67 | DT48: =DR48*AC48 -> 504600 | DU48: =DR48/J48 -> 58 | DV48: 0 | DX48: 62 | DY48: 4 | DZ48: 63 | EA48: 63 | EB48: =DW48+DY48+EA48 -> 67 | EC48: =DU48+DW48+DY48+EA48 -> 125 | ED48: =S48*J48 -> 62 | EE48: =J48*35 -> 35 | EF48: =ED48-EE48 -> 27 | EG48: =EE48*AC48 -> 304500 | EH48: =EE48/J48 -> 35 | EI48: 0 | EK48: 62 | EL48: =EK48-EH48 -> 27 | EM48: 0 | EO48: =EJ48+EL48+EN48 -> 27 | EP48: =EH48+EJ48+EL48+EN48 -> 62 | EQ48: =T48*J48 -> 279 | ER48: =J48*154 -> 154 | ES48: =EQ48-ER48 -> 125 | ET48: =ER48*AC48 -> 1339800 | EU48: =ER48/J48 -> 154 | EV48: 93 | EX48: 93 | EY48: 32 | EZ48: 93 | FA48: 93 | FB48: =EW48+EY48+FA48 -> 125 | FC48: =EU48+EW48+EY48+FA48 -> 279 | FD48: =U48*J48 -> 186 | FE48: =J48*102 -> 102 | FF48: =FD48-FE48 -> 84 | FG48: =FE48*AC48 -> 887400 | FH48: =FE48/J48 -> 102 | FI48: 62 | FK48: 62 | FL48: 22 | FM48: 62 | FN48: 62 | FO48: =FJ48+FL48+FN48 -> 84 | FP48: =FH48+FJ48+FL48+FN48 -> 186 | FQ48: =V48*J48 -> 32 | FR48: =J48*17 -> 17 | FS48: =FQ48-FR48 -> 15 | FT48: =FR48*AC48 -> 147900 | FU48: =FR48/J48 -> 17 | FV48: 0 | FX48: 16 | FZ48: 16 | GA48: 15 | GB48: =FW48+FY48+GA48 -> 15 | GC48: =FU48+FW48+FY48+GA48 -> 32 | GD48: =W48*J48 -> 12 | GE48: =J48*7 -> 7 | GF48: =GD48-GE48 -> 5 | GG48: =GE48*AC48 -> 60900 | GH48: =GE48/J48 -> 7 | GI48: 4 | GK48: 4 | GL48: 1 | GM48: 4 | GN48: 4 | GO48: =GJ48+GL48+GN48 -> 5 | GP48: =GH48+GJ48+GL48+GN48 -> 12 | GQ48: =X48*J48 -> 186 | GR48: =J48*102 -> 102 | GS48: =GQ48-GR48 -> 84 | GT48: =GR48*AC48 -> 887400 | GU48: =GR48/J48 -> 102 | GV48: 62 | GX48: 62 | GY48: 22 | GZ48: 62 | HA48: 62 | HB48: =GW48+GY48+HA48 -> 84 | HC48: =GU48+GW48+GY48+HA48 -> 186 | HD48: =Y48*J48 -> 186 | HE48: =J48*103 -> 103 | HF48: =HD48-HE48 -> 83 | HG48: =HE48*AC48 -> 896100 | HH48: =HE48/J48 -> 103 | HI48: 62 | HK48: 62 | HL48: 21 | HM48: 62 | HN48: 62 | HO48: =HJ48+HL48+HN48 -> 83 | HP48: =HH48+HJ48+HL48+HN48 -> 186
B49: ='PLAN DE NECESIDADES'!B40 -> 24 | C49: ='PLAN DE NECESIDADES'!C40 -> 3532324 | D49: ='PLAN DE NECESIDADES'!D40 -> DESODORANTE ANTITRASPIRANTE: ESPECIFICACIONES TÉCNICAS DE ACUERDO A LA NORMA TÉCNICA KIT DE DOTACIÓN NO. NTMD-0356 A2 ÍTEM 3.1.1.7 | E49: ='PLAN DE NECESIDADES'!E40 -> UNIDAD | F49: ='PLAN DE NECESIDADES'!F40 -> 0 | G49: ='PLAN DE NECESIDADES'!H40 -> 53131606 | H49: ='PLAN DE NECESIDADES'!I40 -> 1013944 | I49: ='PLAN DE NECESIDADES'!J40 -> 8510-80-0011400 | J49: 1 | K49: 69 | L49: 217 | M49: 279 | N49: 279 | O49: 248 | P49: 248 | Q49: 279 | R49: 125 | S49: 62 | T49: 279 | U49: 186 | V49: 32 | W49: 12 | X49: 186 | Y49: 186 | Z49: =SUM(AD49,AQ49,BD49,BQ49,CD49,CQ49,DD49,DQ49,ED49,EQ49,FD49,FQ49,GD49,GQ49,HD49) -> 2718 | AA49: =SUM(AE49,AR49,BE49,BR49,CE49,CR49,DE49,DR49,EE49,ER49,FE49,FR49,GE49,GR49,HE49) -> 1440 | AB49: =SUM(AF49,AS49,BF49,BS49,CF49,CS49,DF49,DS49,EF49,ES49,FF49,FS49,GF49,GS49,HF49) -> 1278 | AC49: 9900 | AD49: =K49*J49 -> 69 | AE49: =J49*38 -> 38 | AF49: =AD49-AE49 -> 31 | AG49: =AC49*AE49 -> 376200 | AH49: =AE49/J49 -> 38 | AI49: 31 | AK49: 20 | AL49: 13 | AM49: 18 | AN49: 18 | AO49: =SUM(AN49,AL49) -> 31 | AP49: =AH49+AJ49+AL49+AN49 -> 69 | AQ49: =L49*J49 -> 217 | AR49: =J49*120 -> 120 | AS49: =AQ49-AR49 -> 97 | AT49: =AC49*AR49 -> 1188000 | AU49: =AR49/J49 -> 120 | AV49: 93 | AX49: 62 | AY49: 35 | AZ49: 62 | BA49: 62 | BB49: =AW49+AY49+BA49 -> 97 | BC49: =AU49+AW49+AY49+BA49 -> 217 | BD49: =M49*J49 -> 279 | BE49: =J49*154 -> 154 | BF49: =BD49-BE49 -> 125 | BG49: =AC49*BE49 -> 1524600 | BH49: =BE49/J49 -> 154 | BI49: 93 | BK49: 62 | BL49: 1 | BM49: 124 | BN49: 124 | BO49: =BJ49+BL49+BN49 -> 125 | BP49: =BH49+BJ49+BL49+BN49 -> 279 | BQ49: =N49*J49 -> 279 | BR49: =J49*120 -> 120 | BS49: =BQ49-BR49 -> 159 | BT49: =AC49*BR49 -> 1188000 | BU49: =BR49/J49 -> 120 | BV49: 93 | BX49: 62 | BY49: 35 | BZ49: 62 | CA49: 62 | CB49: =BW49+BY49+CA49 -> 97 | CC49: =BU49+BW49+BY49+CA49 -> 217 | CD49: =M49*J49 -> 279 | CE49: =J49*137 -> 137 | CF49: =CD49-CE49 -> 142 | CG49: =CE49*AC49 -> 1356300 | CH49: =CE49/J49 -> 137 | CI49: 62 | CK49: 62 | CM49: 124 | CN49: 111 | CO49: =CJ49+CL49+CN49 -> 111 | CP49: =CH49+CJ49+CL49+CN49 -> 248 | CQ49: =P49*J49 -> 248 | CR49: =J49*137 -> 137 | CS49: =CQ49-CR49 -> 111 | CT49: =AC49*CR49 -> 1356300 | CU49: =CR49/J49 -> 137 | CV49: 93 | CX49: 93 | CY49: 49 | CZ49: 62 | DA49: 62 | DB49: =CW49+CY49+DA49 -> 111 | DC49: =CU49+CW49+CY49+DA49 -> 248 | DD49: =Q49*J49 -> 279 | DE49: =J49*154 -> 154 | DF49: =DD49-DE49 -> 125 | DG49: =DE49*AC49 -> 1524600 | DH49: =DE49/J49 -> 154 | DI49: 93 | DK49: 124 | DL49: 63 | DM49: 62 | DN49: 62 | DO49: =DJ49+DL49+DN49 -> 125 | DP49: =DH49+DJ49+DL49+DN49 -> 279 | DQ49: =R49*J49 -> 125 | DR49: =J49*58 -> 58 | DS49: =DQ49-DR49 -> 67 | DT49: =DR49*AC49 -> 574200 | DU49: =DR49/J49 -> 58 | DV49: 0 | DX49: 62 | DY49: 4 | DZ49: 63 | EA49: 63 | EB49: =DW49+DY49+EA49 -> 67 | EC49: =DU49+DW49+DY49+EA49 -> 125 | ED49: =S49*J49 -> 62 | EE49: =J49*34 -> 34 | EF49: =ED49-EE49 -> 28 | EG49: =EE49*AC49 -> 336600 | EH49: =EE49/J49 -> 34 | EI49: 0 | EK49: 62 | EL49: =EK49-EH49 -> 28 | EM49: 0 | EO49: =EJ49+EL49+EN49 -> 28 | EP49: =EH49+EJ49+EL49+EN49 -> 62 | EQ49: =T49*J49 -> 279 | ER49: =J49*154 -> 154 | ES49: =EQ49-ER49 -> 125 | ET49: =ER49*AC49 -> 1524600 | EU49: =ER49/J49 -> 154 | EV49: 93 | EX49: 93 | EY49: 32 | EZ49: 93 | FA49: 93 | FB49: =EW49+EY49+FA49 -> 125 | FC49: =EU49+EW49+EY49+FA49 -> 279 | FD49: =U49*J49 -> 186 | FE49: =J49*103 -> 103 | FF49: =FD49-FE49 -> 83 | FG49: =FE49*AC49 -> 1019700 | FH49: =FE49/J49 -> 103 | FI49: 62 | FK49: 62 | FL49: 21 | FM49: 62 | FN49: 62 | FO49: =FJ49+FL49+FN49 -> 83 | FP49: =FH49+FJ49+FL49+FN49 -> 186 | FQ49: =V49*J49 -> 32 | FR49: =J49*18 -> 18 | FS49: =FQ49-FR49 -> 14 | FT49: =FR49*AC49 -> 178200 | FU49: =FR49/J49 -> 18 | FV49: 0 | FX49: 16 | FZ49: 16 | GA49: 14 | GB49: =FW49+FY49+GA49 -> 14 | GC49: =FU49+FW49+FY49+GA49 -> 32 | GD49: =W49*J49 -> 12 | GE49: =J49*7 -> 7 | GF49: =GD49-GE49 -> 5 | GG49: =GE49*AC49 -> 69300 | GH49: =GE49/J49 -> 7 | GI49: 4 | GK49: 4 | GL49: 1 | GM49: 4 | GN49: 4 | GO49: =GJ49+GL49+GN49 -> 5 | GP49: =GH49+GJ49+GL49+GN49 -> 12 | GQ49: =X49*J49 -> 186 | GR49: =J49*103 -> 103 | GS49: =GQ49-GR49 -> 83 | GT49: =GR49*AC49 -> 1019700 | GU49: =GR49/J49 -> 103 | GV49: 62 | GX49: 62 | GY49: 21 | GZ49: 62 | HA49: 62 | HB49: =GW49+GY49+HA49 -> 83 | HC49: =GU49+GW49+GY49+HA49 -> 186 | HD49: =Y49*J49 -> 186 | HE49: =J49*103 -> 103 | HF49: =HD49-HE49 -> 83 | HG49: =HE49*AC49 -> 1019700 | HH49: =HE49/J49 -> 103 | HI49: 62 | HK49: 62 | HL49: 21 | HM49: 62 | HN49: 62 | HO49: =HJ49+HL49+HN49 -> 83 | HP49: =HH49+HJ49+HL49+HN49 -> 186
B50: ='PLAN DE NECESIDADES'!B41 -> 25 | C50: ='PLAN DE NECESIDADES'!C41 -> 3532324 | D50: ='PLAN DE NECESIDADES'!D41 -> DESODORANTE ANTITRANSPIRANTE PARA MUJER: DE 80 GRAMOS, ESPECIFICACIONES SEGÚN NORMA TÉCNICA NO. NTMD-0356 A2 ÍTEM 3.1.1.7 | E50: ='PLAN DE NECESIDADES'!E41 -> UNIDAD | F50: ='PLAN DE NECESIDADES'!F41 -> 0 | G50: ='PLAN DE NECESIDADES'!H41 -> 53131606 | H50: ='PLAN DE NECESIDADES'!I41 -> 1476318 | I50: ='PLAN DE NECESIDADES'!J41 -> 8510-80-0011400 | J50: 1 | R50: 125 | Z50: =SUM(AD50,AQ50,BD50,BQ50,CD50,CQ50,DD50,DQ50,ED50,EQ50,FD50,FQ50,GD50,GQ50,HD50) -> 125 | AA50: =SUM(AE50,AR50,BE50,BR50,CE50,CR50,DE50,DR50,EE50,ER50,FE50,FR50,GE50,GR50,HE50) -> 58 | AB50: =SUM(AF50,AS50,BF50,BS50,CF50,CS50,DF50,DS50,EF50,ES50,FF50,FS50,GF50,GS50,HF50) -> 67 | AC50: 9900 | DQ50: =R50*J50 -> 125 | DR50: =J50*58 -> 58 | DS50: =DQ50-DR50 -> 67 | DT50: =DR50*AC50 -> 574200 | DU50: =DR50/J50 -> 58 | DV50: 0 | DX50: 62 | DY50: 4 | DZ50: 63 | EA50: 63 | EB50: =DW50+DY50+EA50 -> 67 | EC50: =DU50+DW50+DY50+EA50 -> 125
B51: ='PLAN DE NECESIDADES'!B42 -> 26 | C51: ='PLAN DE NECESIDADES'!C42 -> 3532105 | D51: ='PLAN DE NECESIDADES'!D42 -> JABÓN DE BAÑO ANTIBACTERIAL 130 GRAMOS: ESPECIFICACIONES SEGÚN NORMA TÉCNICA NO. NTMD-0356 A2 ÍTEM 3.1.1.8 | E51: ='PLAN DE NECESIDADES'!E42 -> UNIDAD | F51: ='PLAN DE NECESIDADES'!F42 -> 0 | G51: ='PLAN DE NECESIDADES'!H42 -> 53131608 | H51: ='PLAN DE NECESIDADES'!I42 -> 1013955 | I51: ='PLAN DE NECESIDADES'!J42 -> 8520-80-0011401 | J51: 2 | K51: 69 | L51: 217 | M51: 279 | N51: 217 | O51: 248 | P51: 248 | Q51: 279 | R51: 125 | S51: 62 | T51: 279 | U51: 186 | V51: 32 | W51: 12 | X51: 186 | Y51: 186 | Z51: =SUM(AD51,AQ51,BD51,BQ51,CD51,CQ51,DD51,DQ51,ED51,EQ51,FD51,FQ51,GD51,GQ51,HD51) -> 5312 | AA51: =SUM(AE51,AR51,BE51,BR51,CE51,CR51,DE51,DR51,EE51,ER51,FE51,FR51,GE51,GR51,HE51) -> 2882 | AB51: =SUM(AF51,AS51,BF51,BS51,CF51,CS51,DF51,DS51,EF51,ES51,FF51,FS51,GF51,GS51,HF51) -> 2430 | AC51: 5800 | AD51: =K51*J51 -> 138 | AE51: =J51*38 -> 76 | AF51: =AD51-AE51 -> 62 | AG51: =AC51*AE51 -> 440800 | AH51: =AE51/J51 -> 38 | AI51: 31 | AK51: 20 | AL51: 13 | AM51: 18 | AN51: 18 | AO51: =SUM(AN51,AL51) -> 31 | AP51: =AH51+AJ51+AL51+AN51 -> 69 | AQ51: =L51*J51 -> 434 | AR51: =J51*120 -> 240 | AS51: =AQ51-AR51 -> 194 | AT51: =AC51*AR51 -> 1392000 | AU51: =AR51/J51 -> 120 | AV51: 93 | AX51: 62 | AY51: 35 | AZ51: 62 | BA51: 62 | BB51: =AW51+AY51+BA51 -> 97 | BC51: =AU51+AW51+AY51+BA51 -> 217 | BD51: =M51*J51 -> 558 | BE51: =J51*154 -> 308 | BF51: =BD51-BE51 -> 250 | BG51: =AC51*BE51 -> 1786400 | BH51: =BE51/J51 -> 154 | BI51: 93 | BK51: 62 | BL51: 1 | BM51: 124 | BN51: 124 | BO51: =BJ51+BL51+BN51 -> 125 | BP51: =BH51+BJ51+BL51+BN51 -> 279 | BQ51: =N51*J51 -> 434 | BR51: =J51*120 -> 240 | BS51: =BQ51-BR51 -> 194 | BT51: =AC51*BR51 -> 1392000 | BU51: =BR51/J51 -> 120 | BV51: 93 | BX51: 62 | BY51: 35 | BZ51: 62 | CA51: 62 | CB51: =BW51+BY51+CA51 -> 97 | CC51: =BU51+BW51+BY51+CA51 -> 217 | CD51: =M51*J51 -> 558 | CE51: =J51*137 -> 274 | CF51: =CD51-CE51 -> 284 | CG51: =CE51*AC51 -> 1589200 | CH51: =CE51/J51 -> 137 | CI51: 62 | CK51: 62 | CM51: 124 | CN51: 111 | CO51: =CJ51+CL51+CN51 -> 111 | CP51: =CH51+CJ51+CL51+CN51 -> 248 | CQ51: =P51*J51 -> 496 | CR51: =J51*137 -> 274 | CS51: =CQ51-CR51 -> 222 | CT51: =AC51*CR51 -> 1589200 | CU51: =CR51/J51 -> 137 | CV51: 93 | CX51: 93 | CY51: 49 | CZ51: 62 | DA51: 62 | DB51: =CW51+CY51+DA51 -> 111 | DC51: =CU51+CW51+CY51+DA51 -> 248 | DD51: =Q51*J51 -> 558 | DE51: =J51*154 -> 308 | DF51: =DD51-DE51 -> 250 | DG51: =DE51*AC51 -> 1786400 | DH51: =DE51/J51 -> 154 | DI51: 93 | DK51: 124 | DL51: 63 | DM51: 62 | DN51: 62 | DO51: =DJ51+DL51+DN51 -> 125 | DP51: =DH51+DJ51+DL51+DN51 -> 279 | DQ51: =R51*J51 -> 250 | DR51: =J51*58 -> 116 | DS51: =DQ51-DR51 -> 134 | DT51: =DR51*AC51 -> 672800 | DU51: =DR51/J51 -> 58 | DV51: 0 | DX51: 62 | DY51: 4 | DZ51: 63 | EA51: 63 | EB51: =DW51+DY51+EA51 -> 67 | EC51: =DU51+DW51+DY51+EA51 -> 125 | ED51: =S51*J51 -> 124 | EE51: =J51*34 -> 68 | EF51: =ED51-EE51 -> 56 | EG51: =EE51*AC51 -> 394400 | EH51: =EE51/J51 -> 34 | EI51: 0 | EK51: 62 | EL51: =EK51-EH51 -> 28 | EM51: 0 | EO51: =EJ51+EL51+EN51 -> 28 | EP51: =EH51+EJ51+EL51+EN51 -> 62 | EQ51: =T51*J51 -> 558 | ER51: =J51*155 -> 310 | ES51: =EQ51-ER51 -> 248 | ET51: =ER51*AC51 -> 1798000 | EU51: =ER51/J51 -> 155 | EV51: 93 | EX51: 93 | EY51: 31 | EZ51: 93 | FA51: 93 | FB51: =EW51+EY51+FA51 -> 124 | FC51: =EU51+EW51+EY51+FA51 -> 279 | FD51: =U51*J51 -> 372 | FE51: =J51*103 -> 206 | FF51: =FD51-FE51 -> 166 | FG51: =FE51*AC51 -> 1194800 | FH51: =FE51/J51 -> 103 | FI51: 62 | FK51: 62 | FL51: 21 | FM51: 62 | FN51: 62 | FO51: =FJ51+FL51+FN51 -> 83 | FP51: =FH51+FJ51+FL51+FN51 -> 186 | FQ51: =V51*J51 -> 64 | FR51: =J51*18 -> 36 | FS51: =FQ51-FR51 -> 28 | FT51: =FR51*AC51 -> 208800 | FU51: =FR51/J51 -> 18 | FV51: 0 | FX51: 16 | FZ51: 16 | GA51: 14 | GB51: =FW51+FY51+GA51 -> 14 | GC51: =FU51+FW51+FY51+GA51 -> 32 | GD51: =W51*J51 -> 24 | GE51: =J51*7 -> 14 | GF51: =GD51-GE51 -> 10 | GG51: =GE51*AC51 -> 81200 | GH51: =GE51/J51 -> 7 | GI51: 4 | GK51: 4 | GL51: 1 | GM51: 4 | GN51: 4 | GO51: =GJ51+GL51+GN51 -> 5 | GP51: =GH51+GJ51+GL51+GN51 -> 12 | GQ51: =X51*J51 -> 372 | GR51: =J51*103 -> 206 | GS51: =GQ51-GR51 -> 166 | GT51: =GR51*AC51 -> 1194800 | GU51: =GR51/J51 -> 103 | GV51: 62 | GX51: 62 | GY51: 21 | GZ51: 62 | HA51: 62 | HB51: =GW51+GY51+HA51 -> 83 | HC51: =GU51+GW51+GY51+HA51 -> 186 | HD51: =Y51*J51 -> 372 | HE51: =J51*103 -> 206 | HF51: =HD51-HE51 -> 166 | HG51: =HE51*AC51 -> 1194800 | HH51: =HE51/J51 -> 103 | HI51: 62 | HK51: 62 | HL51: 21 | HM51: 62 | HN51: 62 | HO51: =HJ51+HL51+HN51 -> 83 | HP51: =HH51+HJ51+HL51+HN51 -> 186
B52: ='PLAN DE NECESIDADES'!B43 -> 27 | C52: ='PLAN DE NECESIDADES'!C43 -> 3532101 | D52: ='PLAN DE NECESIDADES'!D43 -> JABÓN PARA LAVAR ROPA: DE 300 GRAMOS, ESPECIFICACIONES SEGÚN NORMA TÉCNICA NO. NTMD-0356 A2 ÍTEM 3.1.1.13 | E52: ='PLAN DE NECESIDADES'!E43 -> UNIDAD | F52: ='PLAN DE NECESIDADES'!F43 -> 0 | G52: ='PLAN DE NECESIDADES'!H43 -> 47131811 | H52: ='PLAN DE NECESIDADES'!I43 -> 1298675 | I52: ='PLAN DE NECESIDADES'!J43 -> 7930-80-0011405 | J52: 1 | K52: 69 | L52: 217 | M52: 279 | N52: 217 | O52: 248 | P52: 248 | Q52: 279 | R52: 125 | S52: 62 | T52: 279 | U52: 186 | V52: 32 | W52: 12 | X52: 186 | Y52: 186 | Z52: =SUM(AD52,AQ52,BD52,BQ52,CD52,CQ52,DD52,DQ52,ED52,EQ52,FD52,FQ52,GD52,GQ52,HD52) -> 2656 | AA52: =SUM(AE52,AR52,BE52,BR52,CE52,CR52,DE52,DR52,EE52,ER52,FE52,FR52,GE52,GR52,HE52) -> 1447 | AB52: =SUM(AF52,AS52,BF52,BS52,CF52,CS52,DF52,DS52,EF52,ES52,FF52,FS52,GF52,GS52,HF52) -> 1209 | AC52: 3100 | AD52: =K52*J52 -> 69 | AE52: =J52*40 -> 40 | AF52: =AD52-AE52 -> 29 | AG52: =AC52*AE52 -> 124000 | AH52: =AE52/J52 -> 40 | AI52: 31 | AK52: 20 | AL52: 11 | AM52: 18 | AN52: 18 | AO52: =SUM(AN52,AL52) -> 29 | AP52: =AH52+AJ52+AL52+AN52 -> 69 | AQ52: =L52*J52 -> 217 | AR52: =J52*119 -> 119 | AS52: =AQ52-AR52 -> 98 | AT52: =AC52*AR52 -> 368900 | AU52: =AR52/J52 -> 119 | AV52: 93 | AX52: 62 | AY52: 36 | AZ52: 62 | BA52: 62 | BB52: =AW52+AY52+BA52 -> 98 | BC52: =AU52+AW52+AY52+BA52 -> 217 | BD52: =M52*J52 -> 279 | BE52: =J52*155 -> 155 | BF52: =BD52-BE52 -> 124 | BG52: =AC52*BE52 -> 480500 | BH52: =BE52/J52 -> 155 | BI52: 93 | BK52: 62 | BM52: 124 | BN52: 124 | BO52: =BJ52+BL52+BN52 -> 124 | BP52: =BH52+BJ52+BL52+BN52 -> 279 | BQ52: =N52*J52 -> 217 | BR52: =J52*119 -> 119 | BS52: =BQ52-BR52 -> 98 | BT52: =AC52*BR52 -> 368900 | BU52: =BR52/J52 -> 119 | BV52: 93 | BX52: 62 | BY52: 36 | BZ52: 62 | CA52: 62 | CB52: =BW52+BY52+CA52 -> 98 | CC52: =BU52+BW52+BY52+CA52 -> 217 | CD52: =M52*J52 -> 279 | CE52: =J52*139 -> 139 | CF52: =CD52-CE52 -> 140 | CG52: =CE52*AC52 -> 430900 | CH52: =CE52/J52 -> 139 | CI52: 62 | CK52: 62 | CM52: 124 | CN52: 109 | CO52: =CJ52+CL52+CN52 -> 109 | CP52: =CH52+CJ52+CL52+CN52 -> 248 | CQ52: =P52*J52 -> 248 | CR52: =J52*139 -> 139 | CS52: =CQ52-CR52 -> 109 | CT52: =AC52*CR52 -> 430900 | CU52: =CR52/J52 -> 139 | CV52: 93 | CX52: 93 | CY52: 47 | CZ52: 62 | DA52: 62 | DB52: =CW52+CY52+DA52 -> 109 | DC52: =CU52+CW52+CY52+DA52 -> 248 | DD52: =Q52*J52 -> 279 | DE52: =J52*155 -> 155 | DF52: =DD52-DE52 -> 124 | DG52: =DE52*AC52 -> 480500 | DH52: =DE52/J52 -> 155 | DI52: 93 | DK52: 124 | DL52: 62 | DM52: 62 | DN52: 62 | DO52: =DJ52+DL52+DN52 -> 124 | DP52: =DH52+DJ52+DL52+DN52 -> 279 | DQ52: =R52*J52 -> 125 | DR52: =J52*58 -> 58 | DS52: =DQ52-DR52 -> 67 | DT52: =DR52*AC52 -> 179800 | DU52: =DR52/J52 -> 58 | DV52: 0 | DX52: 62 | DY52: 4 | DZ52: 63 | EA52: 63 | EB52: =DW52+DY52+EA52 -> 67 | EC52: =DU52+DW52+DY52+EA52 -> 125 | ED52: =S52*J52 -> 62 | EE52: =J52*35 -> 35 | EF52: =ED52-EE52 -> 27 | EG52: =EE52*AC52 -> 108500 | EH52: =EE52/J52 -> 35 | EI52: 0 | EK52: 62 | EL52: =EK52-EH52 -> 27 | EM52: 0 | EO52: =EJ52+EL52+EN52 -> 27 | EP52: =EH52+EJ52+EL52+EN52 -> 62 | EQ52: =T52*J52 -> 279 | ER52: =J52*154 -> 154 | ES52: =EQ52-ER52 -> 125 | ET52: =ER52*AC52 -> 477400 | EU52: =ER52/J52 -> 154 | EV52: 93 | EX52: 93 | EY52: 32 | EZ52: 93 | FA52: 93 | FB52: =EW52+EY52+FA52 -> 125 | FC52: =EU52+EW52+EY52+FA52 -> 279 | FD52: =U52*J52 -> 186 | FE52: =J52*103 -> 103 | FF52: =FD52-FE52 -> 83 | FG52: =FE52*AC52 -> 319300 | FH52: =FE52/J52 -> 103 | FI52: 62 | FK52: 62 | FL52: 21 | FM52: 62 | FN52: 62 | FO52: =FJ52+FL52+FN52 -> 83 | FP52: =FH52+FJ52+FL52+FN52 -> 186 | FQ52: =V52*J52 -> 32 | FR52: =J52*18 -> 18 | FS52: =FQ52-FR52 -> 14 | FT52: =FR52*AC52 -> 55800 | FU52: =FR52/J52 -> 18 | FV52: 0 | FX52: 16 | FZ52: 16 | GA52: 14 | GB52: =FW52+FY52+GA52 -> 14 | GC52: =FU52+FW52+FY52+GA52 -> 32 | GD52: =W52*J52 -> 12 | GE52: =J52*7 -> 7 | GF52: =GD52-GE52 -> 5 | GG52: =GE52*AC52 -> 21700 | GH52: =GE52/J52 -> 7 | GI52: 4 | GK52: 4 | GL52: 1 | GM52: 4 | GN52: 4 | GO52: =GJ52+GL52+GN52 -> 5 | GP52: =GH52+GJ52+GL52+GN52 -> 12 | GQ52: =X52*J52 -> 186 | GR52: =J52*103 -> 103 | GS52: =GQ52-GR52 -> 83 | GT52: =GR52*AC52 -> 319300 | GU52: =GR52/J52 -> 103 | GV52: 62 | GX52: 62 | GY52: 21 | GZ52: 62 | HA52: 62 | HB52: =GW52+GY52+HA52 -> 83 | HC52: =GU52+GW52+GY52+HA52 -> 186 | HD52: =Y52*J52 -> 186 | HE52: =J52*103 -> 103 | HF52: =HD52-HE52 -> 83 | HG52: =HE52*AC52 -> 319300 | HH52: =HE52/J52 -> 103 | HI52: 62 | HK52: 62 | HL52: 21 | HM52: 62 | HN52: 62 | HO52: =HJ52+HL52+HN52 -> 83 | HP52: =HH52+HJ52+HL52+HN52 -> 186
B53: VALOR TOTAL NECESIDAD | AD53: =SUM(AG46:AG52) -> 2012600 | AQ53: =SUM(AT46:AT52) -> 6332900 | BD53: =SUM(BG46:BG52) -> 8143800 | BQ53: =SUM(BT46:BT52) -> 6332900 | CD53: =SUM(CG46:CG52) -> 7239800 | CQ53: =SUM(CT46:CT52) -> 7239800 | DD53: =SUM(DG46:DG52) -> 8144300 | DQ53: =SUM(DT46:DT52) -> 3646600 | ED53: =SUM(EG46:EG52) -> 1807000 | EQ53: =SUM(ET46:ET52) -> 8142800 | FD53: =SUM(FG46:FG52) -> 5429700 | FQ53: =SUM(FT46:FT52) -> 931700 | GD53: =SUM(GG46:GG52) -> 350100 | GQ53: =SUM(GT46:GT52) -> 5429700 | HD53: =SUM(HG46:HG52) -> 5428900
B54: PRESUPUESTO ASIGNADO | AD54: =SUMIFS(PRESUPUESTO!$G$105:$G$119,PRESUPUESTO!$E$105:$E$119,AD44) -> 2014359.2 | AQ54: =SUMIFS(PRESUPUESTO!$G$105:$G$119,PRESUPUESTO!$E$105:$E$119,AQ44) -> 6335013.8 | BD54: =SUMIFS(PRESUPUESTO!$G$105:$G$119,PRESUPUESTO!$E$105:$E$119,BD44) -> 8145017.8 | BQ54: =SUMIFS(PRESUPUESTO!$G$105:$G$119,PRESUPUESTO!$E$105:$E$119,BQ44) -> 6335013.8 | CD54: =SUMIFS(PRESUPUESTO!$G$105:$G$119,PRESUPUESTO!$E$105:$E$119,CD44) -> 7240015.8 | CQ54: =SUMIFS(PRESUPUESTO!$G$105:$G$119,PRESUPUESTO!$E$105:$E$119,CQ44) -> 7240015.8 | DD54: =SUMIFS(PRESUPUESTO!$G$105:$G$119,PRESUPUESTO!$E$105:$E$119,DD44) -> 8145017.8 | DQ54: =SUMIFS(PRESUPUESTO!$G$105:$G$119,PRESUPUESTO!$E$105:$E$119,DQ44) -> 3649201.5 | ED54: =SUMIFS(PRESUPUESTO!$G$105:$G$119,PRESUPUESTO!$E$105:$E$119,ED44) -> 1810004 | EQ54: =SUMIFS(PRESUPUESTO!$G$105:$G$119,PRESUPUESTO!$E$105:$E$119,EQ44) -> 8145017.8 | FD54: =SUMIFS(PRESUPUESTO!$G$105:$G$119,PRESUPUESTO!$E$105:$E$119,FD44) -> 5430011.9 | FQ54: =SUMIFS(PRESUPUESTO!$G$105:$G$119,PRESUPUESTO!$E$105:$E$119,FQ44) -> 934195.59 | GD54: =SUMIFS(PRESUPUESTO!$G$105:$G$119,PRESUPUESTO!$E$105:$E$119,GD44) -> 350323.35 | GQ54: =SUMIFS(PRESUPUESTO!$G$105:$G$119,PRESUPUESTO!$E$105:$E$119,GQ44) -> 5430011.9 | HD54: =SUMIFS(PRESUPUESTO!$G$105:$G$119,PRESUPUESTO!$E$105:$E$119,HD44) -> 5430011.9 | HH54: =SUM(AD54:HG54) -> 76633232
B55: SALDO | AD55: =AD54-AD53 -> 1759.2411 | AQ55: =AQ54-AQ53 -> 2113.8453 | BD55: =BD54-BD53 -> 1217.8011 | BQ55: =BQ54-BQ53 -> 2113.8453 | CD55: =CD54-CD53 -> 215.82324 | CQ55: =CQ54-CQ53 -> 215.82324 | DD55: =DD54-DD53 -> 717.80114 | DQ55: =DQ54-DQ53 -> 2601.5238 | ED55: =ED54-ED53 -> 3003.9558 | EQ55: =EQ54-EQ53 -> 2217.8011 | FD55: =FD54-FD53 -> 311.86743 | FQ55: =FQ54-FQ53 -> 2495.5901 | GD55: =GD54-GD53 -> 223.34629 | GQ55: =GQ54-GQ53 -> 311.86743 | HD55: =HD54-HD53 -> 1111.8674
B57: A-02-02-01-003-006 PRODUCTOS DE CAUCHO Y PLÁSTICO
B58: ='PLAN DE NECESIDADES'!B47 -> ÍTEM | C58: ='PLAN DE NECESIDADES'!C47 -> CÓDIGO DANE | D58: ='PLAN DE NECESIDADES'!D47 -> DESCRIPCIÓN DEL BIEN Y/O SERVICIO | E58: ='PLAN DE NECESIDADES'!E47 -> UNIDAD MEDIDA | F58: ='PLAN DE NECESIDADES'!F47 -> EXISTENCIAS (STOCK - INVENTARIOS) | G58: ='PLAN DE NECESIDADES'!H47 -> UNSPSC (CCE) | H58: ='PLAN DE NECESIDADES'!I47 -> CÓDIGO MATERIAL SAP | I58: ='PLAN DE NECESIDADES'!J47 -> CÓDIGO OTAN - NOC | J58: CANTIDAD POR ELEMENTO | K58: =AD58 -> BAABS3 | L58: =AQ58 -> BAACA10 | M58: =BD58 -> BAACA2 | N58: =BQ58 -> BAADA1 | O58: =CD58 -> BAEEV2 | P58: =CQ58 -> BAEEV3 | Q58: =DD58 -> BAMMA7 | R58: =DQ58 -> BASPC10 | S58: =ED58 -> BASAC | T58: =EQ58 -> BICAR | U58: =FD58 -> BIMOC70 | V58: =FQ58 -> BITER10 | W58: =GD58 -> DIM15 | X58: =GQ58 -> GMMAT | Y58: =HD58 -> GMRON | Z58: NECESIDAD TOTAL | AA58: MÍNIMAS | AB58: LIMITACIONES | AC58: PRECIO DE REFERENCIA | AD58: BAABS3 | AQ58: BAACA10 | BD58: BAACA2 | BQ58: BAADA1 | CD58: BAEEV2 | CQ58: BAEEV3 | DD58: BAMMA7 | DQ58: BASPC10 | ED58: BASAC | EQ58: BICAR | FD58: BIMOC70 | FQ58: BITER10 | GD58: DIM15 | GQ58: GMMAT | HD58: GMRON
AD59: NT | AE59: M | AF59: L | AG59: VT | AH59: CANTIDADES ADJUDICADAS | AI59: SEGUNDO CONTINGENTE | AJ59: DÉFICIT | AK59: TERCER CONTINGENTE | AL59: DÉFICIT | AM59: CUARTO CONTINGENTE | AN59: DÉFICIT | AO59: TOTAL | AQ59: NT | AR59: M | AS59: L | AT59: VT | AU59: CANTIDADES ADJUDICADAS | AV59: SEGUNDO CONTINGENTE | AW59: DÉFICIT | AX59: TERCER CONTINGENTE | AY59: DÉFICIT | AZ59: CUARTO CONTINGENTE | BA59: DÉFICIT | BB59: TOTAL | BD59: NT | BE59: M | BF59: L | BG59: VT | BH59: CANTIDADES ADJUDICADAS | BI59: SEGUNDO CONTINGENTE | BJ59: DÉFICIT | BK59: TERCER CONTINGENTE | BL59: DÉFICIT | BM59: CUARTO CONTINGENTE | BN59: DÉFICIT | BO59: TOTAL | BQ59: NT | BR59: M | BS59: L | BT59: VT | BU59: CANTIDADES ADJUDICADAS | BV59: SEGUNDO CONTINGENTE | BW59: DÉFICIT | BX59: TERCER CONTINGENTE | BY59: DÉFICIT | BZ59: CUARTO CONTINGENTE | CA59: DÉFICIT | CB59: TOTAL | CD59: NT | CE59: M | CF59: L | CG59: VT | CH59: CANTIDADES ADJUDICADAS | CI59: SEGUNDO CONTINGENTE | CJ59: DÉFICIT | CK59: TERCER CONTINGENTE | CL59: DÉFICIT | CM59: CUARTO CONTINGENTE | CN59: DÉFICIT | CO59: TOTAL | CQ59: NT | CR59: M | CS59: L | CT59: VT | CU59: CANTIDADES ADJUDICADAS | CV59: SEGUNDO CONTINGENTE | CW59: DÉFICIT | CX59: TERCER CONTINGENTE | CY59: DÉFICIT | CZ59: CUARTO CONTINGENTE | DA59: DÉFICIT | DB59: TOTAL | DD59: NT | DE59: M | DF59: L | DG59: VT | DH59: CANTIDADES ADJUDICADAS | DI59: SEGUNDO CONTINGENTE | DJ59: DÉFICIT | DK59: TERCER CONTINGENTE | DL59: DÉFICIT | DM59: CUARTO CONTINGENTE | DN59: DÉFICIT | DO59: TOTAL | DQ59: NT | DR59: M | DS59: L | DT59: VT | DU59: CANTIDADES ADJUDICADAS | DV59: SEGUNDO CONTINGENTE | DW59: DÉFICIT | DX59: TERCER CONTINGENTE | DY59: DÉFICIT | DZ59: CUARTO CONTINGENTE | EA59: DÉFICIT | EB59: TOTAL | ED59: NT | EE59: M | EF59: L | EG59: VT | EH59: CANTIDADES ADJUDICADAS | EI59: SEGUNDO CONTINGENTE | EJ59: DÉFICIT | EK59: TERCER CONTINGENTE | EL59: DÉFICIT | EM59: CUARTO CONTINGENTE | EN59: DÉFICIT | EO59: TOTAL | EQ59: NT | ER59: M | ES59: L | ET59: VT | EU59: CANTIDADES ADJUDICADAS | EV59: SEGUNDO CONTINGENTE | EW59: DÉFICIT | EX59: TERCER CONTINGENTE | EY59: DÉFICIT | EZ59: CUARTO CONTINGENTE | FA59: DÉFICIT | FB59: TOTAL | FD59: NT | FE59: M | FF59: L | FG59: VT | FH59: CANTIDADES ADJUDICADAS | FI59: SEGUNDO CONTINGENTE | FJ59: DÉFICIT | FK59: TERCER CONTINGENTE | FL59: DÉFICIT | FM59: CUARTO CONTINGENTE | FN59: DÉFICIT | FO59: TOTAL | FQ59: NT | FR59: M | FS59: L | FT59: VT | FU59: CANTIDADES ADJUDICADAS | FV59: SEGUNDO CONTINGENTE | FW59: DÉFICIT | FX59: TERCER CONTINGENTE | FY59: DÉFICIT | FZ59: CUARTO CONTINGENTE | GA59: DÉFICIT | GB59: TOTAL | GD59: NT | GE59: M | GF59: L | GG59: VT | GH59: CANTIDADES ADJUDICADAS | GI59: SEGUNDO CONTINGENTE | GJ59: DÉFICIT | GK59: TERCER CONTINGENTE | GL59: DÉFICIT | GM59: CUARTO CONTINGENTE | GN59: DÉFICIT | GO59: TOTAL | GQ59: NT | GR59: M | GS59: L | GT59: VT | GU59: CANTIDADES ADJUDICADAS | GV59: SEGUNDO CONTINGENTE | GW59: DÉFICIT | GX59: TERCER CONTINGENTE | GY59: DÉFICIT | GZ59: CUARTO CONTINGENTE | HA59: DÉFICIT | HB59: TOTAL | HD59: NT | HE59: M | HF59: L | HG59: VT | HH59: CANTIDADES ADJUDICADAS | HI59: SEGUNDO CONTINGENTE | HJ59: DÉFICIT | HK59: TERCER CONTINGENTE | HL59: DÉFICIT | HM59: CUARTO CONTINGENTE | HN59: DÉFICIT | HO59: TOTAL
B60: ='PLAN DE NECESIDADES'!B48 -> 28 | C60: ='PLAN DE NECESIDADES'!C48 -> 3699056 | D60: ='PLAN DE NECESIDADES'!D48 -> PROTECTORES AUDITIVOS: DEBEN SER PRES MOLDEADOS DE TIPO TAPÓN, SE DEBEN AJUSTAR AL CANAL AUDITIVO DE CASI TODAS LAS PERSONAS. DEBEN LLEVAR TRIPLE REBORDE CON DISEÑO DE FÁCIL INSERCIÓN: ESPECIFICACIONES SEGÚN NORMA TÉCNICA NO. NTMD-0356 A2 ÍTEM 3.1.1.1 | E60: ='PLAN DE NECESIDADES'!E48 -> UNIDAD | F60: ='PLAN DE NECESIDADES'!F48 -> 0 | G60: ='PLAN DE NECESIDADES'!H48 -> 46181902 | H60: ='PLAN DE NECESIDADES'!I48 -> 1447319 | I60: ='PLAN DE NECESIDADES'!J48 -> 6515-80-0011408 | J60: 1 | K60: 69 | L60: 217 | M60: 279 | N60: 217 | O60: 248 | P60: 248 | Q60: 279 | R60: 125 | S60: 62 | T60: 279 | U60: 186 | V60: 32 | W60: 12 | X60: 186 | Y60: 186 | Z60: =SUM(AD60,AQ60,BD60,BQ60,CD60,CQ60,DD60,DQ60,ED60,EQ60,FD60,FQ60,GD60,GQ60,HD60) -> 2656 | AA60: =SUM(AE60,AR60,BE60,BR60,CE60,CR60,DE60,DR60,EE60,ER60,FE60,FR60,GE60,GR60,HE60) -> 1805 | AB60: =SUM(AF60,AS60,BF60,BS60,CF60,CS60,DF60,DS60,EF60,ES60,FF60,FS60,GF60,GS60,HF60) -> 851 | AC60: 2500 | AD60: =K60*J60 -> 69 | AE60: =J60*47 -> 47 | AF60: =AD60-AE60 -> 22 | AG60: =AC60*AE60 -> 117500 | AH60: =AE60/J60 -> 47 | AI60: 31 | AK60: 20 | AL60: 4 | AM60: 18 | AN60: 18 | AO60: =AL60+AN60 -> 22 | AP60: =AH60+AJ60+AL60+AN60 -> 69 | AQ60: =L60*J60 -> 217 | AR60: =J60*149 -> 149 | AS60: =AQ60-AR60 -> 68 | AT60: =AC60*AR60 -> 372500 | AU60: =AR60/J60 -> 149 | AV60: 93 | AX60: 62 | AY60: 6 | AZ60: 62 | BA60: 62 | BB60: =AW60+AY60+BA60 -> 68 | BC60: =AU60+AW60+AY60+BA60 -> 217 | BD60: =M60*J60 -> 279 | BE60: =J60*192 -> 192 | BF60: =BD60-BE60 -> 87 | BG60: =AC60*BE60 -> 480000 | BH60: =BE60/J60 -> 192 | BI60: 93 | BK60: 62 | BM60: 124 | BN60: 87 | BO60: =BJ60+BL60+BN60 -> 87 | BP60: =BH60+BJ60+BL60+BN60 -> 279 | BQ60: =N60*J60 -> 217 | BR60: =J60*149 -> 149 | BS60: =BQ60-BR60 -> 68 | BT60: =AC60*BR60 -> 372500 | BU60: =BR60/J60 -> 149 | BV60: 93 | BX60: 62 | BY60: 6 | BZ60: 62 | CA60: 62 | CB60: =BW60+BY60+CA60 -> 68 | CC60: =BU60+BW60+BY60+CA60 -> 217 | CD60: =M60*J60 -> 279 | CE60: =J60*171 -> 171 | CF60: =CD60-CE60 -> 108 | CG60: =CE60*AC60 -> 427500 | CH60: =CE60/J60 -> 171 | CI60: 62 | CK60: 62 | CM60: 124 | CN60: 77 | CO60: =CJ60+CL60+CN60 -> 77 | CP60: =CH60+CJ60+CL60+CN60 -> 248 | CQ60: =P60*J60 -> 248 | CR60: =J60*171 -> 171 | CS60: =CQ60-CR60 -> 77 | CT60: =AC60*CR60 -> 427500 | CU60: =CR60/J60 -> 171 | CV60: 93 | CX60: 93 | CY60: 15 | CZ60: 62 | DA60: 62 | DB60: =CW60+CY60+DA60 -> 77 | DC60: =CU60+CW60+CY60+DA60 -> 248 | DD60: =Q60*J60 -> 279 | DE60: =J60*192 -> 192 | DF60: =DD60-DE60 -> 87 | DG60: =DE60*AC60 -> 480000 | DH60: =DE60/J60 -> 192 | DI60: 93 | DK60: 124 | DL60: 25 | DM60: 62 | DN60: 62 | DO60: =DJ60+DL60+DN60 -> 87 | DP60: =DH60+DJ60+DL60+DN60 -> 279 | DQ60: =R60*J60 -> 125 | DR60: =J60*86 -> 86 | DS60: =DQ60-DR60 -> 39 | DT60: =DR60*AC60 -> 215000 | DU60: =DR60/J60 -> 86 | DV60: 0 | DX60: 62 | DZ60: 63 | EA60: 39 | EB60: =DW60+DY60+EA60 -> 39 | EC60: =DU60+DW60+DY60+EA60 -> 125 | ED60: =S60*J60 -> 62 | EE60: =J60*42 -> 42 | EF60: =ED60-EE60 -> 20 | EG60: =EE60*AC60 -> 105000 | EH60: =EE60/J60 -> 42 | EI60: 0 | EK60: 62 | EL60: =EK60-EH60 -> 20 | EM60: 0 | EO60: =EJ60+EL60+EN60 -> 20 | EP60: =EH60+EJ60+EL60+EN60 -> 62 | EQ60: =T60*J60 -> 279 | ER60: =J60*192 -> 192 | ES60: =EQ60-ER60 -> 87 | ET60: =ER60*AC60 -> 480000 | EU60: =ER60/J60 -> 192 | EV60: 93 | EX60: 93 | EZ60: 93 | FA60: 87 | FB60: =EW60+EY60+FA60 -> 87 | FC60: =EU60+EW60+EY60+FA60 -> 279 | FD60: =U60*J60 -> 186 | FE60: =J60*128 -> 128 | FF60: =FD60-FE60 -> 58 | FG60: =FE60*AC60 -> 320000 | FH60: =FE60/J60 -> 128 | FI60: 62 | FK60: 62 | FM60: 62 | FN60: 58 | FO60: =FJ60+FL60+FN60 -> 58 | FP60: =FH60+FJ60+FL60+FN60 -> 186 | FQ60: =V60*J60 -> 32 | FR60: =J60*22 -> 22 | FS60: =FQ60-FR60 -> 10 | FT60: =FR60*AC60 -> 55000 | FU60: =FR60/J60 -> 22 | FV60: 0 | FX60: 16 | FZ60: 16 | GA60: 10 | GB60: =FW60+FY60+GA60 -> 10 | GC60: =FU60+FW60+FY60+GA60 -> 32 | GD60: =W60*J60 -> 12 | GE60: =J60*8 -> 8 | GF60: =GD60-GE60 -> 4 | GG60: =GE60*AC60 -> 20000 | GH60: =GE60/J60 -> 8 | GI60: 4 | GK60: 4 | GM60: 4 | GN60: 4 | GO60: =GJ60+GL60+GN60 -> 4 | GP60: =GH60+GJ60+GL60+GN60 -> 12 | GQ60: =X60*J60 -> 186 | GR60: =J60*128 -> 128 | GS60: =GQ60-GR60 -> 58 | GT60: =GR60*AC60 -> 320000 | GU60: =GR60/J60 -> 128 | GV60: 62 | GX60: 62 | GZ60: 62 | HA60: 58 | HB60: =GW60+GY60+HA60 -> 58 | HC60: =GU60+GW60+GY60+HA60 -> 186 | HD60: =Y60*J60 -> 186 | HE60: =J60*128 -> 128 | HF60: =HD60-HE60 -> 58 | HG60: =HE60*AC60 -> 320000 | HH60: =HE60/J60 -> 128 | HI60: 62 | HK60: 62 | HM60: 62 | HN60: 58 | HO60: =HJ60+HL60+HN60 -> 58 | HP60: =HH60+HJ60+HL60+HN60 -> 186
B61: ='PLAN DE NECESIDADES'!B49 -> 29 | C61: ='PLAN DE NECESIDADES'!C49 -> 3694006 | D61: ='PLAN DE NECESIDADES'!D49 -> JABONERA: PLÁSTICA CAPACIDAD JABÓN 130 GRAMOS ESPECIFICACIONES SEGÚN NORMA TÉCNICA NO. NTMD-0356 A2 ÍTEM 3.1.1.9 | E61: ='PLAN DE NECESIDADES'!E49 -> UNIDAD | F61: ='PLAN DE NECESIDADES'!F49 -> 0 | G61: ='PLAN DE NECESIDADES'!H49 -> 30181601 | H61: ='PLAN DE NECESIDADES'!I49 -> 1082381 | I61: ='PLAN DE NECESIDADES'!J49 -> 8530-80-0011402 | J61: 1 | K61: 69 | L61: 217 | M61: 279 | N61: 217 | O61: 248 | P61: 248 | Q61: 279 | R61: 125 | S61: 62 | T61: 279 | U61: 186 | V61: 32 | W61: 12 | X61: 186 | Y61: 186 | Z61: =SUM(AD61,AQ61,BD61,BQ61,CD61,CQ61,DD61,DQ61,ED61,EQ61,FD61,FQ61,GD61,GQ61,HD61) -> 2656 | AA61: =SUM(AE61,AR61,BE61,BR61,CE61,CR61,DE61,DR61,EE61,ER61,FE61,FR61,GE61,GR61,HE61) -> 1812 | AB61: =SUM(AF61,AS61,BF61,BS61,CF61,CS61,DF61,DS61,EF61,ES61,FF61,FS61,GF61,GS61,HF61) -> 844 | AC61: 1800 | AD61: =K61*J61 -> 69 | AE61: =J61*48 -> 48 | AF61: =AD61-AE61 -> 21 | AG61: =AC61*AE61 -> 86400 | AH61: =AE61/J61 -> 48 | AI61: 31 | AK61: 20 | AL61: 3 | AM61: 18 | AN61: 18 | AO61: =AL61+AN61 -> 21 | AP61: =AH61+AJ61+AL61+AN61 -> 69 | AQ61: =L61*J61 -> 217 | AR61: =J61*150 -> 150 | AS61: =AQ61-AR61 -> 67 | AT61: =AC61*AR61 -> 270000 | AU61: =AR61/J61 -> 150 | AV61: 93 | AX61: 62 | AY61: 5 | AZ61: 62 | BA61: 62 | BB61: =AW61+AY61+BA61 -> 67 | BC61: =AU61+AW61+AY61+BA61 -> 217 | BD61: =M61*J61 -> 279 | BE61: =J61*193 -> 193 | BF61: =BD61-BE61 -> 86 | BG61: =AC61*BE61 -> 347400 | BH61: =BE61/J61 -> 193 | BI61: 93 | BK61: 62 | BM61: 124 | BN61: 86 | BO61: =BJ61+BL61+BN61 -> 86 | BP61: =BH61+BJ61+BL61+BN61 -> 279 | BQ61: =N61*J61 -> 217 | BR61: =J61*150 -> 150 | BS61: =BQ61-BR61 -> 67 | BT61: =AC61*BR61 -> 270000 | BU61: =BR61/J61 -> 150 | BV61: 93 | BX61: 62 | BY61: 5 | BZ61: 62 | CA61: 62 | CB61: =BW61+BY61+CA61 -> 67 | CC61: =BU61+BW61+BY61+CA61 -> 217 | CD61: =M61*J61 -> 279 | CE61: =J61*171 -> 171 | CF61: =CD61-CE61 -> 108 | CG61: =CE61*AC61 -> 307800 | CH61: =CE61/J61 -> 171 | CI61: 62 | CK61: 62 | CM61: 124 | CN61: 77 | CO61: =CJ61+CL61+CN61 -> 77 | CP61: =CH61+CJ61+CL61+CN61 -> 248 | CQ61: =P61*J61 -> 248 | CR61: =J61*171 -> 171 | CS61: =CQ61-CR61 -> 77 | CT61: =AC61*CR61 -> 307800 | CU61: =CR61/J61 -> 171 | CV61: 93 | CX61: 93 | CY61: 15 | CZ61: 62 | DA61: 62 | DB61: =CW61+CY61+DA61 -> 77 | DC61: =CU61+CW61+CY61+DA61 -> 248 | DD61: =Q61*J61 -> 279 | DE61: =J61*193 -> 193 | DF61: =DD61-DE61 -> 86 | DG61: =DE61*AC61 -> 347400 | DH61: =DE61/J61 -> 193 | DI61: 93 | DK61: 124 | DL61: 24 | DM61: 62 | DN61: 62 | DO61: =DJ61+DL61+DN61 -> 86 | DP61: =DH61+DJ61+DL61+DN61 -> 279 | DQ61: =R61*J61 -> 125 | DR61: =J61*86 -> 86 | DS61: =DQ61-DR61 -> 39 | DT61: =DR61*AC61 -> 154800 | DU61: =DR61/J61 -> 86 | DV61: 0 | DX61: 62 | DZ61: 63 | EA61: 39 | EB61: =DW61+DY61+EA61 -> 39 | EC61: =DU61+DW61+DY61+EA61 -> 125 | ED61: =S61*J61 -> 62 | EE61: =J61*43 -> 43 | EF61: =ED61-EE61 -> 19 | EG61: =EE61*AC61 -> 77400 | EH61: =EE61/J61 -> 43 | EI61: 0 | EK61: 62 | EL61: =EK61-EH61 -> 19 | EM61: 0 | EO61: =EJ61+EL61+EN61 -> 19 | EP61: =EH61+EJ61+EL61+EN61 -> 62 | EQ61: =T61*J61 -> 279 | ER61: =J61*193 -> 193 | ES61: =EQ61-ER61 -> 86 | ET61: =ER61*AC61 -> 347400 | EU61: =ER61/J61 -> 193 | EV61: 93 | EX61: 93 | EZ61: 93 | FA61: 86 | FB61: =EW61+EY61+FA61 -> 86 | FC61: =EU61+EW61+EY61+FA61 -> 279 | FD61: =U61*J61 -> 186 | FE61: =J61*128 -> 128 | FF61: =FD61-FE61 -> 58 | FG61: =FE61*AC61 -> 230400 | FH61: =FE61/J61 -> 128 | FI61: 62 | FK61: 62 | FM61: 62 | FN61: 58 | FO61: =FJ61+FL61+FN61 -> 58 | FP61: =FH61+FJ61+FL61+FN61 -> 186 | FQ61: =V61*J61 -> 32 | FR61: =J61*22 -> 22 | FS61: =FQ61-FR61 -> 10 | FT61: =FR61*AC61 -> 39600 | FU61: =FR61/J61 -> 22 | FV61: 0 | FX61: 16 | FZ61: 16 | GA61: 10 | GB61: =FW61+FY61+GA61 -> 10 | GC61: =FU61+FW61+FY61+GA61 -> 32 | GD61: =W61*J61 -> 12 | GE61: =J61*8 -> 8 | GF61: =GD61-GE61 -> 4 | GG61: =GE61*AC61 -> 14400 | GH61: =GE61/J61 -> 8 | GI61: 4 | GK61: 4 | GM61: 4 | GN61: 4 | GO61: =GJ61+GL61+GN61 -> 4 | GP61: =GH61+GJ61+GL61+GN61 -> 12 | GQ61: =X61*J61 -> 186 | GR61: =J61*128 -> 128 | GS61: =GQ61-GR61 -> 58 | GT61: =GR61*AC61 -> 230400 | GU61: =GR61/J61 -> 128 | GV61: 62 | GX61: 62 | GZ61: 62 | HA61: 58 | HB61: =GW61+GY61+HA61 -> 58 | HC61: =GU61+GW61+GY61+HA61 -> 186 | HD61: =Y61*J61 -> 186 | HE61: =J61*128 -> 128 | HF61: =HD61-HE61 -> 58 | HG61: =HE61*AC61 -> 230400 | HH61: =HE61/J61 -> 128 | HI61: 62 | HK61: 62 | HM61: 62 | HN61: 58 | HO61: =HJ61+HL61+HN61 -> 58 | HP61: =HH61+HJ61+HL61+HN61 -> 186
B62: ='PLAN DE NECESIDADES'!B50 -> 30 | C62: ='PLAN DE NECESIDADES'!C50 -> 3649006 | D62: ='PLAN DE NECESIDADES'!D50 -> PORTA CEPILLO DE DIENTES: ELABORADO EN PLÁSTICO ESPECIFICACIONES SEGÚN NORMA TÉCNICA NO. NTMD-0356 A2 ÍTEM 3.1.1.11 | E62: ='PLAN DE NECESIDADES'!E50 -> UNIDAD | F62: ='PLAN DE NECESIDADES'!F50 -> 0 | G62: ='PLAN DE NECESIDADES'!H50 -> 53121800 | H62: ='PLAN DE NECESIDADES'!I50 -> 1330024 | I62: ='PLAN DE NECESIDADES'!J50 -> 4510-80-0011407 | J62: 1 | K62: 69 | L62: 217 | M62: 279 | N62: 217 | O62: 248 | P62: 248 | Q62: 279 | R62: 125 | S62: 62 | T62: 279 | U62: 186 | V62: 32 | W62: 12 | X62: 186 | Y62: 186 | Z62: =SUM(AD62,AQ62,BD62,BQ62,CD62,CQ62,DD62,DQ62,ED62,EQ62,FD62,FQ62,GD62,GQ62,HD62) -> 2656 | AA62: =SUM(AE62,AR62,BE62,BR62,CE62,CR62,DE62,DR62,EE62,ER62,FE62,FR62,GE62,GR62,HE62) -> 1807 | AB62: =SUM(AF62,AS62,BF62,BS62,CF62,CS62,DF62,DS62,EF62,ES62,FF62,FS62,GF62,GS62,HF62) -> 849 | AC62: 1600 | AD62: =K62*J62 -> 69 | AE62: =J62*47 -> 47 | AF62: =AD62-AE62 -> 22 | AG62: =AC62*AE62 -> 75200 | AH62: =AE62/J62 -> 47 | AI62: 31 | AK62: 20 | AL62: 4 | AM62: 18 | AN62: 18 | AO62: =AL62+AN62 -> 22 | AP62: =AH62+AJ62+AL62+AN62 -> 69 | AQ62: =L62*J62 -> 217 | AR62: =J62*150 -> 150 | AS62: =AQ62-AR62 -> 67 | AT62: =AC62*AR62 -> 240000 | AU62: =AR62/J62 -> 150 | AV62: 93 | AX62: 62 | AY62: 5 | AZ62: 62 | BA62: 62 | BB62: =AW62+AY62+BA62 -> 67 | BC62: =AU62+AW62+AY62+BA62 -> 217 | BD62: =M62*J62 -> 279 | BE62: =J62*192 -> 192 | BF62: =BD62-BE62 -> 87 | BG62: =AC62*BE62 -> 307200 | BH62: =BE62/J62 -> 192 | BI62: 93 | BK62: 62 | BM62: 124 | BN62: 87 | BO62: =BJ62+BL62+BN62 -> 87 | BP62: =BH62+BJ62+BL62+BN62 -> 279 | BQ62: =N62*J62 -> 217 | BR62: =J62*150 -> 150 | BS62: =BQ62-BR62 -> 67 | BT62: =AC62*BR62 -> 240000 | BU62: =BR62/J62 -> 150 | BV62: 93 | BX62: 62 | BY62: 5 | BZ62: 62 | CA62: 62 | CB62: =BW62+BY62+CA62 -> 67 | CC62: =BU62+BW62+BY62+CA62 -> 217 | CD62: =M62*J62 -> 279 | CE62: =J62*170 -> 170 | CF62: =CD62-CE62 -> 109 | CG62: =CE62*AC62 -> 272000 | CH62: =CE62/J62 -> 170 | CI62: 62 | CK62: 62 | CM62: 124 | CN62: 78 | CO62: =CJ62+CL62+CN62 -> 78 | CP62: =CH62+CJ62+CL62+CN62 -> 248 | CQ62: =P62*J62 -> 248 | CR62: =J62*170 -> 170 | CS62: =CQ62-CR62 -> 78 | CT62: =AC62*CR62 -> 272000 | CU62: =CR62/J62 -> 170 | CV62: 93 | CX62: 93 | CY62: 16 | CZ62: 62 | DA62: 62 | DB62: =CW62+CY62+DA62 -> 78 | DC62: =CU62+CW62+CY62+DA62 -> 248 | DD62: =Q62*J62 -> 279 | DE62: =J62*192 -> 192 | DF62: =DD62-DE62 -> 87 | DG62: =DE62*AC62 -> 307200 | DH62: =DE62/J62 -> 192 | DI62: 93 | DK62: 124 | DL62: 25 | DM62: 62 | DN62: 62 | DO62: =DJ62+DL62+DN62 -> 87 | DP62: =DH62+DJ62+DL62+DN62 -> 279 | DQ62: =R62*J62 -> 125 | DR62: =J62*86 -> 86 | DS62: =DQ62-DR62 -> 39 | DT62: =DR62*AC62 -> 137600 | DU62: =DR62/J62 -> 86 | DV62: 0 | DX62: 62 | DZ62: 63 | EA62: 39 | EB62: =DW62+DY62+EA62 -> 39 | EC62: =DU62+DW62+DY62+EA62 -> 125 | ED62: =S62*J62 -> 62 | EE62: =J62*43 -> 43 | EF62: =ED62-EE62 -> 19 | EG62: =EE62*AC62 -> 68800 | EH62: =EE62/J62 -> 43 | EI62: 0 | EK62: 62 | EL62: =EK62-EH62 -> 19 | EM62: 0 | EO62: =EJ62+EL62+EN62 -> 19 | EP62: =EH62+EJ62+EL62+EN62 -> 62 | EQ62: =T62*J62 -> 279 | ER62: =J62*192 -> 192 | ES62: =EQ62-ER62 -> 87 | ET62: =ER62*AC62 -> 307200 | EU62: =ER62/J62 -> 192 | EV62: 93 | EX62: 93 | EZ62: 93 | FA62: 87 | FB62: =EW62+EY62+FA62 -> 87 | FC62: =EU62+EW62+EY62+FA62 -> 279 | FD62: =U62*J62 -> 186 | FE62: =J62*128 -> 128 | FF62: =FD62-FE62 -> 58 | FG62: =FE62*AC62 -> 204800 | FH62: =FE62/J62 -> 128 | FI62: 62 | FK62: 62 | FM62: 62 | FN62: 58 | FO62: =FJ62+FL62+FN62 -> 58 | FP62: =FH62+FJ62+FL62+FN62 -> 186 | FQ62: =V62*J62 -> 32 | FR62: =J62*22 -> 22 | FS62: =FQ62-FR62 -> 10 | FT62: =FR62*AC62 -> 35200 | FU62: =FR62/J62 -> 22 | FV62: 0 | FX62: 16 | FZ62: 16 | GA62: 10 | GB62: =FW62+FY62+GA62 -> 10 | GC62: =FU62+FW62+FY62+GA62 -> 32 | GD62: =W62*J62 -> 12 | GE62: =J62*9 -> 9 | GF62: =GD62-GE62 -> 3 | GG62: =GE62*AC62 -> 14400 | GH62: =GE62/J62 -> 9 | GI62: 4 | GK62: 4 | GM62: 4 | GN62: 3 | GO62: =GJ62+GL62+GN62 -> 3 | GP62: =GH62+GJ62+GL62+GN62 -> 12 | GQ62: =X62*J62 -> 186 | GR62: =J62*128 -> 128 | GS62: =GQ62-GR62 -> 58 | GT62: =GR62*AC62 -> 204800 | GU62: =GR62/J62 -> 128 | GV62: 62 | GX62: 62 | GZ62: 62 | HA62: 58 | HB62: =GW62+GY62+HA62 -> 58 | HC62: =GU62+GW62+GY62+HA62 -> 186 | HD62: =Y62*J62 -> 186 | HE62: =J62*128 -> 128 | HF62: =HD62-HE62 -> 58 | HG62: =HE62*AC62 -> 204800 | HH62: =HE62/J62 -> 128 | HI62: 62 | HK62: 62 | HM62: 62 | HN62: 58 | HO62: =HJ62+HL62+HN62 -> 58 | HP62: =HH62+HJ62+HL62+HN62 -> 186
B63: VALOR TOTAL NECESIDAD | AD63: =SUM(AG60:AG62) -> 279100 | AQ63: =SUM(AT60:AT62) -> 882500 | AW63: =AU63-AV63 -> 0 | BD63: =SUM(BG60:BG62) -> 1134600 | BJ63: =BH63-BI63 -> 0 | BQ63: =SUM(BT60:BT62) -> 882500 | CD63: =SUM(CG60:CG62) -> 1007300 | CQ63: =SUM(CT60:CT62) -> 1007300 | CW63: =CU63-CV63 -> 0 | DD63: =SUM(DG60:DG62) -> 1134600 | DQ63: =SUM(DT60:DT62) -> 507400 | ED63: =SUM(EG60:EG62) -> 251200 | EQ63: =SUM(ET60:ET62) -> 1134600 | FD63: =SUM(FG60:FG62) -> 755200 | FQ63: =SUM(FT60:FT62) -> 129800 | GD63: =SUM(GG60:GG62) -> 48800 | GQ63: =SUM(GT60:GT62) -> 755200 | GY63: =GW63-GX63 -> 0 | HD63: =SUM(HG60:HG62) -> 755200 | HJ63: =HH63-HI63 -> 0
B64: PRESUPUESTO ASIGNADO | AD64: =SUMIFS(PRESUPUESTO!$G$123:$G$137,PRESUPUESTO!$E$123:$E$137,'MÍNIMAS (2)'!AD58) -> 280686.85 | AQ64: =SUMIFS(PRESUPUESTO!$G$123:$G$137,PRESUPUESTO!$E$123:$E$137,'MÍNIMAS (2)'!AQ58) -> 882739.8 | AW64: =AU64-AV64 -> 0 | BD64: =SUMIFS(PRESUPUESTO!$G$123:$G$137,PRESUPUESTO!$E$123:$E$137,'MÍNIMAS (2)'!BD58) -> 1134951.2 | BJ64: =BH64-BI64 -> 0 | BQ64: =SUMIFS(PRESUPUESTO!$G$123:$G$137,PRESUPUESTO!$E$123:$E$137,'MÍNIMAS (2)'!BQ58) -> 882739.8 | CD64: =SUMIFS(PRESUPUESTO!$G$123:$G$137,PRESUPUESTO!$E$123:$E$137,'MÍNIMAS (2)'!CD58) -> 1008845.5 | CQ64: =SUMIFS(PRESUPUESTO!$G$123:$G$137,PRESUPUESTO!$E$123:$E$137,'MÍNIMAS (2)'!CQ58) -> 1008845.5 | CW64: =CU64-CV64 -> 0 | DD64: =SUMIFS(PRESUPUESTO!$G$123:$G$137,PRESUPUESTO!$E$123:$E$137,'MÍNIMAS (2)'!DD58) -> 1134951.2 | DQ64: =SUMIFS(PRESUPUESTO!$G$123:$G$137,PRESUPUESTO!$E$123:$E$137,'MÍNIMAS (2)'!DQ58) -> 508490.67 | ED64: =SUMIFS(PRESUPUESTO!$G$123:$G$137,PRESUPUESTO!$E$123:$E$137,'MÍNIMAS (2)'!ED58) -> 252211.37 | EQ64: =SUMIFS(PRESUPUESTO!$G$123:$G$137,PRESUPUESTO!$E$123:$E$137,'MÍNIMAS (2)'!EQ58) -> 1134951.2 | FD64: =SUMIFS(PRESUPUESTO!$G$123:$G$137,PRESUPUESTO!$E$123:$E$137,'MÍNIMAS (2)'!FD58) -> 756634.11 | FQ64: =SUMIFS(PRESUPUESTO!$G$123:$G$137,PRESUPUESTO!$E$123:$E$137,'MÍNIMAS (2)'!FQ58) -> 130173.61 | GD64: =SUMIFS(PRESUPUESTO!$G$123:$G$137,PRESUPUESTO!$E$123:$E$137,'MÍNIMAS (2)'!GD58) -> 48815.104 | GQ64: =SUMIFS(PRESUPUESTO!$G$123:$G$137,PRESUPUESTO!$E$123:$E$137,'MÍNIMAS (2)'!GQ58) -> 756634.11 | GY64: =GW64-GX64 -> 0 | HD64: =SUMIFS(PRESUPUESTO!$G$123:$G$137,PRESUPUESTO!$E$123:$E$137,'MÍNIMAS (2)'!HD58) -> 756634.11 | HH64: =SUM(AD64:HG64) -> 10678304 | HJ64: =HH64-HI64 -> 10678304
B65: SALDO | AD65: =AD64-AD63 -> 1586.848 | AQ65: =AQ64-AQ63 -> 239.79733 | AW65: =AU65-AV65 -> 0 | BD65: =BD64-BD63 -> 351.168 | BJ65: =BH65-BI65 -> 0 | BQ65: =BQ64-BQ63 -> 239.79733 | CD65: =CD64-CD63 -> 1545.4827 | CQ65: =CQ64-CQ63 -> 1545.4827 | CW65: =CU65-CV65 -> 0 | DD65: =DD64-DD63 -> 351.168 | DQ65: =DQ64-DQ63 -> 1090.6667 | ED65: =ED64-ED63 -> 1011.3707 | EQ65: =EQ64-EQ63 -> 351.168 | FD65: =FD64-FD63 -> 1434.112 | FQ65: =FQ64-FQ63 -> 373.61067 | GD65: =GD64-GD63 -> 15.104 | GQ65: =GQ64-GQ63 -> 1434.112 | GY65: =GW65-GX65 -> 0 | HD65: =HD64-HD63 -> 1434.112 | HJ65: =HH65-HI65 -> 0
B67: A-02-02-01-003-008 OTROS BIENES TRANSPORTABLES N.C.P.
B68: ='PLAN DE NECESIDADES'!B54 -> ÍTEM | C68: ='PLAN DE NECESIDADES'!C54 -> CÓDIGO DANE | D68: ='PLAN DE NECESIDADES'!D54 -> DESCRIPCIÓN DEL BIEN Y/O SERVICIO | E68: ='PLAN DE NECESIDADES'!E54 -> UNIDAD MEDIDA | F68: ='PLAN DE NECESIDADES'!F54 -> EXISTENCIAS (STOCK - INVENTARIOS) | G68: ='PLAN DE NECESIDADES'!H54 -> UNSPSC (CCE) | H68: ='PLAN DE NECESIDADES'!I54 -> CÓDIGO MATERIAL SAP | I68: ='PLAN DE NECESIDADES'!J54 -> CÓDIGO OTAN - NOC | J68: CANTIDAD POR ELEMENTO | K68: =AD68 -> BAABS3 | L68: =AQ68 -> BAACA10 | M68: =BD68 -> BAACA2 | N68: =BQ68 -> BAADA1 | O68: =CD68 -> BAEEV2 | P68: =CQ68 -> BAEEV3 | Q68: =DD68 -> BAMMA7 | R68: =DQ68 -> BASPC10 | S68: =ED68 -> BASAC | T68: =EQ68 -> BICAR | U68: =FD68 -> BIMOC70 | V68: =FQ68 -> BITER10 | W68: =GD68 -> DIM15 | X68: =GQ68 -> GMMAT | Y68: =HD68 -> GMRON | Z68: NECESIDAD TOTAL | AA68: MÍNIMAS | AB68: LIMITACIONES | AC68: PRECIO DE REFERENCIA | AD68: BAABS3 | AQ68: BAACA10 | BD68: BAACA2 | BQ68: BAADA1 | CD68: BAEEV2 | CQ68: BAEEV3 | DD68: BAMMA7 | DQ68: BASPC10 | ED68: BASAC | EQ68: BICAR | FD68: BIMOC70 | FQ68: BITER10 | GD68: DIM15 | GQ68: GMMAT | HD68: GMRON
AD69: NT | AE69: M | AF69: L | AG69: VT | AH69: CANTIDADES ADJUDICADAS | AI69: SEGUNDO CONTINGENTE | AJ69: DÉFICIT | AK69: TERCER CONTINGENTE | AL69: DÉFICIT | AM69: CUARTO CONTINGENTE | AN69: DÉFICIT | AO69: TOTAL | AQ69: NT | AR69: M | AS69: L | AT69: VT | AU69: CANTIDADES ADJUDICADAS | AV69: SEGUNDO CONTINGENTE | AW69: DÉFICIT | AX69: TERCER CONTINGENTE | AY69: DÉFICIT | AZ69: CUARTO CONTINGENTE | BA69: DÉFICIT | BB69: TOTAL | BD69: NT | BE69: M | BF69: L | BG69: VT | BH69: CANTIDADES ADJUDICADAS | BI69: SEGUNDO CONTINGENTE | BJ69: DÉFICIT | BK69: TERCER CONTINGENTE | BL69: DÉFICIT | BM69: CUARTO CONTINGENTE | BN69: DÉFICIT | BO69: TOTAL | BQ69: NT | BR69: M | BS69: L | BT69: VT | BU69: CANTIDADES ADJUDICADAS | BV69: SEGUNDO CONTINGENTE | BW69: DÉFICIT | BX69: TERCER CONTINGENTE | BY69: DÉFICIT | BZ69: CUARTO CONTINGENTE | CA69: DÉFICIT | CB69: TOTAL | CD69: NT | CE69: M | CF69: L | CG69: VT | CH69: CANTIDADES ADJUDICADAS | CI69: SEGUNDO CONTINGENTE | CJ69: DÉFICIT | CK69: TERCER CONTINGENTE | CL69: DÉFICIT | CM69: CUARTO CONTINGENTE | CN69: DÉFICIT | CO69: TOTAL | CQ69: NT | CR69: M | CS69: L | CT69: VT | CU69: CANTIDADES ADJUDICADAS | CV69: SEGUNDO CONTINGENTE | CW69: DÉFICIT | CX69: TERCER CONTINGENTE | CY69: DÉFICIT | CZ69: CUARTO CONTINGENTE | DA69: DÉFICIT | DB69: TOTAL | DD69: NT | DE69: M | DF69: L | DG69: VT | DH69: CANTIDADES ADJUDICADAS | DI69: SEGUNDO CONTINGENTE | DJ69: DÉFICIT | DK69: TERCER CONTINGENTE | DL69: DÉFICIT | DM69: CUARTO CONTINGENTE | DN69: DÉFICIT | DO69: TOTAL | DQ69: NT | DR69: M | DS69: L | DT69: VT | DU69: CANTIDADES ADJUDICADAS | DV69: SEGUNDO CONTINGENTE | DW69: DÉFICIT | DX69: TERCER CONTINGENTE | DY69: DÉFICIT | DZ69: CUARTO CONTINGENTE | EA69: DÉFICIT | EB69: TOTAL | ED69: NT | EE69: M | EF69: L | EG69: VT | EH69: CANTIDADES ADJUDICADAS | EI69: SEGUNDO CONTINGENTE | EJ69: DÉFICIT | EK69: TERCER CONTINGENTE | EL69: DÉFICIT | EM69: CUARTO CONTINGENTE | EN69: DÉFICIT | EO69: TOTAL | EQ69: NT | ER69: M | ES69: L | ET69: VT | EU69: CANTIDADES ADJUDICADAS | EV69: SEGUNDO CONTINGENTE | EW69: DÉFICIT | EX69: TERCER CONTINGENTE | EY69: DÉFICIT | EZ69: CUARTO CONTINGENTE | FA69: DÉFICIT | FB69: TOTAL | FD69: NT | FE69: M | FF69: L | FG69: VT | FH69: CANTIDADES ADJUDICADAS | FI69: SEGUNDO CONTINGENTE | FJ69: DÉFICIT | FK69: TERCER CONTINGENTE | FL69: DÉFICIT | FM69: CUARTO CONTINGENTE | FN69: DÉFICIT | FO69: TOTAL | FQ69: NT | FR69: M | FS69: L | FT69: VT | FU69: CANTIDADES ADJUDICADAS | FV69: SEGUNDO CONTINGENTE | FW69: DÉFICIT | FX69: TERCER CONTINGENTE | FY69: DÉFICIT | FZ69: CUARTO CONTINGENTE | GA69: DÉFICIT | GB69: TOTAL | GD69: NT | GE69: M | GF69: L | GG69: VT | GH69: CANTIDADES ADJUDICADAS | GI69: SEGUNDO CONTINGENTE | GJ69: DÉFICIT | GK69: TERCER CONTINGENTE | GL69: DÉFICIT | GM69: CUARTO CONTINGENTE | GN69: DÉFICIT | GO69: TOTAL | GQ69: NT | GR69: M | GS69: L | GT69: VT | GU69: CANTIDADES ADJUDICADAS | GV69: SEGUNDO CONTINGENTE | GW69: DÉFICIT | GX69: TERCER CONTINGENTE | GY69: DÉFICIT | GZ69: CUARTO CONTINGENTE | HA69: DÉFICIT | HB69: TOTAL | HD69: NT | HE69: M | HF69: L | HG69: VT | HH69: CANTIDADES ADJUDICADAS | HI69: SEGUNDO CONTINGENTE | HJ69: DÉFICIT | HK69: TERCER CONTINGENTE | HL69: DÉFICIT | HM69: CUARTO CONTINGENTE | HN69: DÉFICIT | HO69: TOTAL
